Workbook

Sheet NOVO
B3: Novidades da Versão
A6: V3.00
B7: GERAL
C8: =IF(D8<>"","▪","") -> ▪ | D8: Lançamento: Adequação à Portaria 424/2016. Acompanhamento por Eventos.
C9: =IF(D9<>"","▪","")
A10: V3.01
B11: GERAL
C12: =IF(D12<>"","▪","") -> ▪ | D12: Ajustes de formatações.
B13: PO
C14: =IF(D14<>"","▪","") -> ▪ | D14: Correção da aplicação do BDI não desonerado.
C15: =IF(D15<>"","▪","") -> ▪ | D15: Inclusão de coluna exclusiva "Preço Unitário Edital", para o Modo 'Orçamento Licitado'.
A17: V3.02
B18: GERAL
C19: =IF(D19<>"","▪","") -> ▪ | D19: Ajustes de formatações.
C20: =IF(D20<>"","▪","") -> ▪ | D20: Correção do Problema de Guias ocultas no BROFFICE.
B21: ORÇAMENTO
C22: =IF(D22<>"","▪","") -> ▪ | D22: Ampliada obtenção de dados da Planilha Referência de 20.000 para 65.536 linhas.
B23: CRONOGRAMA
C24: =IF(D24<>"","▪","") -> ▪ | D24: Correção na formulação do total acumulado por Repasse, CP e Outros
B25: QCI
C26: =IF(D26<>"","▪","") -> ▪ | D26: Correção na formulação do arredondamento no rateio dos valores do QCI.
B27: RRE
C28: =IF(D28<>"","▪","") -> ▪ | D28: Correção na formulação do total por Repasse, CP e Outros.
A30: V3.03
B31: GERAL
C32: =IF(D32<>"","▪","") -> ▪ | D32: Correção do Problema de Guias ocultas no BROFFICE.
B33: CÁLCULO
C34: =IF(D34<>"","▪","") -> ▪ | D34: Corrigida lentidão e travamento ao incluir e excluir frentes.
A37: V3.04
B38: BDI
C39: =IF(D39<>"","▪","") -> ▪ | D39: Correção da CPRB que exibia 4,5% mesmo quando não desonerado.
B40: CRONOGRAMA
C41: =IF(D41<>"","▪","") -> ▪ | D41: Correção da distribuição de Repasse, CP e Outros para as metas manuais.
B42: QCI
C43: =IF(D43<>"","▪","") -> ▪ | D43: Adicionado botão para adotar a CP do QCI como CP do contrato (zera saldo a reprogramar de CP).
A45: V3.05
B46: GERAL
C47: =IF(D47<>"","▪","") -> ▪ | D47: Corrigido modo de Cálculo da Planilha para Automático.
A49: V3.06
B50: GERAL
C51: =IF(D51<>"","▪","") -> ▪ | D51: Adicionado modo de arredondamento para compatibilidade com o TransfereGOV, altera na aba DADOS
C52: =IF(D52<>"","▪","") -> ▪ | D52: A planilha passará a ser disponibilizada com o formato .xlsm. Deve ser usado arquivo referência 1.9 ou superior, também no formato .xlsm
A54: V3.07
B55: GERAL
C56: =IF(D56<>"","▪","") -> ▪ | D56: Alterada a posição da aba NOVO para antes da aba MENU.
C57: =IF(D57<>"","▪","") -> ▪ | D57: Alterada a posição da aba CÁLCULO para depois da aba EVENTOS. Pois, no caso de acompanhamento por PLE, a lista supensa na coluna "Nº Agrupador de Eventos" na aba CÁLCULO depende do preenchimento prévio da aba EVENTOS.
C58: =IF(D58<>"","▪","") -> ▪ | D58: Alterada a posição da aba CRONO para depois da aba CRONOPLE. Pois, no caso de acompanhamento por PLE, a aba CRONO tem o preenchimento automático a partir da aba CRONOPLE.
C59: =IF(D59<>"","▪","") -> ▪ | D59: Alterada a posição da aba PLE para depois da aba QCI. Com a finalidade de deixar agrupadas todas as abas de acompanhamento (PLE, BM, RRE, OFÍCIO).
C60: =IF(D60<>"","▪","") -> ▪ | D60: Acrescentados botões de navegação (cor azul claro) em várias abas. Em relação a esses botões, também foram ajustados os links, nomes e formatação.
C61: =IF(D61<>"","▪","") -> ▪ | D61: Criada macro para exibir apenas as abas pertinentes (exemplo: caso o acompanhamento seja por PLE, a aba BM fica oculta).
C62: =IF(D62<>"","▪","") -> ▪ | D62: Ajuste na macro para correção automática do Nº AGRUPADOR DE EVENTOS na aba CÁLCULO, quando se ADCIONAR ou EXCLUIR LINHAS na aba EVENTOS.
B63: MENU
C64: =IF(D64<>"","▪","") -> ▪ | D64: Acrescentado o botão "IMPORTAR DE OUTROS MODELOS CAIXA": PO (MO27476); PLE (MO27477); e QCI (MO41211).
C65: =IF(D65<>"","▪","") -> ▪ | D65: Acrescentado o botão de seleção "Importar Fórmulas para o Custo Unitário (aba ORÇAMENTO)".
D66: Caso selecionada, será importada a fórmula (se houver) do custo unitário; Caso desmarcada, será importado somente o valor.
C67: =IF(D67<>"","▪","") -> ▪ | D67: Acrescentado o botão de seleção "Importar Fórmulas para as Quantidades da PLQ (aba CÁLCULO)".
D68: Caso selecionada, será importada a fórmula (se houver) do quantitativo; Caso desmarcada, será importado somente o valor.
C69: =IF(D69<>"","▪","") -> ▪ | D69: Atualizada a macro de Importação para incluir a importar da coluna "Nº Agrupador de Eventos" da aba CÁLCULO.
C70: =IF(D70<>"","▪","") -> ▪ | D70: Atualizada a macro de Imprimir Documentos (para englobar as abas EVENTOS e CRONOPLE).
B71: BDI
C72: =IF(D72<>"","▪","") -> ▪ | D72: Ajuste automático do valor da CPRB em função da data base do orçamento (para atendimento do Art. 9-A da Lei 12.546 de 14/12/2011).
B73: EVENTOS
C74: =IF(D74<>"","▪","") -> ▪ | D74: Acrescentados os dados de identificação do Contrato de Repasse.
C75: =IF(D75<>"","▪","") -> ▪ | D75: Acrescentadas as colunas dos totais dos Eventos por Frentes de Obra.
C76: =IF(D76<>"","▪","") -> ▪ | D76: Acrescentados os dados de Local, Data e Responsável Técnico.
C77: =IF(D77<>"","▪","") -> ▪ | D77: Acrescentado FILTRO para exibir apenas as linhas preenchidas.
B78: CRONOPLE
C79: =IF(D79<>"","▪","") -> ▪ | D79: Acrescentados os dados de identificação do Contrato de Repasse.
C80: =IF(D80<>"","▪","") -> ▪ | D80: Acrescentado o quadro "Cronograma" com percentual e valor da parcela e percentual e valor acumulado.
C81: =IF(D81<>"","▪","") -> ▪ | D81: Acrescentados os dados de Local, Data e Responsável Técnico.
C82: =IF(D82<>"","▪","") -> ▪ | D82: Acrescentado FILTRO para exibir apenas as linhas preenchidas.
B83: RRE
C84: =IF(D84<>"","▪","") -> ▪ | D84: Correção na fórmula da data, para replicar a “Data de fechamento do RRE” na aba DADOS.
B85: OFÍCIO
C86: =IF(D86<>"","▪","") -> ▪ | D86: Exclusão do quadro "Resumo de Valores por CTEF".
A88: V3.08
B89: GERAL
C90: =IF(D90<>"","▪","") -> ▪ | D90: Incluídos alertas de erro de preenchimento em todas as abas.
B91: MENU
C92: =IF(D92<>"","▪","") -> ▪ | D92: Incluído botão de macro para gerar arquivo (em xlsx) para upload da PO e CFF no TransfereGOV.
C93: =IF(D93<>"","▪","") -> ▪ | D93: Ajustada a macro "Importar de outra Planilha Múltipla" para importar o Cronograma da aba CRONO. Também foram incluídas as importações dos campos: Data do preenchimento (DADOS), Data de fechamento do RRE (DADOS); nº da 1ª Parcela do Cronograma (CRONO), mês da 1ª Parcela do Cronograma (CRONO), nº da Medição (BM) e nº da Medição (PLE).
C94: =IF(D94<>"","▪","") -> ▪ | D94: Incluída a informação do progresso na macro "Importar de outra Planilha Múltipla", por meio de uma barra de progresso (janela que será exibida na tela) e da indicação das etapas de importação na barra de status do Excel (canto inferior esquerdo da janela do Excel).
B95: BDI
C96: =IF(D96<>"","▪","") -> ▪ | D96: Incluídos botões de navegação para os formulários de BDI (BDI 1, BDI 2, BDI 3).
B97: ORÇAMENTO
C98: =IF(D98<>"","▪","") -> ▪ | D98: Incluído botão de macro para padronizar as siglas de unidades, conforme lista de siglas válidas no TransfereGOV.
B99: EVENTOS
C100: =IF(D100<>"","▪","") -> ▪ | D100: O Título de Evento "Administração Local" com preenchimento automático proporcional agora é exibido apenas no modo Arredondamento de Frentes "Tradicional" e para a opção Agrupadores de Eventos "Definir Manualmente".
C101: =IF(D101<>"","▪","") -> ▪ | D101: Não é mais possível deixar Eventos em branco (sem nome ou sem valor).
B102: CÁLCULO
C103: =IF(D103<>"","▪","") -> ▪ | D103: Não é mais possível deixar Frentes de Obra em branco (sem nome ou sem quantidades).
B104: CRONOPLE
C105: =IF(D105<>"","▪","") -> ▪ | D105: Incluído campo para selecionar o Título do Evento referente à Administração Local (acompanhamento por PLE).
C106: =IF(D106<>"","▪","") -> ▪ | D106: Incluída linha com o percentual acumulado da Administração Local em cada período.
B107: CRONO
C108: =IF(D108<>"","▪","") -> ▪ | D108: Ajustada a fórmula do % acumulado a partir da parcela 13 (para manter o padrão da fórmula das parcelas 1 a 12).
C109: =IF(D109<>"","▪","") -> ▪ | D109: Incluído campo para selecionar o Macrosserviço referente à Administração Local (acompanhamento por BM).
C110: =IF(D110<>"","▪","") -> ▪ | D110: Incluída linha com o percentual acumulado da Administração Local em cada parcela.
B111: RRE
C112: =IF(D112<>"","▪","") -> ▪ | D112: Corrigida a fórmula do % no quadro "Percentual previsto em:". Que estava limitada a buscar o % previsto até a parcela 12.
...

Sheet MENU
J1: PM | K1: TRUE
E2: =CHOOSE(MATCH(Objeto,{"PM","PO"}),"PLANILHA MÚLTIPLA ","PLANILHA ORÇAMENTÁRIA ")& Versao -> PLANILHA MÚLTIPLA v3.16 | J2: v3.16 | K2: TRUE
O3: 2
J4: =IF(VALUE(MENU!$O$4)=2,"BM","PLE") -> PLE | O4: 1
J5: Proposto
E6: DADOS DO CONTRATO | G6: NOVIDADES DA VERSÃO | J6: Licitado
J7: PLE
B8: =IF($O$3<>2,"DOCUMENTAÇÃO DA PROPOSTA","PROPOSTA: Para visualizar/preencher esta seção, altere o TIPO DE ORÇAMENTO para 'Proposto'") -> PROPOSTA: Para visualizar/preencher esta seção, altere o TIPO DE ORÇAMENTO para 'Proposto' | J8: BM | L8: LEGENDA:
L9: Cores das células:
C10: {=IF(TIPOORCAMENTO<>"Proposto",""," BDI ")} | E10: {=IF(TIPOORCAMENTO<>"Proposto",""," ORÇAMENTO ")} | G10: {=IF(TIPOORCAMENTO<>"Proposto","","MEMÓRIA DE CÁLCULO / PLQ")} | N10: Fundo amarelo: células para preencher
C12: {=IF(TIPOORCAMENTO<>"Proposto",""," QCI ")} | E12: {=IF(TIPOORCAMENTO<>"Proposto","","CRONOGRAMA FÍSICO-FINANCEIRO")} | N12: Fundo azul: células para seleção de opções
C14: {=IF(TIPOORCAMENTO<>"Proposto","","Obs: Composições e Cotações devem ser preenchidas diretamente no arquivo Referência "&IF(ISBLANK(Import.DataBase),"mm-aaaa",TEXT(Import.DataBase,"mm-aaaa"))&".xlsm.")}
L15: Cores dos botões:
B16: =IF($O$3<>2,"PÓS-LICITADO: Para visualizar/preencher esta seção, altere o TIPO DE ORÇAMENTO para 'Licitado'","RESULTADO DO PROCESSO LICITATÓRIO") -> RESULTADO DO PROCESSO LICITATÓRIO | N16: Fundo azul claro: navegação entre abas
C18: {=IF(TIPOORCAMENTO<>"Licitado",""," ORÇAMENTO ")} -> ORÇAMENTO | E18: {=IF(TIPOORCAMENTO<>"Licitado",""," QCI ")} -> QCI | G18: {=IF(TIPOORCAMENTO<>"Licitado","","CRONOGRAMA FÍSICO-FINANCEIRO")} -> CRONOGRAMA FÍSICO-FINANCEIRO | N18: Fundo laranja: execução de macro
B20: =IF($O$3<>2,"ACOMPANHAMENTO: Para visualizar/preencher esta seção, altere o TIPO DE ORÇAMENTO para 'Licitado'","ACOMPANHAMENTO DO EMPREENDIMENTO") -> ACOMPANHAMENTO DO EMPREENDIMENTO
C22: {=IF(OR(TIPOORCAMENTO<>"Licitado",ACOMPANHAMENTO<>"PLE"),"","PLAN. DE LEVANT. DE EVENTOS - PLE")} -> PLAN. DE LEVANT. DE EVENTOS - PLE | E22: {=IF(TIPOORCAMENTO<>"Licitado",""," RRE ")} -> RRE | G22: {=IF(OR(TIPOORCAMENTO<>"Licitado",ACOMPANHAMENTO<>"BM"),""," BOLETIM DE MEDIÇÃO - BM ")}
E24: {=IF(TIPOORCAMENTO<>"Licitado","","OF. DE SOLICITAÇÃO DE DESBLOQUEIO")} -> OF. DE SOLICITAÇÃO DE DESBLOQUEIO

Sheet DADOS
B1: A. DOCUMENTAÇÃO DA PROPOSTA | D1: =IF(D3<>"","Falta preencher os Dados do Contrato",IF(D15<>"","Falta preencher os Dados do Empreendimento",IF(D21<>"","Falta preencher os Dados do Responsável pelo Orçamento",IF(D27<>"","Falta preencher os Dados do Responsável pelo Tomador",IF(D31<>"","Falta definir o método de arredondamento das frentes de obra",IF(D35<>"","Falta preencher os Dados da Licitação",IF(D46<>"","Falta preencher os Dados da Obra",IF(D50<>"","Falta preencher os Dados do Responsável pela Fiscalização","")))))))) -> Falta preencher os Dados do Contrato | G1: Fonte de recursos: | H1: Regime previdenciário | I1: Regime de Execução | J1: Arredondamento | N1: Sub-Itens de Investimento | AV1: Unidades válidas no Tgov
G2: (SELECIONAR) | H2: (SELECIONAR) | I2: (SELECIONAR) | J2: Tradicional | L2: Itens de Investimento | M2: Unidades habitacionais | N2: =COUNTA(M:M)-1 -> 3 | O2: Equipamentos comunitários | P2: =COUNTA(O:O)-1 -> 6 | Q2: Pavimentação | R2: =COUNTA(Q:Q)-1 -> 6 | S2: Drenagem | T2: =COUNTA(S:S)-1 -> 6 | U2: Abastecimento de água | V2: =COUNTA(U:U)-1 -> 11 | W2: Esgotamento sanitário | X2: =COUNTA(W:W)-1 -> 8 | Y2: Energia elétrica e iluminação pública | Z2: =COUNTA(Y:Y)-1 -> 4 | AA2: Coleta e tratamento de resíduos sólidos | AB2: =COUNTA(AA:AA)-1 -> 6 | AC2: Contenção e estabilização de encostas | AD2: =COUNTA(AC:AC)-1 -> 2 | AE2: Regularização fundiária | AF2: =COUNTA(AE:AE)-1 -> 2 | AG2: Aquisição de terreno | AH2: =COUNTA(AG:AG)-1 -> 2 | AI2: Aquisição de equipamentos e insumos | AJ2: =COUNTA(AI:AI)-1 -> 1 | AK2: Elaboração de estudos e projetos | AL2: =COUNTA(AK:AK)-1 -> 1 | AM2: Instrumentos e ações em planejamento e gestão pública | AN2: =COUNTA(AM:AM)-1 -> 1 | AO2: Ações complementares às obras | AP2: =COUNTA(AO:AO)-1 -> 3 | AQ2: Gerenciamento | AR2: =COUNTA(AQ:AQ)-1 -> 1 | AS2: Trabalho social | AT2: =COUNTA(AS:AS)-1 -> 4 | AV2: Sigla | AW2: Descrição
B3: Dados do Contrato (Inicial) | D3: =IF(COUNTIF(D4:D13,"◄")=0,"","Falta preencher a linha "&MATCH("◄",D4:D13,0)+ROW(D3)) -> Falta preencher a linha 4 | G3: OGU | H3: NÃO SE APLICA | I3: INDEFINIDO / NÃO SE APLICA | J3: TransfereGOV | L3: Unidades habitacionais | M3: Aquisição | N3: un | O3: Convivência comunitária, assistência social e/ou comunitária | P3: m² | Q3: Capeamento de vias | R3: m² | S3: Obras de microdrenagem | T3: m | U3: Captação subterrânea | V3: m³/s | W3: Ligações domiciliares e/ou intradomiciliares | X3: un | Y3: Iluminação pública - luminárias | Z3: un | AA3: Acondicionamento | AB3: un | AC3: Estabilização de taludes | AD3: m² | AE3: Desapropriacões/Indenizações | AF3: m² | AG3: Aquisição de terreno | AH3: m² | AI3: Aquisição de equipamentos e insumos | AJ3: un | AK3: Elaboração de estudos e projetos | AL3: un | AM3: Instrumentos e ações em planejamento e gestão pública | AN3: un | AO3: Avaliação pós intervenção | AP3: un | AQ3: Gerenciamento | AR3: %CT | AS3: Projeto de Trabalho Social Preliminar | AT3: nº fam | AV3: %CT | AW3: %CT
B4: Fonte de recursos: | C4: (SELECIONAR) | D4: =IF(OR(OFFSET(D4,0,-1)="",OFFSET(D4,0,-1)="(SELECIONAR)"),"◄","") -> ◄ | G4: FGTS | H4: DESONERADO | I4: EMPREITADA POR PREÇO GLOBAL | L4: Equipamentos comunitários | M4: Construção | N4: un | O4: Educação e cultura | P4: m² | Q4: Recapeamento de vias | R4: m² | S4: Desassoreamento de cursos de água | T4: m | U4: Captação superficial | V4: m³/s | W4: Rede coletora e/ou condominial | X4: m | Y4: Ligações domiciliares | Z4: un | AA4: Aterro sanitário e/ou disposição final | AB4: m³ | AC4: Obras complementares a ações de redução de risco e/ou contenções | AD4: m² | AE4: Projeto de Regularização Fundiária | AF4: m² | AG4: Benfeitorias | AH4: m² | AO4: Demolições | AP4: un | AS4: Projeto de Trabalho Social | AT4: nº fam | AV4: °C | AW4: GRAU CELSIUS
B5: Proponente/Tomador: | C5: MUNICÍPIO DE BENTO GONÇALVES | D5: =IF(OFFSET(D5,0,-1)="","◄","") | H5: NÃO DESONERADO | I5: EMPREITADA POR PREÇO UNITÁRIO | L5: Pavimentação | M5: Reforma e/ou melhoria | N5: un | O5: Esportes | P5: m² | Q5: Obras de artes especiais | R5: m | S5: Canalização de cursos de água | T5: m | U5: Estação de bombeamento de água bruta | V5: m³/s | W5: Coletor tronco e/ou interceptores | X5: m | Y5: Linhas de distribuição - baixa tensão | Z5: m | AA5: Erradicação de lixões | AB5: m³ | AO5: Plano de Reassentamento e medidas compensatórias | AP5: un | AS5: Plano de Desenvolvimento Socioterritorial | AT5: nº fam | AV5: °F | AW5: GRAU FAHRENHEIT
B6: Município/UF: | C6: BENTO GONÇALVES/RS | D6: =IF(OFFSET(D6,0,-1)="","◄","") | I6: EMPREITADA INTEGRAL | L6: Drenagem | O6: Lazer e turismo | P6: m² | Q6: Pavimentação de calçadas | R6: m² | S6: Recomposição de vegetação ciliar, renaturalização de cursos de água ou restauração de margens | T6: m² | U6: Adução | V6: m | W6: Emissário | X6: m | Y6: Linhas de transmissão - alta tensão | Z6: m | AA6: Sistema de coleta seletiva tradicional, transporte e/ou equipamentos | AB6: un | AS6: Plano de Gestão Condominial | AT6: nº fam | AV6: 100M | AW6: 100 METROS
B7: Nº da Operação (0000000-00): | D7: =IF(OFFSET(D7,0,-1)="","◄","") -> ◄ | I7: TAREFA | L7: Abastecimento de água | O7: Saúde | P7: m² | Q7: Pavimentação de vias | R7: m² | S7: Reservatório de amortecimento de cheias | T7: m³ | U7: Estação de Tratamento de Água (ETA) | V7: m³/s | W7: Estação Elevatória | X7: m³/s | AA7: Tratamento local | AB7: un | AV7: 18L | AW7: 18 LITROS
B8: Nº do TransfereGOV (000000): | D8: =IF(AND(Import.TipoArredondamento="TransfereGOV",OFFSET(D8,0,-1)=""),"◄","") -> ◄ | I8: CONTRATAÇÃO INTEGRADA | L8: Esgotamento sanitário | O8: Segurança pública | P8: m² | Q8: Sinalização | R8: m² | S8: Estação de Bombeamento | T8: m³/s | U8: Estação de bombeamento de água tratada | V8: m³/s | W8: Estação de Tratamento de Esgoto (ETE) | X8: m³/s | AA8: Usinas de reciclagem | AB8: m² | AV8: 200KG | AW8: 200 QUILOS
B9: =IF(C4="FGTS","Valor de Financiamento Contratado (R$):","Valor do Repasse Contratado (R$):") -> Valor do Repasse Contratado (R$): | D9: =IF(OFFSET(D9,0,-1)="","◄","") -> ◄ | I9: ADM. DIRETA | L9: Energia elétrica e iluminação pública | U9: Linha de recalque | V9: m | W9: Sistema simplificado de tratamento | X9: m³/s | AV9: 250G | AW9: 250 GRAMAS
B10: Valor de Contrapartida Contratada (R$): | D10: =IF(OFFSET(D10,0,-1)="","◄","") -> ◄ | L10: Coleta e tratamento de resíduos sólidos | U10: Reservação | V10: m³ | W10: Unidades sanitárias | X10: un | AV10: 310ML | AW10: 310 MILILITROS
B11: % mínimo de Contrapartida: | D11: =IF(OFFSET(D11,0,-1)="","◄","") -> ◄ | L11: Contenção e estabilização de encostas | U11: Rede de distribuição | V11: m | AV11: 50KG | AW11: 50 QUILOS
B12: R$ mínimo de Contrapartida (se houver): | L12: Regularização fundiária | U12: Ligações domiciliares e/ou intradomiciliares | V12: un | AV12: A | AW12: AMPÈRE
B13: % máximo de Contrapartida: | L13: Aquisição de terreno | U13: Sistema simplificado de abastecimento | V13: m | AV13: ACA/ACC | AW13: A.CORR.ALTERN/CONT.
L14: Aquisição de equipamentos e insumos | AV14: AH | AW14: AMPÈRE HORA
B15: Dados do Empreendimento e Orçamento | D15: =IF(COUNTIF(D16:D19,"◄")=0,"","Falta preencher a linha "&MATCH("◄",D16:D19,0)+ROW(D15)) | L15: Elaboração de estudos e projetos | AV15: AH/H/V | AW15: AMPÉRE-H/H/VOLT
B16: Nome/apelido: | C16: REVITALIZAÇÃO DA PIPA PÓRTICO | D16: =IF(OFFSET(D16,0,-1)="","◄","") | L16: Instrumentos e ações em planejamento e gestão pública | AV16: AM | AW16: AMPOLA
B17: Descrição do Objeto do Lote / CTEF: | C17: REVITALIZAÇÃO DO PÓRTICO PIPA | D17: =IF(OFFSET(D17,0,-1)="","◄","") | L17: Ações complementares às obras | AV17: AM0/4ML | AW17: AMPOLA COM 0,4 Ml
B18: Regime previdenciário previsto para a obra: | C18: NÃO DESONERADO | D18: =IF(OR(OFFSET(D18,0,-1)="",OFFSET(D18,0,-1)="(SELECIONAR)"),"◄","") | L18: Gerenciamento | AV18: AM0/5ML | AW18: AMPOLA COM 0,5 mL
B19: Data base do Orçamento: | C19: 45992 | D19: =IF(OFFSET(D19,0,-1)="","◄","") | L19: Trabalho social | AV19: AM1/5ML | AW19: AMPOLA COM 1,5 mL
AV20: AM10ML | AW20: AMPOLA COM 10 mL
B21: Responsável pelo Orçamento | D21: =IF(COUNTIF(D22:D25,"◄")=0,"","Falta preencher a linha "&MATCH("◄",D22:D25,0)+ROW(D21)) | AV21: AM1ML | AW21: AMPOLA COM 1 mL
B22: Nome: | C22: Nathália Cortes Tosi | D22: =IF(OFFSET(D22,0,-1)="","◄","") | AV22: AM2/5ML | AW22: AMPOLA COM 2,5 mL
B23: CREA/CAU: | C23: RS227774 | D23: =IF(OFFSET(D23,0,-1)="","◄","") | AV23: AM2ML | AW23: AMPOLA COM 2 mL
B24: ART/RRT: | C24: 14233645 | D24: =IF(OFFSET(D24,0,-1)="","◄","") | AV24: AM3ML | AW24: AMPOLA COM 3 mL
B25: Data do preenchimento: | C25: 46073 | AV25: AM4ML | AW25: AMPOLA COM 4 mL
AV26: AM5ML | AW26: AMPOLA COM 5 mL
B27: Responsável pelo Tomador (Prefeito, no caso de Municípios) | D27: =IF(COUNTIF(D28:D29,"◄")=0,"","Falta preencher a linha "&MATCH("◄",D28:D29,0)+ROW(D27)) | AV27: AM6ML | AW27: AMPOLA COM 6 mL
B28: Nome: | C28: Diogo Segabinazzi Siqueira | D28: =IF(OFFSET(D28,0,-1)="","◄","") | AV28: AM7ML | AW28: AMPOLA COM 7 mL
B29: Cargo: | C29: Prefeito | D29: =IF(OFFSET(D29,0,-1)="","◄","") | AV29: ANO | AW29: ANO/ANOS
AV30: ANOS | AW30: ANO/ANOS
B31: Arredondamento das frentes: | C31: TransfereGOV | D31: =IF(OFFSET(D31,0,-1)="","◄ Falta definir o método de arredondamento.","") | AV31: ARR | AW31: ARROBA
AV32: AWG | AW32: AMERICAN WIRE GAUGE
B33: B. RESULTADO DO PROCESSO LICITATÓRIO | AV33: BAR | AW33: BARRIL
AV34: BAR. | AW34: BAR
B35: Licitação | D35: =IF(COUNTIF(D36:D39,"◄")=0,"","Falta preencher a linha "&MATCH("◄",D36:D39,0)+ROW(D35)) -> Falta preencher a linha 36 | AV35: BD | AW35: BALDE
B36: Data de emissão dos documentos de licitação: | D36: {=IF(AND(TIPOORCAMENTO="Licitado",OFFSET(D36,0,-1)=""),"◄","")} -> ◄ | AV36: BIS | AW36: BISNAGA
B37: Nº do CTEF (contrato com empresa): | D37: {=IF(AND(TIPOORCAMENTO="Licitado",OFFSET(D37,0,-1)=""),"◄","")} -> ◄ | AV37: BIS/GL | AW37: BISNAGA POR GALÃO
B38: Nome da empresa: | D38: {=IF(AND(TIPOORCAMENTO="Licitado",OFFSET(D38,0,-1)=""),"◄","")} -> ◄ | AV38: BIS1/65G | AW38: BISNAGA COM 1,65 g
B39: CNPJ da empresa: | D39: {=IF(AND(TIPOORCAMENTO="Licitado",OFFSET(D39,0,-1)=""),"◄","")} -> ◄ | AV39: BIS1/8G | AW39: BISNAGA COM 1,8 g
B40: Regime de execução do CTEF: | C40: EMPREITADA POR PREÇO GLOBAL | D40: {=IF(AND(TIPOORCAMENTO="Licitado",OR(OFFSET(D40,0,-1)="",OFFSET(D40,0,-1)="(SELECIONAR)")),"◄","")} | AV40: BIS100G | AW40: BISNAGA COM 100 g
B41: Data base do CTEF: | D41: {=IF(AND(TIPOORCAMENTO="Licitado",OFFSET(D41,0,-1)=""),"◄","")} -> ◄ | AV41: BIS10G | AW41: BISNAGA COM 10 g
AV42: BIS135G | AW42: BISNAGA COM 135 g
AV43: BIS13G | AW43: BISNAGA COM 13 g
B44: C. ACOMPANHAMENTO DO EMPREENDIMENTO | AV44: BIS14G | AW44: BISNAGA COM 14 g
AV45: BIS15G | AW45: BISNAGA COM 15 g
B46: Dados da obra | D46: =IF(COUNTIF(D47:D48,"◄")=0,"","Falta preencher a linha "&MATCH("◄",D47:D48,0)+ROW(D46)) | AV46: BIS1G | AW46: BISNAGA COM 1 g
B47: Data do Início da Obra: | D47: {=IF(AND(TIPOORCAMENTO="Licitado",OFFSET(D47,0,-1)="",IFERROR(RRE!$O$28,0)>0),"◄","")} | AV47: BIS20G | AW47: BISNAGA COM 20 g
B48: Data de fechamento do RRE: | D48: {=IF(AND(TIPOORCAMENTO="Licitado",OFFSET(D48,0,-1)="",IFERROR(RRE!$O$28,0)>0),"◄","")} | AV48: BIS25G | AW48: BISNAGA COM 25 g
AV49: BIS28/8G | AW49: BISNAGA COM 28,8 g
B50: Responsável pela Fiscalização | D50: =IF(COUNTIF(D51:D54,"◄")=0,"","Falta preencher a linha "&MATCH("◄",D51:D54,0)+ROW(D50)) | AV50: BIS28G | AW50: BISNAGA COM 28 g
B51: Nome: | D51: {=IF(AND(TIPOORCAMENTO="Licitado",OFFSET(D51,0,-1)="",IFERROR(RRE!$O$28,0)>0),"◄","")} | AV51: BIS2G | AW51: BISNAGA COM 2 g
B52: Profissão: | D52: {=IF(AND(TIPOORCAMENTO="Licitado",OFFSET(D52,0,-1)="",IFERROR(RRE!$O$28,0)>0),"◄","")} | AV52: BIS3/5G | AW52: BISNAGA COM 3,5 g
B53: CREA/CAU (para obras/projetos): | D53: {=IF(AND(TIPOORCAMENTO="Licitado",OFFSET(D53,0,-1)="",IFERROR(RRE!$O$28,0)>0),"◄","")} | AV53: BIS30G | AW53: BISNAGA COM 30 g
B54: ART/RRT (para obras/projetos): | D54: {=IF(AND(TIPOORCAMENTO="Licitado",OFFSET(D54,0,-1)="",IFERROR(RRE!$O$28,0)>0),"◄","")} | AV54: BIS30ML | AW54: BISNAGA COM 30 mL
AV55: BIS40G | AW55: BISNAGA COM 40 g
AV56: BIS43G | AW56: BISNAGA COM 43 g
B57: D. ACOMPANHAMENTO CAIXA | AV57: BIS45G | AW57: BISNAGA COM 45 g
AV58: BIS47G | AW58: BISNAGA COM 47 g
B59: Responsável Gerencial | AV59: BIS4G | AW59: BISNAGA COM 4 g
B60: Nome: | AV60: BIS50G | AW60: BISNAGA COM 50 g
B61: Função: | AV61: BIS55G | AW61: BISNAGA COM 55 g
AV62: BIS56G | AW62: BISNAGA COM 56 g
AV63: BIS5G | AW63: BISNAGA COM 5 g
AV64: BIS60G | AW64: BISNAGA COM 60 g
AV65: BIS6G | AW65: BISNAGA COM 6 g
AV66: BIS7/5G | AW66: BISNAGA COM 7,5 g
AV67: BIS70G | AW67: BISNAGA COM 70 g
AV68: BIS80G | AW68: BISNAGA COM 80 g
AV69: BIS90G | AW69: BISNAGA COM 90 g
AV70: BIT | AW70: BITS
AV71: BL | AW71: BLOCO
AV72: BLIS | AW72: BLISTER
AV73: BLIS21CP | AW73: BLISTER COM 21 COMPRIMIDOS
... AV220: UN | AW220: UNIDADE

Sheet BDI
E1: MIN | F1: MED | G1: MAX | O1: ="Quadro de Composição do BDI" -> Quadro de Composição do BDI | R1: Grau de Sigilo
A2: Construção e Reforma de Edifícios | B2: AC | C2: =CONCATENATE(A2,"-",B2) -> Construção e Reforma de Edifícios-AC | E2: 0.03 | F2: 0.04 | G2: 0.055 | R2: #PUBLICO
A3: =A2 -> Construção e Reforma de Edifícios | B3: SG | C3: =CONCATENATE(A3,"-",B3) -> Construção e Reforma de Edifícios-SG | E3: 0.008 | F3: 0.008 | G3: 0.01
A4: =A3 -> Construção e Reforma de Edifícios | B4: R | C4: =CONCATENATE(A4,"-",B4) -> Construção e Reforma de Edifícios-R | E4: 0.0097 | F4: 0.0127 | G4: 0.0127 | J4: Nº OPERAÇÃO | L4: Nº TRANSFEREGOV | N4: PROPONENTE / TOMADOR
A5: =A4 -> Construção e Reforma de Edifícios | B5: DF | C5: =CONCATENATE(A5,"-",B5) -> Construção e Reforma de Edifícios-DF | E5: 0.0059 | F5: 0.0123 | G5: 0.0139 | J5: =Import.CR -> 0 | L5: =Import.TransfereGOV -> 0 | N5: =Import.Proponente -> MUNICÍPIO DE BENTO GONÇALVES
A6: =A5 -> Construção e Reforma de Edifícios | B6: L | C6: =CONCATENATE(A6,"-",B6) -> Construção e Reforma de Edifícios-L | E6: 0.0616 | F6: 0.074 | G6: 0.0896 | I6: FILTRO
A7: =A6 -> Construção e Reforma de Edifícios | B7: BDI PAD | C7: =CONCATENATE(A7,"-",B7) -> Construção e Reforma de Edifícios-BDI PAD | E7: 0.2034 | F7: 0.2212 | G7: 0.25 | J7: APELIDO DO EMPREENDIMENTO / DESCRIÇÃO DO LOTE | U7: =IF(OR(U10<>"",U11<>""),"Falta preencher os percentuais do ISS",IF(U14<>"","Falta preencher o BDI 1",IF(U54<>"","Falta preencher o BDI 2",IF(U94<>"","Falta preencher o BDI 3",""))))
A8: Construção de Praças Urbanas, Rodovias, Ferrovias e recapeamento e pavimentação de vias urbanas | B8: AC | C8: =CONCATENATE(A8,"-",B8) -> Construção de Praças Urbanas, Rodovias, Ferrovias e recapeamento e pavimentação de vias urbanas-AC | E8: 0.038 | F8: 0.0401 | G8: 0.0467 | J8: =Import.Apelido&" / "&Import.DescLote -> REVITALIZAÇÃO DA PIPA PÓRTICO / REVITALIZAÇÃO DO PÓRTICO PIPA | U8: =IF(U29="FORA DO INTERVALO","BDI 1 fora do intervalo",IF(U69="FORA DO INTERVALO","BDI 2 fora do intervalo",IF(U109="FORA DO INTERVALO","BDI 3 fora do intervalo","")))
A9: Construção de Praças Urbanas, Rodovias, Ferrovias e recapeamento e pavimentação de vias urbanas | B9: SG | C9: =CONCATENATE(A9,"-",B9) -> Construção de Praças Urbanas, Rodovias, Ferrovias e recapeamento e pavimentação de vias urbanas-SG | E9: 0.0032 | F9: 0.004 | G9: 0.0074
A10: Construção de Praças Urbanas, Rodovias, Ferrovias e recapeamento e pavimentação de vias urbanas | B10: R | C10: =CONCATENATE(A10,"-",B10) -> Construção de Praças Urbanas, Rodovias, Ferrovias e recapeamento e pavimentação de vias urbanas-R | E10: 0.005 | F10: 0.0056 | G10: 0.0097 | J10: Conforme legislação tributária municipal, definir estimativa de percentual da base de cálculo para o ISS: | R10: 0.45 | U10: =IF(R10="","Falta definir a base de cálculo para o ISS","")
A11: Construção de Praças Urbanas, Rodovias, Ferrovias e recapeamento e pavimentação de vias urbanas | B11: DF | C11: =CONCATENATE(A11,"-",B11) -> Construção de Praças Urbanas, Rodovias, Ferrovias e recapeamento e pavimentação de vias urbanas-DF | E11: 0.0102 | F11: 0.0111 | G11: 0.0121 | I11: ↓ | J11: Sobre a base de cálculo, definir a respectiva alíquota do ISS (entre 2% e 5%): | R11: 0.03 | U11: =IF(R11="","Falta definir a alíquota do ISS","")
A12: Construção de Praças Urbanas, Rodovias, Ferrovias e recapeamento e pavimentação de vias urbanas | B12: L | C12: =CONCATENATE(A12,"-",B12) -> Construção de Praças Urbanas, Rodovias, Ferrovias e recapeamento e pavimentação de vias urbanas-L | E12: 0.0664 | F12: 0.073 | G12: 0.0869 | I12: F
A13: Construção de Praças Urbanas, Rodovias, Ferrovias e recapeamento e pavimentação de vias urbanas | B13: BDI PAD | C13: =CONCATENATE(A13,"-",B13) -> Construção de Praças Urbanas, Rodovias, Ferrovias e recapeamento e pavimentação de vias urbanas-BDI PAD | E13: 0.196 | F13: 0.2097 | G13: 0.2423 | I13: F
A14: Construção de Redes de Abastecimento de Água, Coleta de Esgoto | B14: AC | C14: =CONCATENATE(A14,"-",B14) -> Construção de Redes de Abastecimento de Água, Coleta de Esgoto-AC | E14: 0.0343 | F14: 0.0493 | G14: 0.0671 | I14: F | J14: BDI 1 | U14: =IF(COUNTIF(ORÇAMENTO!$V$15:$V$39,BDI_1.Título)=0,"",IF(OR(Import.BDI.Tipo1="(SELECIONAR)",Import.BDI.Tipo1="",U17<>"",AND($J17<>$A$145,OR(S21="",S22="",AND($J17<>$A$146,OR(S23="",S24="")),S25="",S26=""))),"Falta preencher o BDI 1",""))
A15: =A14 -> Construção de Redes de Abastecimento de Água, Coleta de Esgoto | B15: SG | C15: =CONCATENATE(A15,"-",B15) -> Construção de Redes de Abastecimento de Água, Coleta de Esgoto-SG | E15: 0.0028 | F15: 0.0049 | G15: 0.0075 | I15: F
A16: =A15 -> Construção de Redes de Abastecimento de Água, Coleta de Esgoto | B16: R | C16: =CONCATENATE(A16,"-",B16) -> Construção de Redes de Abastecimento de Água, Coleta de Esgoto-R | E16: 0.01 | F16: 0.0139 | G16: 0.0174 | I16: F | J16: TIPO DE OBRA
A17: =A16 -> Construção de Redes de Abastecimento de Água, Coleta de Esgoto | B17: DF | C17: =CONCATENATE(A17,"-",B17) -> Construção de Redes de Abastecimento de Água, Coleta de Esgoto-DF | E17: 0.0094 | F17: 0.0099 | G17: 0.0117 | I17: F | J17: Construção e Reforma de Edifícios | T17: =IF(U17="","","◄") | U17: =IF(AND(OR(S29>0,COUNTIF(ORÇAMENTO!$V$15:$V$39,BDI_1.Título)>0),OR(Import.BDI.Tipo1="(SELECIONAR)",Import.BDI.Tipo1="")),"Selecione o Tipo de obra","")
A18: =A17 -> Construção de Redes de Abastecimento de Água, Coleta de Esgoto | B18: L | C18: =CONCATENATE(A18,"-",B18) -> Construção de Redes de Abastecimento de Água, Coleta de Esgoto-L | E18: 0.0674 | F18: 0.0804 | G18: 0.094 | I18: F
A19: =A18 -> Construção de Redes de Abastecimento de Água, Coleta de Esgoto | B19: BDI PAD | C19: =CONCATENATE(A19,"-",B19) -> Construção de Redes de Abastecimento de Água, Coleta de Esgoto-BDI PAD | E19: 0.2076 | F19: 0.2418 | G19: 0.2644 | I19: F | J19: Itens | R19: Siglas | S19: % Adotado | U19: Situação | X19: 1º Quartil | Y19: Médio | Z19: 3º Quartil
A20: Construção e Manutenção de Estações e Redes de Distribuição de Energia Elétrica | B20: AC | C20: =CONCATENATE(A20,"-",B20) -> Construção e Manutenção de Estações e Redes de Distribuição de Energia Elétrica-AC | E20: 0.0529 | F20: 0.0592 | G20: 0.0793 | I20: F
A21: =A20 -> Construção e Manutenção de Estações e Redes de Distribuição de Energia Elétrica | B21: SG | C21: =CONCATENATE(A21,"-",B21) -> Construção e Manutenção de Estações e Redes de Distribuição de Energia Elétrica-SG | E21: 0.0025 | F21: 0.0051 | G21: 0.0056 | I21: F | J21: =IF($J$17=$A$146,"Encargos Sociais incidentes sobre a mão de obra","Administração Central") -> Administração Central | R21: =IF($J17=$A$146,"K1","AC") -> AC | S21: 0.055 | T21: =IF(AND($U$14<>"",$U$17="",R21<>"",S21=""),"◄","") | U21: =IFERROR(IF(T21="◄","FALTA PREENCHER",IF(AND(OR(S21>=X21,X21="-"),OR(S21<=Z21,Z21="-")),"OK","FORA DO INTERVALO")),"-") -> OK | X21: =VLOOKUP(CONCATENATE(J17,"-",R21),$C$2:$G$136,3,FALSE) -> 0.03 | Y21: =VLOOKUP(CONCATENATE(J17,"-",R21),$C$2:$G$136,4,FALSE) -> 0.04 | Z21: =VLOOKUP(CONCATENATE(J17,"-",R21),$C$2:$G$136,5,FALSE) -> 0.055
A22: =A21 -> Construção e Manutenção de Estações e Redes de Distribuição de Energia Elétrica | B22: R | C22: =CONCATENATE(A22,"-",B22) -> Construção e Manutenção de Estações e Redes de Distribuição de Energia Elétrica-R | E22: 0.01 | F22: 0.0148 | G22: 0.0197 | I22: F | J22: =IF($J$17=$A$146,"Administração Central da empresa ou consultoria - overhead","Seguro e Garantia") -> Seguro e Garantia | R22: =IF($J17=$A$146,"K2","SG") -> SG | S22: 0.01 | T22: =IF(AND($U$14<>"",$U$17="",R22<>"",S22=""),"◄","") | U22: =IFERROR(IF(T22="◄","FALTA PREENCHER",IF(AND(OR(S22>=X22,X22="-"),OR(S22<=Z22,Z22="-")),"OK","FORA DO INTERVALO")),"-") -> OK | X22: =VLOOKUP(CONCATENATE(J17,"-",R22),$C$2:$G$136,3,FALSE) -> 0.008 | Y22: =VLOOKUP(CONCATENATE(J17,"-",R22),$C$2:$G$136,4,FALSE) -> 0.008 | Z22: =VLOOKUP(CONCATENATE(J17,"-",R22),$C$2:$G$136,5,FALSE) -> 0.01
A23: =A22 -> Construção e Manutenção de Estações e Redes de Distribuição de Energia Elétrica | B23: DF | C23: =CONCATENATE(A23,"-",B23) -> Construção e Manutenção de Estações e Redes de Distribuição de Energia Elétrica-DF | E23: 0.0101 | F23: 0.0107 | G23: 0.0111 | I23: F | J23: Risco | R23: =IF($J17=$A$146,"","R") -> R | S23: 0.0127 | T23: =IF(AND($U$14<>"",$U$17="",R23<>"",S23=""),"◄","") | U23: =IFERROR(IF(T23="◄","FALTA PREENCHER",IF(AND(OR(S23>=X23,X23="-"),OR(S23<=Z23,Z23="-")),"OK","FORA DO INTERVALO")),"-") -> OK | X23: =VLOOKUP(CONCATENATE(J17,"-",R23),$C$2:$G$136,3,FALSE) -> 0.0097 | Y23: =VLOOKUP(CONCATENATE(J17,"-",R23),$C$2:$G$136,4,FALSE) -> 0.0127 | Z23: =VLOOKUP(CONCATENATE(J17,"-",R23),$C$2:$G$136,5,FALSE) -> 0.0127
A24: =A23 -> Construção e Manutenção de Estações e Redes de Distribuição de Energia Elétrica | B24: L | C24: =CONCATENATE(A24,"-",B24) -> Construção e Manutenção de Estações e Redes de Distribuição de Energia Elétrica-L | E24: 0.08 | F24: 0.0831 | G24: 0.0951 | I24: F | J24: Despesas Financeiras | R24: =IF($J17=$A$146,"","DF") -> DF | S24: 0.0139 | T24: =IF(AND($U$14<>"",$U$17="",R24<>"",S24=""),"◄","") | U24: =IFERROR(IF(T24="◄","FALTA PREENCHER",IF(AND(OR(S24>=X24,X24="-"),OR(S24<=Z24,Z24="-")),"OK","FORA DO INTERVALO")),"-") -> OK | X24: =VLOOKUP(CONCATENATE(J17,"-",R24),$C$2:$G$136,3,FALSE) -> 0.0059 | Y24: =VLOOKUP(CONCATENATE(J17,"-",R24),$C$2:$G$136,4,FALSE) -> 0.0123 | Z24: =VLOOKUP(CONCATENATE(J17,"-",R24),$C$2:$G$136,5,FALSE) -> 0.0139
A25: =A24 -> Construção e Manutenção de Estações e Redes de Distribuição de Energia Elétrica | B25: BDI PAD | C25: =CONCATENATE(A25,"-",B25) -> Construção e Manutenção de Estações e Redes de Distribuição de Energia Elétrica-BDI PAD | E25: 0.24 | F25: 0.2584 | G25: 0.2786 | I25: F | J25: =IF($J$17=$A$146,"Margem bruta da empresa de consultoria","Lucro") -> Lucro | R25: =IF($J17=$A$146,"K3","L") -> L | S25: 0.0868 | T25: =IF(AND($U$14<>"",$U$17="",R25<>"",S25=""),"◄","") | U25: =IFERROR(IF(T25="◄","FALTA PREENCHER",IF(AND(OR(S25>=X25,X25="-"),OR(S25<=Z25,Z25="-")),"OK","FORA DO INTERVALO")),"-") -> OK | X25: =VLOOKUP(CONCATENATE(J17,"-",R25),$C$2:$G$136,3,FALSE) -> 0.0616 | Y25: =VLOOKUP(CONCATENATE(J17,"-",R25),$C$2:$G$136,4,FALSE) -> 0.074 | Z25: =VLOOKUP(CONCATENATE(J17,"-",R25),$C$2:$G$136,5,FALSE) -> 0.0896
A26: Obras Portuárias, Marítimas e Fluviais | B26: AC | C26: =CONCATENATE(A26,"-",B26) -> Obras Portuárias, Marítimas e Fluviais-AC | E26: 0.04 | F26: 0.0552 | G26: 0.0785 | I26: F | J26: Tributos (impostos COFINS 3%, e PIS 0,65%) | R26: CP | S26: 0.0365 | T26: =IF(AND($U$14<>"",$U$17="",R26<>"",S26=""),"◄","") | U26: =IFERROR(IF(T26="◄","FALTA PREENCHER",IF(AND(OR(S26>=X26,X26="-"),OR(S26<=Z26,Z26="-")),"OK","FORA DO INTERVALO")),"-") -> OK | X26: =Y26 -> 0.0365 | Y26: =IF($J17=$A$145,"-",3.65%) -> 0.0365 | Z26: =Y26 -> 0.0365
A27: =A26 -> Obras Portuárias, Marítimas e Fluviais | B27: SG | C27: =CONCATENATE(A27,"-",B27) -> Obras Portuárias, Marítimas e Fluviais-SG | E27: 0.0081 | F27: 0.0122 | G27: 0.0199 | I27: F | J27: Tributos (ISS, variável de acordo com o município) | R27: ISS | S27: =IF(AND($J17<>$A$145,COUNTA(OFFSET(S20,1,0,6))>0),$R$11*$R$10,0) -> 0.0135 | U27: =IFERROR(IF(T27="◄","FALTA PREENCHER",IF(AND(OR(S27>=X27,X27="-"),OR(S27<=Z27,Z27="-")),"OK","FORA DO INTERVALO")),"-") -> OK | X27: 0 | Y27: 0.025 | Z27: 0.05
A28: =A27 -> Obras Portuárias, Marítimas e Fluviais | B28: R | C28: =CONCATENATE(A28,"-",B28) -> Obras Portuárias, Marítimas e Fluviais-R | E28: 0.0146 | F28: 0.0232 | G28: 0.0316 | I28: F | J28: Tributos (Contribuição Previdenciária sobre a Receita Bruta - Lei 12.546 de 14/12/2011 - Desoneração) | R28: CPRB | S28: {=IF(BDI.Opcao<>"Desonerado",0,IF(AND($J17<>$A$145,COUNTA(OFFSET(S20,1,0,6))>0),IF(YEAR(Import.DataBase)<2025,4.5%,IF(YEAR(Import.DataBase)=2025,3.6%,IF(YEAR(Import.DataBase)=2026,2.7%,IF(YEAR(Import.DataBase)=2027,1.8%,0%)))),0%))} -> 0 | U28: =IFERROR(IF(T28="◄","FALTA PREENCHER",IF(AND(OR(S28>=X28,X28="-"),OR(S28<=Z28,Z28="-")),"OK","FORA DO INTERVALO")),"-") -> OK | X28: =$S28 -> 0 | Y28: =$S28 -> 0 | Z28: =$S28 -> 0
A29: =A28 -> Obras Portuárias, Marítimas e Fluviais | B29: DF | C29: =CONCATENATE(A29,"-",B29) -> Obras Portuárias, Marítimas e Fluviais-DF | E29: 0.0094 | F29: 0.0102 | G29: 0.0133 | I29: F | J29: BDI SEM desoneração (Fórmula Acórdão TCU) | R29: BDI PAD | S29: =IF($J17=$A$145,0,ROUND((((1+S21+S22+S23)*(1+S24)*(1+S25)/(1-(S26+S27)))-1),4)) -> 0.25 | U29: =IFERROR(IF(AND(OR(S29>=X29,X29="-"),OR(S29<=Z29,Z29="-")),"OK","FORA DO INTERVALO"),IF(S29=0,"OK","Selecione o Tipo de obra")) -> OK | X29: =IF($J17=$A$145,0,VLOOKUP(CONCATENATE($J17,"-",$R29),$C$2:$G$136,3,FALSE)) -> 0.2034 | Y29: =IF($J17=$A$145,0,VLOOKUP(CONCATENATE($J17,"-",$R29),$C$2:$G$136,4,FALSE)) -> 0.2212 | Z29: =IF($J17=$A$145,0,VLOOKUP(CONCATENATE($J17,"-",$R29),$C$2:$G$136,5,FALSE)) -> 0.25
A30: =A29 -> Obras Portuárias, Marítimas e Fluviais | B30: L | C30: =CONCATENATE(A30,"-",B30) -> Obras Portuárias, Marítimas e Fluviais-L | E30: 0.0714 | F30: 0.084 | G30: 0.1043 | I30: F | J30: BDI COM desoneração | R30: BDI DES | S30: =IF($J17=$A$145,0,ROUND((((1+S21+S22+S23)*(1+S24)*(1+S25)/(1-(S26+S27+S28)))-1),4)) -> 0.25
A31: =A30 -> Obras Portuárias, Marítimas e Fluviais | B31: BDI PAD | C31: =CONCATENATE(A31,"-",B31) -> Obras Portuárias, Marítimas e Fluviais-BDI PAD | E31: 0.228 | F31: 0.2748 | G31: 0.3095 | I31: F
A32: Fornecimento de Materiais e Equipamentos (aquisição indireta - em conjunto com licitação de obras) | B32: AC | C32: =CONCATENATE(A32,"-",B32) -> Fornecimento de Materiais e Equipamentos (aquisição indireta - em conjunto com licitação de obras)-AC | E32: 0.015 | F32: 0.0345 | G32: 0.0449 | I32: F | J32: =IF(U29<>"ok","X","") | K32: =IF(U29<>"ok","Anexo: Relatório Técnico Circunstanciado justificando a adoção do percentual de cada parcela do BDI.","")
A33: =A32 -> Fornecimento de Materiais e Equipamentos (aquisição indireta - em conjunto com licitação de obras) | B33: SG | C33: =CONCATENATE(A33,"-",B33) -> Fornecimento de Materiais e Equipamentos (aquisição indireta - em conjunto com licitação de obras)-SG | E33: 0.003 | F33: 0.0048 | G33: 0.0082 | I33: F
A34: =A33 -> Fornecimento de Materiais e Equipamentos (aquisição indireta - em conjunto com licitação de obras) | B34: R | C34: =CONCATENATE(A34,"-",B34) -> Fornecimento de Materiais e Equipamentos (aquisição indireta - em conjunto com licitação de obras)-R | E34: 0.0056 | F34: 0.0085 | G34: 0.0089 | I34: F | J34: Os valores de BDI foram calculados com o emprego da fórmula:
A35: =A34 -> Fornecimento de Materiais e Equipamentos (aquisição indireta - em conjunto com licitação de obras) | B35: DF | C35: =CONCATENATE(A35,"-",B35) -> Fornecimento de Materiais e Equipamentos (aquisição indireta - em conjunto com licitação de obras)-DF | E35: 0.0085 | F35: 0.0085 | G35: 0.0111 | I35: F | M35: BDI = | N35: =IF($J17=$A$146,"(1+K1+K2)*(1+K3)","(1+AC + S + R + G)*(1 + DF)*(1+L)") -> (1+AC + S + R + G)*(1 + DF)*(1+L) | Q35: - 1
A36: =A35 -> Fornecimento de Materiais e Equipamentos (aquisição indireta - em conjunto com licitação de obras) | B36: L | C36: =CONCATENATE(A36,"-",B36) -> Fornecimento de Materiais e Equipamentos (aquisição indireta - em conjunto com licitação de obras)-L | E36: 0.035 | F36: 0.0511 | G36: 0.0622 | I36: F | N36: (1-CP-ISS-CRPB)
A37: =A36 -> Fornecimento de Materiais e Equipamentos (aquisição indireta - em conjunto com licitação de obras) | B37: BDI PAD | C37: =CONCATENATE(A37,"-",B37) -> Fornecimento de Materiais e Equipamentos (aquisição indireta - em conjunto com licitação de obras)-BDI PAD | E37: 0.111 | F37: 0.1402 | G37: 0.168 | I37: F
A38: Fornecimento de Materiais e Equipamentos (aquisição direta) | B38: AC | C38: =CONCATENATE(A38,"-",B38) -> Fornecimento de Materiais e Equipamentos (aquisição direta)-AC | E38: - | F38: - | G38: - | I38: F | J38: =CONCATENATE("Declaro para os devidos fins que, conforme legislação tributária municipal, a base de cálculo deste tipo de obra corresponde à ",$R$10*100,"%, com a respectiva alíquota de ",$R$11*100,"%.") -> Declaro para os devidos fins que, conforme legislação tributária municipal, a base de cálculo deste tipo de obra corresponde à 45%, com a respectiva alíquota de 3%.
A39: Fornecimento de Materiais e Equipamentos (aquisição direta) | B39: SG | C39: =CONCATENATE(A39,"-",B39) -> Fornecimento de Materiais e Equipamentos (aquisição direta)-SG | E39: - | F39: - | G39: - | I39: F
A40: Fornecimento de Materiais e Equipamentos (aquisição direta) | B40: R | C40: =CONCATENATE(A40,"-",B40) -> Fornecimento de Materiais e Equipamentos (aquisição direta)-R | E40: - | F40: - | G40: - | I40: F | J40: {=CONCATENATE("Declaro para os devidos fins que o regime de Contribuição Previdenciária sobre a Receita Bruta adotado para elaboração do orçamento foi ",IF(DESONERACAO="Sim","COM","SEM")," Desoneração, e que esta é a alternativa mais adequada para a Administração Pública.")} -> Declaro para os devidos fins que o regime de Contribuição Previdenciária sobre a Receita Bruta adotado para elaboração do orçamento foi SEM Desoneração, e que esta é a alternativa mais adequada para a Administração Pública.
A41: Fornecimento de Materiais e Equipamentos (aquisição direta) | B41: DF | C41: =CONCATENATE(A41,"-",B41) -> Fornecimento de Materiais e Equipamentos (aquisição direta)-DF | E41: - | F41: - | G41: - | I41: F
A42: Fornecimento de Materiais e Equipamentos (aquisição direta) | B42: L | C42: =CONCATENATE(A42,"-",B42) -> Fornecimento de Materiais e Equipamentos (aquisição direta)-L | E42: - | F42: - | G42: - | I42: F | J42: Observações:
A43: Fornecimento de Materiais e Equipamentos (aquisição direta) | B43: BDI PAD | C43: =CONCATENATE(A43,"-",B43) -> Fornecimento de Materiais e Equipamentos (aquisição direta)-BDI PAD | E43: - | F43: - | G43: - | I43: F | J43: De acordo com a Lei Complementar 183/2013, Art. 109, §3º, o valor de mão e obra, para base de cálculo adotada para ISS será de 45%. A empresa poderá adotar um percentual diferente, desde que comprove este percentual nos termos do mesmo Art., e Proceda novo cálculo do BDI adotando este na planilha orçamentária.
A44: Estudos e Projetos, Planos e Gerenciamento e outros correlatos | B44: K1 | C44: =CONCATENATE(A44,"-",B44) -> Estudos e Projetos, Planos e Gerenciamento e outros correlatos-K1 | E44: - | F44: - | G44: - | I44: F
A45: =A44 -> Estudos e Projetos, Planos e Gerenciamento e outros correlatos | B45: K2 | C45: =CONCATENATE(A45,"-",B45) -> Estudos e Projetos, Planos e Gerenciamento e outros correlatos-K2 | E45: - | F45: 0.2 | G45: - | I45: F | J45: =Import.Município -> BENTO GONÇALVES/RS | P45: =DADOS!$C$25 -> 46073
A46: =A45 -> Estudos e Projetos, Planos e Gerenciamento e outros correlatos | C46: =CONCATENATE(A46,"-",B46) -> Estudos e Projetos, Planos e Gerenciamento e outros correlatos- | E46: - | F46: - | G46: - | I46: F | J46: Local | P46: Data
A47: =A46 -> Estudos e Projetos, Planos e Gerenciamento e outros correlatos | C47: =CONCATENATE(A47,"-",B47) -> Estudos e Projetos, Planos e Gerenciamento e outros correlatos- | E47: - | F47: - | G47: - | I47: F
A48: =A47 -> Estudos e Projetos, Planos e Gerenciamento e outros correlatos | B48: K3 | C48: =CONCATENATE(A48,"-",B48) -> Estudos e Projetos, Planos e Gerenciamento e outros correlatos-K3 | E48: - | F48: 0.12 | G48: - | I48: F
A49: =A48 -> Estudos e Projetos, Planos e Gerenciamento e outros correlatos | B49: BDI PAD | C49: =CONCATENATE(A49,"-",B49) -> Estudos e Projetos, Planos e Gerenciamento e outros correlatos-BDI PAD | E49: - | F49: - | G49: - | I49: F | J49: Responsável Técnico
I50: F | J50: Nome: | K50: {=Import.RespOrçamento} -> Nathália Cortes Tosi
I51: F | J51: CREA/CAU: | K51: RS227774
I52: F | J52: ART/RRT: | K52: 14233645
I53: F
I54: =IF($S$69=0,"","F") | J54: BDI 2 | U54: =IF(COUNTIF(ORÇAMENTO!$V$15:$V$39,BDI_2.Título)=0,"",IF(OR(Import.BDI.Tipo2="(SELECIONAR)",Import.BDI.Tipo2="",U57<>"",AND($J57<>$A$145,OR(S61="",S62="",AND($J57<>$A$146,OR(S63="",S64="")),S65="",S66=""))),"Falta preencher o BDI 2",""))
I55: =IF($S$69=0,"","F")
I56: =IF($S$69=0,"","F") | J56: TIPO DE OBRA
I57: =IF($S$69=0,"","F") | J57: (SELECIONAR) | T57: =IF(U57="","","◄") | U57: =IF(AND(OR(S69>0,COUNTIF(ORÇAMENTO!$V$15:$V$39,BDI_2.Título)>0),OR(Import.BDI.Tipo2="(SELECIONAR)",Import.BDI.Tipo2="")),"Selecione o Tipo de obra","")
I58: =IF($S$69=0,"","F")
I59: =IF($S$69=0,"","F") | J59: Itens | R59: Siglas | S59: % Adotado | U59: Situação | X59: 1º Quartil | Y59: Médio | Z59: 3º Quartil
I60: =IF($S$69=0,"","F")
I61: =IF($S$69=0,"","F") | J61: =IF($J$57=$A$146,"Encargos Sociais incidentes sobre a mão de obra","Administração Central") -> Administração Central | R61: =IF($J57=$A$146,"K1","AC") -> AC | T61: =IF(AND($U$54<>"",$U$57="",R61<>"",S61=""),"◄","") | U61: =IFERROR(IF(T61="◄","FALTA PREENCHER",IF(AND(OR(S61>=X61,X61="-"),OR(S61<=Z61,Z61="-")),"OK","FORA DO INTERVALO")),"-") -> - | X61: =VLOOKUP(CONCATENATE(J57,"-",R61),$C$2:$G$136,3,FALSE) -> #N/A | Y61: =VLOOKUP(CONCATENATE(J57,"-",R61),$C$2:$G$136,4,FALSE) -> #N/A | Z61: =VLOOKUP(CONCATENATE(J57,"-",R61),$C$2:$G$136,5,FALSE) -> #N/A
I62: =IF($S$69=0,"","F") | J62: =IF($J$57=$A$146,"Administração Central da empresa ou consultoria - overhead","Seguro e Garantia") -> Seguro e Garantia | R62: =IF($J57=$A$146,"K2","SG") -> SG | T62: =IF(AND($U$54<>"",$U$57="",R62<>"",S62=""),"◄","") | U62: =IFERROR(IF(T62="◄","FALTA PREENCHER",IF(AND(OR(S62>=X62,X62="-"),OR(S62<=Z62,Z62="-")),"OK","FORA DO INTERVALO")),"-") -> - | X62: =VLOOKUP(CONCATENATE(J57,"-",R62),$C$2:$G$136,3,FALSE) -> #N/A | Y62: =VLOOKUP(CONCATENATE(J57,"-",R62),$C$2:$G$136,4,FALSE) -> #N/A | Z62: =VLOOKUP(CONCATENATE(J57,"-",R62),$C$2:$G$136,5,FALSE) -> #N/A
I63: =IF($S$69=0,"","F") | J63: Risco | R63: =IF($J57=$A$146,"","R") -> R | T63: =IF(AND($U$54<>"",$U$57="",R63<>"",S63=""),"◄","") | U63: =IFERROR(IF(T63="◄","FALTA PREENCHER",IF(AND(OR(S63>=X63,X63="-"),OR(S63<=Z63,Z63="-")),"OK","FORA DO INTERVALO")),"-") -> - | X63: =VLOOKUP(CONCATENATE(J57,"-",R63),$C$2:$G$136,3,FALSE) -> #N/A | Y63: =VLOOKUP(CONCATENATE(J57,"-",R63),$C$2:$G$136,4,FALSE) -> #N/A | Z63: =VLOOKUP(CONCATENATE(J57,"-",R63),$C$2:$G$136,5,FALSE) -> #N/A
I64: =IF($S$69=0,"","F") | J64: Despesas Financeiras | R64: =IF($J57=$A$146,"","DF") -> DF | T64: =IF(AND($U$54<>"",$U$57="",R64<>"",S64=""),"◄","") | U64: =IFERROR(IF(T64="◄","FALTA PREENCHER",IF(AND(OR(S64>=X64,X64="-"),OR(S64<=Z64,Z64="-")),"OK","FORA DO INTERVALO")),"-") -> - | X64: =VLOOKUP(CONCATENATE(J57,"-",R64),$C$2:$G$136,3,FALSE) -> #N/A | Y64: =VLOOKUP(CONCATENATE(J57,"-",R64),$C$2:$G$136,4,FALSE) -> #N/A | Z64: =VLOOKUP(CONCATENATE(J57,"-",R64),$C$2:$G$136,5,FALSE) -> #N/A
I65: =IF($S$69=0,"","F") | J65: =IF($J$57=$A$146,"Margem bruta da empresa de consultoria","Lucro") -> Lucro | R65: =IF($J57=$A$146,"K3","L") -> L | T65: =IF(AND($U$54<>"",$U$57="",R65<>"",S65=""),"◄","") | U65: =IFERROR(IF(T65="◄","FALTA PREENCHER",IF(AND(OR(S65>=X65,X65="-"),OR(S65<=Z65,Z65="-")),"OK","FORA DO INTERVALO")),"-") -> - | X65: =VLOOKUP(CONCATENATE(J57,"-",R65),$C$2:$G$136,3,FALSE) -> #N/A | Y65: =VLOOKUP(CONCATENATE(J57,"-",R65),$C$2:$G$136,4,FALSE) -> #N/A | Z65: =VLOOKUP(CONCATENATE(J57,"-",R65),$C$2:$G$136,5,FALSE) -> #N/A
I66: =IF($S$69=0,"","F") | J66: Tributos (impostos COFINS 3%, e PIS 0,65%) | R66: CP | T66: =IF(AND($U$54<>"",$U$57="",R66<>"",S66=""),"◄","") | U66: =IFERROR(IF(T66="◄","FALTA PREENCHER",IF(AND(OR(S66>=X66,X66="-"),OR(S66<=Z66,Z66="-")),"OK","FORA DO INTERVALO")),"-") -> FORA DO INTERVALO | X66: =Y66 -> 0.0365 | Y66: =IF($J57=$A$145,"-",3.65%) -> 0.0365 | Z66: =Y66 -> 0.0365
I67: =IF($S$69=0,"","F") | J67: Tributos (ISS, variável de acordo com o município) | R67: ISS | S67: =IF(AND($J57<>$A$145,COUNTA(OFFSET(S60,1,0,6))>0),$R$11*$R$10,0) -> 0 | U67: =IFERROR(IF(T67="◄","FALTA PREENCHER",IF(AND(OR(S67>=X67,X67="-"),OR(S67<=Z67,Z67="-")),"OK","FORA DO INTERVALO")),"-") -> OK | X67: 0 | Y67: 0.025 | Z67: 0.05
I68: =IF($S$69=0,"","F") | J68: Tributos (Contribuição Previdenciária sobre a Receita Bruta - Lei 12.546 de 14/12/2011 - Desoneração) | R68: CPRB | S68: {=IF(BDI.Opcao<>"Desonerado",0,IF(AND($J57<>$A$145,COUNTA(OFFSET(S60,1,0,6))>0),IF(YEAR(Import.DataBase)<2025,4.5%,IF(YEAR(Import.DataBase)=2025,3.6%,IF(YEAR(Import.DataBase)=2026,2.7%,IF(YEAR(Import.DataBase)=2027,1.8%,0%)))),0%))} -> 0 | U68: =IFERROR(IF(T68="◄","FALTA PREENCHER",IF(AND(OR(S68>=X68,X68="-"),OR(S68<=Z68,Z68="-")),"OK","FORA DO INTERVALO")),"-") -> OK | X68: =$S68 -> 0 | Y68: =$S68 -> 0 | Z68: =$S68 -> 0
I69: =IF($S$69=0,"","F") | J69: BDI SEM desoneração (Fórmula Acórdão TCU) | R69: BDI PAD | S69: =IF($J57=$A$145,0,ROUND((((1+S61+S62+S63)*(1+S64)*(1+S65)/(1-(S66+S67)))-1),4)) -> 0 | U69: =IFERROR(IF(AND(OR(S69>=X69,X69="-"),OR(S69<=Z69,Z69="-")),"OK","FORA DO INTERVALO"),IF(S69=0,"OK","Selecione o Tipo de obra")) -> OK | X69: =IF($J57=$A$145,0,VLOOKUP(CONCATENATE($J57,"-",$R69),$C$2:$G$136,3,FALSE)) -> #N/A | Y69: =IF($J57=$A$145,0,VLOOKUP(CONCATENATE($J57,"-",$R69),$C$2:$G$136,4,FALSE)) -> #N/A | Z69: =IF($J57=$A$145,0,VLOOKUP(CONCATENATE($J57,"-",$R69),$C$2:$G$136,5,FALSE)) -> #N/A
I70: =IF($S$69=0,"","F") | J70: BDI COM desoneração | R70: BDI DES | S70: =IF($J57=$A$145,0,ROUND((((1+S61+S62+S63)*(1+S64)*(1+S65)/(1-(S66+S67+S68)))-1),4)) -> 0
I71: =IF($S$69=0,"","F")
I72: =IF($S$69=0,"","F") | J72: =IF(U69<>"ok","X","") | K72: =IF(U69<>"ok","Anexo: Relatório Técnico Circunstanciado justificando a adoção do percentual de cada parcela do BDI.","")
I73: =IF($S$69=0,"","F")
I74: =IF($S$69=0,"","F") | J74: Os valores de BDI foram calculados com o emprego da fórmula:
I75: =IF($S$69=0,"","F") | M75: BDI = | N75: =IF($J57=$A$146,"(1+K1+K2)*(1+K3)","(1+AC + S + R + G)*(1 + DF)*(1+L)") -> (1+AC + S + R + G)*(1 + DF)*(1+L) | Q75: - 1
I76: =IF($S$69=0,"","F") | N76: (1-CP-ISS-CRPB)
I77: =IF($S$69=0,"","F")
I78: =IF($S$69=0,"","F") | J78: =CONCATENATE("Declaro para os devidos fins que, conforme legislação tributária municipal, a base de cálculo deste tipo de obra corresponde à ",$R$10*100,"%, com a respectiva alíquota de ",$R$11*100,"%.") -> Declaro para os devidos fins que, conforme legislação tributária municipal, a base de cálculo deste tipo de obra corresponde à 45%, com a respectiva alíquota de 3%.
I79: =IF($S$69=0,"","F")
I80: =IF($S$69=0,"","F") | J80: {=CONCATENATE("Declaro para os devidos fins que o regime de Contribuição Previdenciária sobre a Receita Bruta adotado para elaboração do orçamento foi ",IF(DESONERACAO="Sim","COM","SEM")," Desoneração, e que esta é a alternativa mais adequada para a Administração Pública.")} -> Declaro para os devidos fins que o regime de Contribuição Previdenciária sobre a Receita Bruta adotado para elaboração do orçamento foi SEM Desoneração, e que esta é a alternativa mais adequada para a Administração Pública.
I81: =IF($S$69=0,"","F")
I82: =IF($S$69=0,"","F") | J82: Observações:
I83: =IF($S$69=0,"","F")
I84: =IF($S$69=0,"","F")
I85: =IF($S$69=0,"","F") | J85: =Import.Município -> BENTO GONÇALVES/RS | P85: =DADOS!$C$25 -> 46073
I86: =IF($S$69=0,"","F") | J86: Local | P86: Data
I87: =IF($S$69=0,"","F")
I88: =IF($S$69=0,"","F")
I89: =IF($S$69=0,"","F") | J89: Responsável Técnico
I90: =IF($S$69=0,"","F") | J90: Nome: | K90: {=Import.RespOrçamento} -> Nathália Cortes Tosi
I91: =IF($S$69=0,"","F") | J91: CREA/CAU: | K91: RS227774
I92: =IF($S$69=0,"","F") | J92: ART/RRT: | K92: 14233645
I93: =IF($S$69=0,"","F")
I94: =IF($S$109=0,"","F") | J94: BDI 3 | U94: =IF(COUNTIF(ORÇAMENTO!$V$15:$V$39,BDI_3.Título)=0,"",IF(OR(Import.BDI.Tipo3="(SELECIONAR)",Import.BDI.Tipo3="",U97<>"",AND($J97<>$A$145,OR(S101="",S102="",AND($J97<>$A$146,OR(S103="",S104="")),S105="",S106=""))),"Falta preencher o BDI 3",""))
I95: =IF($S$109=0,"","F")
I96: =IF($S$109=0,"","F") | J96: TIPO DE OBRA
I97: =IF($S$109=0,"","F") | J97: (SELECIONAR) | T97: =IF(U97="","","◄") | U97: =IF(AND(OR(S109>0,COUNTIF(ORÇAMENTO!$V$15:$V$39,BDI_3.Título)>0),OR(Import.BDI.Tipo3="(SELECIONAR)",Import.BDI.Tipo3="")),"Selecione o Tipo de obra","")
I98: =IF($S$109=0,"","F")
I99: =IF($S$109=0,"","F") | J99: Itens | R99: Siglas | S99: % Adotado | U99: Situação | X99: 1º Quartil | Y99: Médio | Z99: 3º Quartil
I100: =IF($S$109=0,"","F")
...

Sheet ORÇAMENTO
R1: PO - PLANILHA ORÇAMENTÁRIA | X1: Grau de Sigilo
D2: LOTE | E2: Meta | F2: Nível 2 | G2: Nível 3 | H2: Nível 4 | I2: Serviço | R2: {=IF(TIPOORCAMENTO="licitado","Orçamento Licitado","Orçamento Base para Licitação")&" - "&import.recurso} -> Orçamento Licitado - (SELECIONAR) | X2: #PUBLICO
E3: SINAPI | F3: SINAPI-I | G3: SICRO | H3: Composição | I3: Cotação
A4: Nmax | F4: BDI 1 | G4: BDI 2 | H4: BDI 3 | I4: 0 | O4: Nº OPERAÇÃO | Q4: Nº TransfereGOV | R4: PROPONENTE / TOMADOR | S4: APELIDO DO EMPREENDIMENTO
A5: =MAX($C$15:$C$39) -> 2 | F5: =IF(BDI.Opcao="DESONERADO",BDI!$S$30,BDI!$S$29) -> 0.25 | G5: =IF(BDI.Opcao="DESONERADO",BDI!$S$70,BDI!$S$69) -> 0 | H5: =IF(BDI.Opcao="DESONERADO",BDI!$S$110,BDI!$S$109) -> 0 | O5: =Import.CR -> 0 | Q5: {=Import.TransfereGOV} -> 0 | R5: =Import.Proponente -> MUNICÍPIO DE BENTO GONÇALVES | S5: =Import.Apelido -> REVITALIZAÇÃO DA PIPA PÓRTICO | AE5: Arredondamento
F7: RA | G7: RP | H7: CP | I7: OU | O7: LOCALIDADE SINAPI | Q7: DATA BASE | R7: {=IF(TIPOORCAMENTO="Licitado","NOME DA EMPRESA","DESCRIÇÃO DO LOTE")} -> NOME DA EMPRESA | S7: {=IF(TIPOORCAMENTO="Licitado","REGIME DE EXECUÇÃO","MUNICÍPIO / UF")} -> REGIME DE EXECUÇÃO | V7: {=IF(TIPOORCAMENTO="Licitado","","BDI 1")} | W7: {=IF(TIPOORCAMENTO="Licitado","","BDI 2")} | X7: {=IF(TIPOORCAMENTO="Licitado","Nº CTEF","BDI 3")} -> Nº CTEF | AC7: =IF(COUNTIFS($L$15:$L$39,"F",$AC$15:$AC$39,"JUSTIFICAR BDI")>0,"JUSTIFICAR BDI","") | AE7: Quantidade | AF7: TRUE | AJ7: QUANTIDADES: ACOMP. POR BM | AL7: PREÇO UNITÁRIO LICITADO
E8: Intervalo de procura: | F8: {=IF(LEN(INFO("release"))>5,"'Referência "&Excel_BuiltIn_Database&".xlsm'#Banco.$a5:$a$65536","'[Referência "&Excel_BuiltIn_Database&".xlsm]Banco'!$a5:$a$65536")} -> '[Referência 12-Monday.xlsm]Banco'!$a5:$a$65536 | L8: FILTRO | O8: {=IF(ISERROR(INDIRECT($F$9)),"(N/D: 'Referência "&Excel_BuiltIn_Database&".xlsm)",INDIRECT($F$9))} -> (N/D: 'Referência 12-Monday.xlsm) | Q8: {=TEXT(Import.DataBase,"mm-aa")&IF(DESONERACAO="Sim"," (DES.)"," (N DES.)")} -> 12-aa (N DES.) | R8: {=IF(TIPOORCAMENTO="Licitado",Import.empresa,Import.DescLote)} -> 0 | S8: {=IF(TIPOORCAMENTO="Licitado",Import.RegimeExecução,Import.Município)} -> EMPREITADA POR PREÇO GLOBAL | V8: {=IF(TIPOORCAMENTO="Licitado","",TEXT(F5,"0,00%"))} | W8: {=IF(TIPOORCAMENTO="Licitado","",TEXT(G5,"0,00%"))} | X8: {=IF(TIPOORCAMENTO="Licitado",Import.CTEF,TEXT(H5,"0,00%"))} -> 0 | Y8: RECURSO | Z8: SGL RECURSO | AE8: Custo Unitáro | AF8: TRUE
E9: Localidade: | F9: {=IF(LEN(INFO("release"))>5,"'Referência "&Excel_BuiltIn_Database&".xlsm'#Banco.$d$3","'[Referência "&Excel_BuiltIn_Database&".xlsm]Banco'!$d$3")} -> '[Referência 12-Monday.xlsm]Banco'!$d$3 | T9: =IF(AND(Import.TipoArredondamento="TransfereGOV",$AF$7=FALSE),"▼","") | U9: =IF(AND(Import.TipoArredondamento="TransfereGOV",$AF$8=FALSE),"▼","") | V9: =IF(AND(Import.TipoArredondamento="TransfereGOV",$AF$9=FALSE),"▼","") | W9: =IF(AND(Import.TipoArredondamento="TransfereGOV",$AF$10=FALSE),"▼","") | X9: =IF(AND(Import.TipoArredondamento="TransfereGOV",$AF$11=FALSE),"▼","") | AE9: BDI | AF9: TRUE
E10: Data base: | F10: {=IF(LEN(INFO("release"))>5,"'Referência "&Excel_BuiltIn_Database&".xlsm'#Banco.$B$3","'[Referência "&Excel_BuiltIn_Database&".xlsm]Banco'!$B$3")} -> '[Referência 12-Monday.xlsm]Banco'!$B$3 | AC10: ERRO GERAL | AE10: Preço Unitário | AF10: TRUE
F11: {=IFERROR(INDIRECT(F10),"")} | G11: {=IFERROR(TEXT(Import.DataBase,"mm/aaaa"),"")} -> 12/Monday | AC11: =IF(COUNTIFS($L$15:$L$39,"F",$AC$15:$AC$39,"<>"&" ",$AC$15:$AC$39,"<>"&"JUSTIFICAR BDI")>0,"NÃO OK","OK") -> OK | AE11: Preço Total | AF11: TRUE
O12: {=IF(AND(Import.TipoArredondamento="TransfereGOV",COUNTIF($AF$7:$AF$11,TRUE)<>5),"Para contratos que tramitam no Transferegov todos os valores devem ser arredondados para duas casas decimais", IF(AND($F$11<>"",$G$11<>"",$F$11<>$G$11),"O arquivo "&MID($F$10,2,SEARCH("]",$F$10)-1)&" está com a data base errada ("&F11&"). Corrija a data base antes de continuar.", IF(COUNTIF($AC$15:$AC$39,"FONTE")>0,"Falta preencher a Fonte (coluna P) na Linha "&(14+MATCH("FONTE",$AC$15:$AC$39,0)), IF(COUNTIF($AC$15:$AC$39,"CÓDIGO")>0,"Falta preencher o Código (coluna Q) na Linha "&(14+MATCH("CÓDIGO",$AC$15:$AC$39,0)), IF(COUNTIF($AC$15:$AC$39,"CÓDIGO N/ID")>0,"Código (coluna Q) não identificado na Linha "&(14+MATCH("CÓDIGO N/ID",$AC$15:$AC$39,0))&". Verifique se o código está correto ou busque outro código", IF(COUNTIF($AC$15:$AC$39,"DESCRIÇÃO")>0,"Falta preencher a Descrição (coluna R) na Linha "&(14+MATCH("DESCRIÇÃO",$AC$15:$AC$39,0)), IF(COUNTIF($AC$15:$AC$39,"UNIDADE")>0,"Falta preencher a Unidade (coluna S) na Linha "&(14+MATCH("UNIDADE",$AC$15:$AC$39,0)), IF(COUNTIF($AC$15:$AC$39,"SEM CUSTO")>0,"Falta preencher o Custo Unitário (coluna U) na Linha "&(14+MATCH("SEM CUSTO",$AC$15:$AC$39,0)), IF(COUNTIF($AC$15:$AC$39,"SEM PREÇO")>0,"Falta preencher o Preço Unitário licitado (coluna AL) na Linha "&(14+MATCH("SEM CUSTO",$AC$15:$AC$39,0)), IF(COUNTIF($AC$15:$AC$39,"BDI")>0,"Falta definir o BDI (coluna V) na Linha "&(14+MATCH("BDI",$AC$15:$AC$39,0)), IF(COUNTIF($AC$15:$AC$39,"ACIMA REF.")>0, IF(TIPOORCAMENTO="Proposto","O custo unitário (coluna U) na Linha "&(14+MATCH("ACIMA REF.",$AC$15:$AC$39,0))&" está acima do custo referencial (coluna AG)", "O preço unitário licitado (coluna AL) na Linha "&(14+MATCH("ACIMA REF.",$AC$15:$AC$39,0))&" está acima do preço referencial do edital (coluna AN)"), IF(COUNTIF($AC$15:$AC$39,"QUANT.")>0,"Falta a Quantidade do serviço na Linha "&(14+MATCH("QUANT.",$AC$15:$AC$39,0))&IF(ACOMPANHAMENTO="PLE",". Preencher na aba CÁLCULO",". Preencher na coluna AJ"), IF(COUNTIF($AC$15:$AC$39,"Código >13")>0,"O tamanho do código do serviço no TransfereGOV é limitado a 13 caracteres. Resuma o código (coluna Q) na Linha "&(14+MATCH("Código >13",$AC$15:$AC$39,0)), IF(COUNTIF($AC$15:$AC$39,"Descrição >100")>0,"O tamanho da descrição de macrosserviço no TransfereGOV é limitado a 100 caracteres. Resuma a descrição (coluna R) na Linha "&(14+MATCH("Descrição >100",$AC$15:$AC$39,0)), IF(COUNTIF($AC$15:$AC$39,"Descrição >500")>0,"O tamanho da descrição de serviço no TransfereGOV é limitado a 500 caracteres. Resuma a descrição (coluna R) na Linha "&(14+MATCH("Descrição >500",$AC$15:$AC$39,0)), IF(COUNTIF($AC$15:$AC$39,"Unid. Não Disp")>0,"Unidade não disponível na lista do TransfereGOV. Reveja a unidade (coluna S) na Linha "&(14+MATCH("Unid. Não Disp",$AC$15:$AC$39,0)), IF(AND(TIPOORCAMENTO="Proposto",LEFT($O$8,5)="(N/D:"),"Abra o arquivo Referência "&Excel_BuiltIn_Database&".xlsm","")))))))))))))))))} -> Código (coluna Q) não identificado na Linha 18. Verifique se o código está correto ou busque outro código | AA12: Valores não Arredondados | AJ12: ↓ | AL12: ↓
A13: Nível E | B13: Save Nivel | C13: Nível C | D13: Altura | E13: n1 | F13: n2 | G13: n3 | H13: n4 | I13: n5 | J13: Czero | K13: Cnível | L13: ↓ | M13: Nível | N13: Nível Corrigido | O13: Item | P13: Fonte | Q13: Código | R13: Descrição | S13: Unidade | T13: Quantidade | U13: {=IF(TIPOORCAMENTO="Licitado","","Custo Unitário (sem BDI) (R$)")} | V13: {=IF(TIPOORCAMENTO="Licitado","","BDI (%)")} | W13: Preço Unitário (com BDI) (R$) | X13: Preço Total (R$) | Y13: ↓ | Z13: ↓ | AA13: Contrapartida (R$) | AB13: Outros (R$) | AC13: Erro de Dados | AD13: Lista Crono | AE13: Concatenação Fonte-Código | AF13: BancoDesloc | AG13: Custo Unitário Referência (R$) | AH13: {=IF(TIPOORCAMENTO="LICITADO","Valor BDI Edital","Valor BDI")} -> Valor BDI Edital | AJ13: Quantidade | AL13: Preço Unitário (com BDI) (R$) | AM13: Preço Total Licit. (R$) | AN13: Preço Unitário Edital (R$)
A14: =CHOOSE(1+LOG(1+2*(ORÇAMENTO.Nivel="Meta")+4*(ORÇAMENTO.Nivel="Nível 2")+8*(ORÇAMENTO.Nivel="Nível 3")+16*(ORÇAMENTO.Nivel="Nível 4")+32*(ORÇAMENTO.Nivel="Serviço"),2),0,1,2,3,4,"S") -> S | B14: =IF(OR(C14="s",C14=0),OFFSET(B14,-1,0),C14) -> Save Nivel | C14: =IF(OFFSET(C14,-1,0)="L",1,IF(OFFSET(C14,-1,0)=1,2,IF(OR(A14="s",A14=0),"S",IF(AND(OFFSET(C14,-1,0)=2,A14=4),3,IF(AND(OR(OFFSET(C14,-1,0)="s",OFFSET(C14,-1,0)=0),A14<>"s",A14>OFFSET(B14,-1,0)),OFFSET(B14,-1,0),A14))))) -> S | D14: =IF(OR(C14="S",C14=0),0,IF(ISERROR(K14),J14,SMALL(J14:K14,1))) -> 0 | E14: =IF($C14=1,OFFSET(E14,-1,0)+MAX(1,COUNTIF(QCI!$A$13:$A$24,OFFSET(ORÇAMENTO!E14,-1,0))),OFFSET(E14,-1,0)) -> n1 | F14: =IF($C14=1,0,IF($C14=2,OFFSET(F14,-1,0)+1,OFFSET(F14,-1,0))) -> n2 | G14: =IF(AND($C14<=2,$C14<>0),0,IF($C14=3,OFFSET(G14,-1,0)+1,OFFSET(G14,-1,0))) -> n3 | H14: =IF(AND($C14<=3,$C14<>0),0,IF($C14=4,OFFSET(H14,-1,0)+1,OFFSET(H14,-1,0))) -> n4 | I14: =IF(AND($C14<=4,$C14<>0),0,IF(AND($C14="S",$X14>0),OFFSET(I14,-1,0)+1,OFFSET(I14,-1,0))) -> n5 | J14: =IF(OR($C14="S",$C14=0),0,MATCH(0,OFFSET($D14,1,$C14,ROW($C$39)-ROW($C14)),0)) -> 0 | K14: =IF(OR($C14="S",$C14=0),0,MATCH(OFFSET($D14,0,$C14)+IF($C14<>1,1,COUNTIF(QCI!$A$13:$A$24,ORÇAMENTO!E14)),OFFSET($D14,1,$C14,ROW($C$39)-ROW($C14)),0)) -> 0 | L14: =IF(OR($X14>0,$C14=1,$C14=2,$C14=3,$C14=4),"F","") | M14: Serviço | N14: =CHOOSE(1+LOG(1+2*(C14=1)+4*(C14=2)+8*(C14=3)+16*(C14=4)+32*(C14="S"),2),"","Meta","Nível 2","Nível 3","Nível 4","Serviço") -> Serviço | O14: =IF(OR($C14=0,$L14=""),"-",CONCATENATE(E14&".",IF(AND($A$5>=2,$C14>=2),F14&".",""),IF(AND($A$5>=3,$C14>=3),G14&".",""),IF(AND($A$5>=4,$C14>=4),H14&".",""),IF($C14="S",I14&".",""))) -> - | P14: SINAPI | R14: {=IF($C14="S",REFERENCIA.Descricao,"(digite a descrição aqui)")} -> (Sem Código) | S14: {=REFERENCIA.Unidade} -> - | T14: =OFFSET(CÁLCULO!H$15,ROW($T14)-ROW(T$15),0) -> 0 | V14: BDI 1 | W14: {=IF($C14="S",ROUND(IF(TIPOORCAMENTO="Proposto",ORÇAMENTO.CustoUnitario*(1+$AH14),ORÇAMENTO.PrecoUnitarioLicitado),15-13*$AF$10),0)} -> 0 | X14: {=IF($C14="S",IF(OR(Import.TipoArredondamento<>"TransfereGOV",ACOMPANHAMENTO="BM"),VTOTAL1,SUM(OFFSET(CÁLCULO!$AA$15,ROW($X14)-ROW($X$15),1):OFFSET(CÁLCULO!$AL$15,ROW($X14)-ROW($X$15),-1))),IF($C14=0,0,ROUND(SomaAgrup,15-13*$AF$11)))} -> 0 | Y14: RA | Z14: =IF(AND($C14="S",$X14>0),IF(ISBLANK($Y14),"RA",LEFT($Y14,2)),"") | AA14: {=IF($C14="S",IF($Z14="CP",$X14,IF($Z14="RA",(($X14)*QCI!$AA$3),0)),SomaAgrup)} -> 0 | AB14: {=IF($C14="S",IF($Z14="OU",ROUND($X14,2),0),SomaAgrup)} -> 0 | AC14: {=IF($N14=""," ", IF(AND($C14<>"S",OR($R14="",$R14="(digite a descrição aqui)")),"DESCRIÇÃO", IF(AND($C14="S",OR($Q14<>"",$T14>0,$U14>0),$P14=""),"FONTE", IF(AND($C14="S",$P14<>"",OR($T14>0,$U14>0),$Q14=""),"CÓDIGO", IF(AND($C14="S",$P14<>"",$Q14<>"",$R14="(Código não identificado nas referências)"),"CÓDIGO N/ID", IF(AND($C14="S",OR($R14="",$R14="(digite a descrição aqui)"),OR($Q14<>"",$T14>0,$U14>0)),"DESCRIÇÃO", IF(AND($C14="S",$P14<>"",$Q14<>"",$S14=""),"UNIDADE", IF(AND($C14="S",$P14<>"",$Q14<>"",$U14=0),"SEM CUSTO", IF(AND(TIPOORCAMENTO="Licitado",$AL14=0,$AN14>0),"SEM PREÇO", IF(AND($C14="S",$P14<>"",$Q14<>"",$U14>0,AND($V14<>"BDI 1",$V14<>"BDI 2",$V14<>"BDI 3")),IF(ISNUMBER($V14),"JUSTIFICAR BDI","BDI"), IF(OR(AND(import.recurso="OGU",TIPOORCAMENTO="Proposto",LEFT($O$8,5)<>"(N/D:",$AG14<>"",ORÇAMENTO.CustoUnitario>$AG14),AND(TIPOORCAMENTO="LICITADO",ORÇAMENTO.PrecoUnitarioLicitado>$AN14)),"ACIMA REF.", IF(AND($C14="S",$P14<>"",$Q14<>"",$T14=0,$U14>0),"QUANT.", IF(AND(Import.TipoArredondamento="TransfereGOV",$L14="F",$C14="S",LEN($Q14)>13),"Código >13", IF(AND(Import.TipoArredondamento="TransfereGOV",$L14="F",$C14<>"S",LEN($R14)>100),"Descrição >100", IF(AND(Import.TipoArredondamento="TransfereGOV",$L14="F",$C14="S",LEN($R14)>500),"Descrição >500", IF(AND(Import.TipoArredondamento="TransfereGOV",$L14="F",$C14="S",LEFT(TRIM(UPPER($P14)),6)<>"SINAPI",ISNA(VLOOKUP(TRIM(UPPER($S14)),ListaTgov.Unidades,1,FALSE))),"Unid. Não Disp", " "))))))))))))))))} | AD14: =IF(C14<=CRONO.NivelExibicao,MAX($AD$15:OFFSET(AD14,-1,0))+IF($C14<>1,1,MAX(1,COUNTIF(QCI!$A$13:$A$24,OFFSET($E14,-1,0)))),"") | AE14: {=IF(AND($C14="S",ORÇAMENTO.CodBarra<>""),IF(ORÇAMENTO.Fonte="",ORÇAMENTO.CodBarra,CONCATENATE(ORÇAMENTO.Fonte," ",ORÇAMENTO.CodBarra)))} -> FALSE | AF14: {=IF(ISERROR(ORÇAMENTO.BancoRef),"(abra o arquivo 'Referência "&Excel_BuiltIn_Database&".xlsm)",IF(OR($C14<>"S",ORÇAMENTO.CodBarra=""),"(Sem Código)",IF(ISERROR(MATCH($AE14,INDIRECT(ORÇAMENTO.BancoRef),0)),"(Código não identificado nas referências)",MATCH($AE14,INDIRECT(ORÇAMENTO.BancoRef),0))))} -> (Sem Código) | AG14: {=ROUND(IF(DESONERACAO="sim",REFERENCIA.Desonerado,REFERENCIA.NaoDesonerado),2)} -> 0 | AH14: =ROUND(IF(ISNUMBER(ORÇAMENTO.OpcaoBDI),ORÇAMENTO.OpcaoBDI,IF(LEFT(ORÇAMENTO.OpcaoBDI,3)="BDI",HLOOKUP(ORÇAMENTO.OpcaoBDI,$F$4:$H$5,2,FALSE),0)),15-11*$AF$9) -> 0.25 | AM14: =$X14 -> 0 | AN14: {=ROUND(ORÇAMENTO.CustoUnitario*(1+$AH14),2)} -> 0
A15: 0 | C15: L | D15: =COUNTA(OFFSET(D15,1,0):D$39) -> 23 | E15: 0 | L15: F | M15: {=IF(TIPOORCAMENTO="LICITADO","CTEF","LOTE")} -> CTEF | N15: {=IF(TIPOORCAMENTO="LICITADO","CTEF","LOTE")} -> CTEF | O15: =Import.DescLote -> REVITALIZAÇÃO DO PÓRTICO PIPA | X15: =SUMIF(OFFSET($C15,1,0,ROW(X39)-ROW(X15)-1),"S",OFFSET(X15,1,0,ROW(X39)-ROW(X15)-1)) -> 0 | Z15: =IF(AND($C15="S",$X15>0),LEFT($Y15,2),"") | AA15: =SUMIF(OFFSET($C15,1,0,ROW(AA39)-ROW(AA15)-1),"S",OFFSET(AA15,1,0,ROW(AA39)-ROW(AA15)-1)) -> 0 | AB15: =SUMIF(OFFSET($C15,1,0,ROW(AB39)-ROW(AB15)-1),"S",OFFSET(AB15,1,0,ROW(AB39)-ROW(AB15)-1)) -> 0 | AM15: =$X15 -> 0
A16: =CHOOSE(1+LOG(1+2*(ORÇAMENTO.Nivel="Meta")+4*(ORÇAMENTO.Nivel="Nível 2")+8*(ORÇAMENTO.Nivel="Nível 3")+16*(ORÇAMENTO.Nivel="Nível 4")+32*(ORÇAMENTO.Nivel="Serviço"),2),0,1,2,3,4,"S") -> 1 | B16: =IF(OR(C16="s",C16=0),OFFSET(B16,-1,0),C16) -> 1 | C16: =IF(OFFSET(C16,-1,0)="L",1,IF(OFFSET(C16,-1,0)=1,2,IF(OR(A16="s",A16=0),"S",IF(AND(OFFSET(C16,-1,0)=2,A16=4),3,IF(AND(OR(OFFSET(C16,-1,0)="s",OFFSET(C16,-1,0)=0),A16<>"s",A16>OFFSET(B16,-1,0)),OFFSET(B16,-1,0),A16))))) -> 1 | D16: =IF(OR(C16="S",C16=0),0,IF(ISERROR(K16),J16,SMALL(J16:K16,1))) -> 23 | E16: =IF($C16=1,OFFSET(E16,-1,0)+MAX(1,COUNTIF(QCI!$A$13:$A$24,OFFSET(ORÇAMENTO!E16,-1,0))),OFFSET(E16,-1,0)) -> 1 | F16: =IF($C16=1,0,IF($C16=2,OFFSET(F16,-1,0)+1,OFFSET(F16,-1,0))) -> 0 | G16: =IF(AND($C16<=2,$C16<>0),0,IF($C16=3,OFFSET(G16,-1,0)+1,OFFSET(G16,-1,0))) -> 0 | H16: =IF(AND($C16<=3,$C16<>0),0,IF($C16=4,OFFSET(H16,-1,0)+1,OFFSET(H16,-1,0))) -> 0 | I16: =IF(AND($C16<=4,$C16<>0),0,IF(AND($C16="S",$X16>0),OFFSET(I16,-1,0)+1,OFFSET(I16,-1,0))) -> 0 | J16: =IF(OR($C16="S",$C16=0),0,MATCH(0,OFFSET($D16,1,$C16,ROW($C$39)-ROW($C16)),0)) -> 23 | K16: =IF(OR($C16="S",$C16=0),0,MATCH(OFFSET($D16,0,$C16)+IF($C16<>1,1,COUNTIF(QCI!$A$13:$A$24,ORÇAMENTO!E16)),OFFSET($D16,1,$C16,ROW($C$39)-ROW($C16)),0)) -> #N/A | L16: =IF(OR($X16>0,$C16=1,$C16=2,$C16=3,$C16=4),"F","") -> F | M16: Meta | N16: =CHOOSE(1+LOG(1+2*(C16=1)+4*(C16=2)+8*(C16=3)+16*(C16=4)+32*(C16="S"),2),"","Meta","Nível 2","Nível 3","Nível 4","Serviço") -> Meta | O16: =IF(OR($C16=0,$L16=""),"-",CONCATENATE(E16&".",IF(AND($A$5>=2,$C16>=2),F16&".",""),IF(AND($A$5>=3,$C16>=3),G16&".",""),IF(AND($A$5>=4,$C16>=4),H16&".",""),IF($C16="S",I16&".",""))) -> 1. | P16: SINAPI | R16: REVITALIZAÇÃO DO PÓRTICO PIPA | S16: {=REFERENCIA.Unidade} -> - | T16: =OFFSET(CÁLCULO!H$15,ROW($T16)-ROW(T$15),0) -> 0 | V16: BDI 1 | W16: {=IF($C16="S",ROUND(IF(TIPOORCAMENTO="Proposto",ORÇAMENTO.CustoUnitario*(1+$AH16),ORÇAMENTO.PrecoUnitarioLicitado),15-13*$AF$10),0)} -> 0 | X16: {=IF($C16="S",IF(OR(Import.TipoArredondamento<>"TransfereGOV",ACOMPANHAMENTO="BM"),VTOTAL1,SUM(OFFSET(CÁLCULO!$AA$15,ROW($X16)-ROW($X$15),1):OFFSET(CÁLCULO!$AL$15,ROW($X16)-ROW($X$15),-1))),IF($C16=0,0,ROUND(SomaAgrup,15-13*$AF$11)))} -> 0 | Y16: RA | Z16: =IF(AND($C16="S",$X16>0),IF(ISBLANK($Y16),"RA",LEFT($Y16,2)),"") | AA16: {=IF($C16="S",IF($Z16="CP",$X16,IF($Z16="RA",(($X16)*QCI!$AA$3),0)),SomaAgrup)} -> 0 | AB16: {=IF($C16="S",IF($Z16="OU",ROUND($X16,2),0),SomaAgrup)} -> 0 | AC16: {=IF($N16=""," ", IF(AND($C16<>"S",OR($R16="",$R16="(digite a descrição aqui)")),"DESCRIÇÃO", IF(AND($C16="S",OR($Q16<>"",$T16>0,$U16>0),$P16=""),"FONTE", IF(AND($C16="S",$P16<>"",OR($T16>0,$U16>0),$Q16=""),"CÓDIGO", IF(AND($C16="S",$P16<>"",$Q16<>"",$R16="(Código não identificado nas referências)"),"CÓDIGO N/ID", IF(AND($C16="S",OR($R16="",$R16="(digite a descrição aqui)"),OR($Q16<>"",$T16>0,$U16>0)),"DESCRIÇÃO", IF(AND($C16="S",$P16<>"",$Q16<>"",$S16=""),"UNIDADE", IF(AND($C16="S",$P16<>"",$Q16<>"",$U16=0),"SEM CUSTO", IF(AND(TIPOORCAMENTO="Licitado",$AL16=0,$AN16>0),"SEM PREÇO", IF(AND($C16="S",$P16<>"",$Q16<>"",$U16>0,AND($V16<>"BDI 1",$V16<>"BDI 2",$V16<>"BDI 3")),IF(ISNUMBER($V16),"JUSTIFICAR BDI","BDI"), IF(OR(AND(import.recurso="OGU",TIPOORCAMENTO="Proposto",LEFT($O$8,5)<>"(N/D:",$AG16<>"",ORÇAMENTO.CustoUnitario>$AG16),AND(TIPOORCAMENTO="LICITADO",ORÇAMENTO.PrecoUnitarioLicitado>$AN16)),"ACIMA REF.", IF(AND($C16="S",$P16<>"",$Q16<>"",$T16=0,$U16>0),"QUANT.", IF(AND(Import.TipoArredondamento="TransfereGOV",$L16="F",$C16="S",LEN($Q16)>13),"Código >13", IF(AND(Import.TipoArredondamento="TransfereGOV",$L16="F",$C16<>"S",LEN($R16)>100),"Descrição >100", IF(AND(Import.TipoArredondamento="TransfereGOV",$L16="F",$C16="S",LEN($R16)>500),"Descrição >500", IF(AND(Import.TipoArredondamento="TransfereGOV",$L16="F",$C16="S",LEFT(TRIM(UPPER($P16)),6)<>"SINAPI",ISNA(VLOOKUP(TRIM(UPPER($S16)),ListaTgov.Unidades,1,FALSE))),"Unid. Não Disp", " "))))))))))))))))} | AD16: =IF(C16<=CRONO.NivelExibicao,MAX($AD$15:OFFSET(AD16,-1,0))+IF($C16<>1,1,MAX(1,COUNTIF(QCI!$A$13:$A$24,OFFSET($E16,-1,0)))),"") -> 1 | AE16: {=IF(AND($C16="S",ORÇAMENTO.CodBarra<>""),IF(ORÇAMENTO.Fonte="",ORÇAMENTO.CodBarra,CONCATENATE(ORÇAMENTO.Fonte," ",ORÇAMENTO.CodBarra)))} -> FALSE | AF16: {=IF(ISERROR(ORÇAMENTO.BancoRef),"(abra o arquivo 'Referência "&Excel_BuiltIn_Database&".xlsm)",IF(OR($C16<>"S",ORÇAMENTO.CodBarra=""),"(Sem Código)",IF(ISERROR(MATCH($AE16,INDIRECT(ORÇAMENTO.BancoRef),0)),"(Código não identificado nas referências)",MATCH($AE16,INDIRECT(ORÇAMENTO.BancoRef),0))))} -> (Sem Código) | AG16: {=ROUND(IF(DESONERACAO="sim",REFERENCIA.Desonerado,REFERENCIA.NaoDesonerado),2)} -> 0 | AH16: =ROUND(IF(ISNUMBER(ORÇAMENTO.OpcaoBDI),ORÇAMENTO.OpcaoBDI,IF(LEFT(ORÇAMENTO.OpcaoBDI,3)="BDI",HLOOKUP(ORÇAMENTO.OpcaoBDI,$F$4:$H$5,2,FALSE),0)),15-11*$AF$9) -> 0.25 | AM16: =$X16 -> 0 | AN16: {=ROUND(ORÇAMENTO.CustoUnitario*(1+$AH16),2)} -> 0
A17: =CHOOSE(1+LOG(1+2*(ORÇAMENTO.Nivel="Meta")+4*(ORÇAMENTO.Nivel="Nível 2")+8*(ORÇAMENTO.Nivel="Nível 3")+16*(ORÇAMENTO.Nivel="Nível 4")+32*(ORÇAMENTO.Nivel="Serviço"),2),0,1,2,3,4,"S") -> 2 | B17: =IF(OR(C17="s",C17=0),OFFSET(B17,-1,0),C17) -> 2 | C17: =IF(OFFSET(C17,-1,0)="L",1,IF(OFFSET(C17,-1,0)=1,2,IF(OR(A17="s",A17=0),"S",IF(AND(OFFSET(C17,-1,0)=2,A17=4),3,IF(AND(OR(OFFSET(C17,-1,0)="s",OFFSET(C17,-1,0)=0),A17<>"s",A17>OFFSET(B17,-1,0)),OFFSET(B17,-1,0),A17))))) -> 2 | D17: =IF(OR(C17="S",C17=0),0,IF(ISERROR(K17),J17,SMALL(J17:K17,1))) -> 6 | E17: =IF($C17=1,OFFSET(E17,-1,0)+MAX(1,COUNTIF(QCI!$A$13:$A$24,OFFSET(ORÇAMENTO!E17,-1,0))),OFFSET(E17,-1,0)) -> 1 | F17: =IF($C17=1,0,IF($C17=2,OFFSET(F17,-1,0)+1,OFFSET(F17,-1,0))) -> 1 | G17: =IF(AND($C17<=2,$C17<>0),0,IF($C17=3,OFFSET(G17,-1,0)+1,OFFSET(G17,-1,0))) -> 0 | H17: =IF(AND($C17<=3,$C17<>0),0,IF($C17=4,OFFSET(H17,-1,0)+1,OFFSET(H17,-1,0))) -> 0 | I17: =IF(AND($C17<=4,$C17<>0),0,IF(AND($C17="S",$X17>0),OFFSET(I17,-1,0)+1,OFFSET(I17,-1,0))) -> 0 | J17: =IF(OR($C17="S",$C17=0),0,MATCH(0,OFFSET($D17,1,$C17,ROW($C$39)-ROW($C17)),0)) -> 22 | K17: =IF(OR($C17="S",$C17=0),0,MATCH(OFFSET($D17,0,$C17)+IF($C17<>1,1,COUNTIF(QCI!$A$13:$A$24,ORÇAMENTO!E17)),OFFSET($D17,1,$C17,ROW($C$39)-ROW($C17)),0)) -> 6 | L17: =IF(OR($X17>0,$C17=1,$C17=2,$C17=3,$C17=4),"F","") -> F | M17: Nível 2 | N17: =CHOOSE(1+LOG(1+2*(C17=1)+4*(C17=2)+8*(C17=3)+16*(C17=4)+32*(C17="S"),2),"","Meta","Nível 2","Nível 3","Nível 4","Serviço") -> Nível 2 | O17: =IF(OR($C17=0,$L17=""),"-",CONCATENATE(E17&".",IF(AND($A$5>=2,$C17>=2),F17&".",""),IF(AND($A$5>=3,$C17>=3),G17&".",""),IF(AND($A$5>=4,$C17>=4),H17&".",""),IF($C17="S",I17&".",""))) -> 1.1. | P17: SINAPI | R17: SERVIÇOS INICIAIS | S17: {=REFERENCIA.Unidade} -> - | T17: =OFFSET(CÁLCULO!H$15,ROW($T17)-ROW(T$15),0) -> 0 | V17: BDI 1 | W17: {=IF($C17="S",ROUND(IF(TIPOORCAMENTO="Proposto",ORÇAMENTO.CustoUnitario*(1+$AH17),ORÇAMENTO.PrecoUnitarioLicitado),15-13*$AF$10),0)} -> 0 | X17: {=IF($C17="S",IF(OR(Import.TipoArredondamento<>"TransfereGOV",ACOMPANHAMENTO="BM"),VTOTAL1,SUM(OFFSET(CÁLCULO!$AA$15,ROW($X17)-ROW($X$15),1):OFFSET(CÁLCULO!$AL$15,ROW($X17)-ROW($X$15),-1))),IF($C17=0,0,ROUND(SomaAgrup,15-13*$AF$11)))} -> 0 | Y17: RA | Z17: =IF(AND($C17="S",$X17>0),IF(ISBLANK($Y17),"RA",LEFT($Y17,2)),"") | AA17: {=IF($C17="S",IF($Z17="CP",$X17,IF($Z17="RA",(($X17)*QCI!$AA$3),0)),SomaAgrup)} -> 0 | AB17: {=IF($C17="S",IF($Z17="OU",ROUND($X17,2),0),SomaAgrup)} -> 0 | AC17: {=IF($N17=""," ", IF(AND($C17<>"S",OR($R17="",$R17="(digite a descrição aqui)")),"DESCRIÇÃO", IF(AND($C17="S",OR($Q17<>"",$T17>0,$U17>0),$P17=""),"FONTE", IF(AND($C17="S",$P17<>"",OR($T17>0,$U17>0),$Q17=""),"CÓDIGO", IF(AND($C17="S",$P17<>"",$Q17<>"",$R17="(Código não identificado nas referências)"),"CÓDIGO N/ID", IF(AND($C17="S",OR($R17="",$R17="(digite a descrição aqui)"),OR($Q17<>"",$T17>0,$U17>0)),"DESCRIÇÃO", IF(AND($C17="S",$P17<>"",$Q17<>"",$S17=""),"UNIDADE", IF(AND($C17="S",$P17<>"",$Q17<>"",$U17=0),"SEM CUSTO", IF(AND(TIPOORCAMENTO="Licitado",$AL17=0,$AN17>0),"SEM PREÇO", IF(AND($C17="S",$P17<>"",$Q17<>"",$U17>0,AND($V17<>"BDI 1",$V17<>"BDI 2",$V17<>"BDI 3")),IF(ISNUMBER($V17),"JUSTIFICAR BDI","BDI"), IF(OR(AND(import.recurso="OGU",TIPOORCAMENTO="Proposto",LEFT($O$8,5)<>"(N/D:",$AG17<>"",ORÇAMENTO.CustoUnitario>$AG17),AND(TIPOORCAMENTO="LICITADO",ORÇAMENTO.PrecoUnitarioLicitado>$AN17)),"ACIMA REF.", IF(AND($C17="S",$P17<>"",$Q17<>"",$T17=0,$U17>0),"QUANT.", IF(AND(Import.TipoArredondamento="TransfereGOV",$L17="F",$C17="S",LEN($Q17)>13),"Código >13", IF(AND(Import.TipoArredondamento="TransfereGOV",$L17="F",$C17<>"S",LEN($R17)>100),"Descrição >100", IF(AND(Import.TipoArredondamento="TransfereGOV",$L17="F",$C17="S",LEN($R17)>500),"Descrição >500", IF(AND(Import.TipoArredondamento="TransfereGOV",$L17="F",$C17="S",LEFT(TRIM(UPPER($P17)),6)<>"SINAPI",ISNA(VLOOKUP(TRIM(UPPER($S17)),ListaTgov.Unidades,1,FALSE))),"Unid. Não Disp", " "))))))))))))))))} | AD17: =IF(C17<=CRONO.NivelExibicao,MAX($AD$15:OFFSET(AD17,-1,0))+IF($C17<>1,1,MAX(1,COUNTIF(QCI!$A$13:$A$24,OFFSET($E17,-1,0)))),"") -> 2 | AE17: {=IF(AND($C17="S",ORÇAMENTO.CodBarra<>""),IF(ORÇAMENTO.Fonte="",ORÇAMENTO.CodBarra,CONCATENATE(ORÇAMENTO.Fonte," ",ORÇAMENTO.CodBarra)))} -> FALSE | AF17: {=IF(ISERROR(ORÇAMENTO.BancoRef),"(abra o arquivo 'Referência "&Excel_BuiltIn_Database&".xlsm)",IF(OR($C17<>"S",ORÇAMENTO.CodBarra=""),"(Sem Código)",IF(ISERROR(MATCH($AE17,INDIRECT(ORÇAMENTO.BancoRef),0)),"(Código não identificado nas referências)",MATCH($AE17,INDIRECT(ORÇAMENTO.BancoRef),0))))} -> (Sem Código) | AG17: {=ROUND(IF(DESONERACAO="sim",REFERENCIA.Desonerado,REFERENCIA.NaoDesonerado),2)} -> 0 | AH17: =ROUND(IF(ISNUMBER(ORÇAMENTO.OpcaoBDI),ORÇAMENTO.OpcaoBDI,IF(LEFT(ORÇAMENTO.OpcaoBDI,3)="BDI",HLOOKUP(ORÇAMENTO.OpcaoBDI,$F$4:$H$5,2,FALSE),0)),15-11*$AF$9) -> 0.25 | AM17: =$X17 -> 0 | AN17: {=ROUND(ORÇAMENTO.CustoUnitario*(1+$AH17),2)} -> 0
A18: =CHOOSE(1+LOG(1+2*(ORÇAMENTO.Nivel="Meta")+4*(ORÇAMENTO.Nivel="Nível 2")+8*(ORÇAMENTO.Nivel="Nível 3")+16*(ORÇAMENTO.Nivel="Nível 4")+32*(ORÇAMENTO.Nivel="Serviço"),2),0,1,2,3,4,"S") -> S | B18: =IF(OR(C18="s",C18=0),OFFSET(B18,-1,0),C18) -> 2 | C18: =IF(OFFSET(C18,-1,0)="L",1,IF(OFFSET(C18,-1,0)=1,2,IF(OR(A18="s",A18=0),"S",IF(AND(OFFSET(C18,-1,0)=2,A18=4),3,IF(AND(OR(OFFSET(C18,-1,0)="s",OFFSET(C18,-1,0)=0),A18<>"s",A18>OFFSET(B18,-1,0)),OFFSET(B18,-1,0),A18))))) -> S | D18: =IF(OR(C18="S",C18=0),0,IF(ISERROR(K18),J18,SMALL(J18:K18,1))) -> 0 | E18: =IF($C18=1,OFFSET(E18,-1,0)+MAX(1,COUNTIF(QCI!$A$13:$A$24,OFFSET(ORÇAMENTO!E18,-1,0))),OFFSET(E18,-1,0)) -> 1 | F18: =IF($C18=1,0,IF($C18=2,OFFSET(F18,-1,0)+1,OFFSET(F18,-1,0))) -> 1 | G18: =IF(AND($C18<=2,$C18<>0),0,IF($C18=3,OFFSET(G18,-1,0)+1,OFFSET(G18,-1,0))) -> 0 | H18: =IF(AND($C18<=3,$C18<>0),0,IF($C18=4,OFFSET(H18,-1,0)+1,OFFSET(H18,-1,0))) -> 0 | I18: =IF(AND($C18<=4,$C18<>0),0,IF(AND($C18="S",$X18>0),OFFSET(I18,-1,0)+1,OFFSET(I18,-1,0))) -> 0 | J18: =IF(OR($C18="S",$C18=0),0,MATCH(0,OFFSET($D18,1,$C18,ROW($C$39)-ROW($C18)),0)) -> 0 | K18: =IF(OR($C18="S",$C18=0),0,MATCH(OFFSET($D18,0,$C18)+IF($C18<>1,1,COUNTIF(QCI!$A$13:$A$24,ORÇAMENTO!E18)),OFFSET($D18,1,$C18,ROW($C$39)-ROW($C18)),0)) -> 0 | L18: =IF(OR($X18>0,$C18=1,$C18=2,$C18=3,$C18=4),"F","") | M18: Serviço | N18: =CHOOSE(1+LOG(1+2*(C18=1)+4*(C18=2)+8*(C18=3)+16*(C18=4)+32*(C18="S"),2),"","Meta","Nível 2","Nível 3","Nível 4","Serviço") -> Serviço | O18: =IF(OR($C18=0,$L18=""),"-",CONCATENATE(E18&".",IF(AND($A$5>=2,$C18>=2),F18&".",""),IF(AND($A$5>=3,$C18>=3),G18&".",""),IF(AND($A$5>=4,$C18>=4),H18&".",""),IF($C18="S",I18&".",""))) -> - | P18: SINAPI | Q18: 103689 | R18: {=IF($C18="S",REFERENCIA.Descricao,"(digite a descrição aqui)")} -> (Código não identificado nas referências) | S18: {=REFERENCIA.Unidade} -> - | T18: =OFFSET(CÁLCULO!H$15,ROW($T18)-ROW(T$15),0) -> 4.5 | U18: =AG18 -> 0 | V18: BDI 1 | W18: {=IF($C18="S",ROUND(IF(TIPOORCAMENTO="Proposto",ORÇAMENTO.CustoUnitario*(1+$AH18),ORÇAMENTO.PrecoUnitarioLicitado),15-13*$AF$10),0)} -> 0 | X18: {=IF($C18="S",IF(OR(Import.TipoArredondamento<>"TransfereGOV",ACOMPANHAMENTO="BM"),VTOTAL1,SUM(OFFSET(CÁLCULO!$AA$15,ROW($X18)-ROW($X$15),1):OFFSET(CÁLCULO!$AL$15,ROW($X18)-ROW($X$15),-1))),IF($C18=0,0,ROUND(SomaAgrup,15-13*$AF$11)))} -> 0 | Y18: RA | Z18: =IF(AND($C18="S",$X18>0),IF(ISBLANK($Y18),"RA",LEFT($Y18,2)),"") | AA18: {=IF($C18="S",IF($Z18="CP",$X18,IF($Z18="RA",(($X18)*QCI!$AA$3),0)),SomaAgrup)} -> 0 | AB18: {=IF($C18="S",IF($Z18="OU",ROUND($X18,2),0),SomaAgrup)} -> 0 | AC18: {=IF($N18=""," ", IF(AND($C18<>"S",OR($R18="",$R18="(digite a descrição aqui)")),"DESCRIÇÃO", IF(AND($C18="S",OR($Q18<>"",$T18>0,$U18>0),$P18=""),"FONTE", IF(AND($C18="S",$P18<>"",OR($T18>0,$U18>0),$Q18=""),"CÓDIGO", IF(AND($C18="S",$P18<>"",$Q18<>"",$R18="(Código não identificado nas referências)"),"CÓDIGO N/ID", IF(AND($C18="S",OR($R18="",$R18="(digite a descrição aqui)"),OR($Q18<>"",$T18>0,$U18>0)),"DESCRIÇÃO", IF(AND($C18="S",$P18<>"",$Q18<>"",$S18=""),"UNIDADE", IF(AND($C18="S",$P18<>"",$Q18<>"",$U18=0),"SEM CUSTO", IF(AND(TIPOORCAMENTO="Licitado",$AL18=0,$AN18>0),"SEM PREÇO", IF(AND($C18="S",$P18<>"",$Q18<>"",$U18>0,AND($V18<>"BDI 1",$V18<>"BDI 2",$V18<>"BDI 3")),IF(ISNUMBER($V18),"JUSTIFICAR BDI","BDI"), IF(OR(AND(import.recurso="OGU",TIPOORCAMENTO="Proposto",LEFT($O$8,5)<>"(N/D:",$AG18<>"",ORÇAMENTO.CustoUnitario>$AG18),AND(TIPOORCAMENTO="LICITADO",ORÇAMENTO.PrecoUnitarioLicitado>$AN18)),"ACIMA REF.", IF(AND($C18="S",$P18<>"",$Q18<>"",$T18=0,$U18>0),"QUANT.", IF(AND(Import.TipoArredondamento="TransfereGOV",$L18="F",$C18="S",LEN($Q18)>13),"Código >13", IF(AND(Import.TipoArredondamento="TransfereGOV",$L18="F",$C18<>"S",LEN($R18)>100),"Descrição >100", IF(AND(Import.TipoArredondamento="TransfereGOV",$L18="F",$C18="S",LEN($R18)>500),"Descrição >500", IF(AND(Import.TipoArredondamento="TransfereGOV",$L18="F",$C18="S",LEFT(TRIM(UPPER($P18)),6)<>"SINAPI",ISNA(VLOOKUP(TRIM(UPPER($S18)),ListaTgov.Unidades,1,FALSE))),"Unid. Não Disp", " "))))))))))))))))} -> CÓDIGO N/ID | AD18: =IF(C18<=CRONO.NivelExibicao,MAX($AD$15:OFFSET(AD18,-1,0))+IF($C18<>1,1,MAX(1,COUNTIF(QCI!$A$13:$A$24,OFFSET($E18,-1,0)))),"") | AE18: {=IF(AND($C18="S",ORÇAMENTO.CodBarra<>""),IF(ORÇAMENTO.Fonte="",ORÇAMENTO.CodBarra,CONCATENATE(ORÇAMENTO.Fonte," ",ORÇAMENTO.CodBarra)))} -> SINAPI 103689 | AF18: {=IF(ISERROR(ORÇAMENTO.BancoRef),"(abra o arquivo 'Referência "&Excel_BuiltIn_Database&".xlsm)",IF(OR($C18<>"S",ORÇAMENTO.CodBarra=""),"(Sem Código)",IF(ISERROR(MATCH($AE18,INDIRECT(ORÇAMENTO.BancoRef),0)),"(Código não identificado nas referências)",MATCH($AE18,INDIRECT(ORÇAMENTO.BancoRef),0))))} -> (Código não identificado nas referências) | AG18: {=ROUND(IF(DESONERACAO="sim",REFERENCIA.Desonerado,REFERENCIA.NaoDesonerado),2)} -> 0 | AH18: =ROUND(IF(ISNUMBER(ORÇAMENTO.OpcaoBDI),ORÇAMENTO.OpcaoBDI,IF(LEFT(ORÇAMENTO.OpcaoBDI,3)="BDI",HLOOKUP(ORÇAMENTO.OpcaoBDI,$F$4:$H$5,2,FALSE),0)),15-11*$AF$9) -> 0.25 | AM18: =$X18 -> 0 | AN18: {=ROUND(ORÇAMENTO.CustoUnitario*(1+$AH18),2)} -> 0
A19: =CHOOSE(1+LOG(1+2*(ORÇAMENTO.Nivel="Meta")+4*(ORÇAMENTO.Nivel="Nível 2")+8*(ORÇAMENTO.Nivel="Nível 3")+16*(ORÇAMENTO.Nivel="Nível 4")+32*(ORÇAMENTO.Nivel="Serviço"),2),0,1,2,3,4,"S") -> S | B19: =IF(OR(C19="s",C19=0),OFFSET(B19,-1,0),C19) -> 2 | C19: =IF(OFFSET(C19,-1,0)="L",1,IF(OFFSET(C19,-1,0)=1,2,IF(OR(A19="s",A19=0),"S",IF(AND(OFFSET(C19,-1,0)=2,A19=4),3,IF(AND(OR(OFFSET(C19,-1,0)="s",OFFSET(C19,-1,0)=0),A19<>"s",A19>OFFSET(B19,-1,0)),OFFSET(B19,-1,0),A19))))) -> S | D19: =IF(OR(C19="S",C19=0),0,IF(ISERROR(K19),J19,SMALL(J19:K19,1))) -> 0 | E19: =IF($C19=1,OFFSET(E19,-1,0)+MAX(1,COUNTIF(QCI!$A$13:$A$24,OFFSET(ORÇAMENTO!E19,-1,0))),OFFSET(E19,-1,0)) -> 1 | F19: =IF($C19=1,0,IF($C19=2,OFFSET(F19,-1,0)+1,OFFSET(F19,-1,0))) -> 1 | G19: =IF(AND($C19<=2,$C19<>0),0,IF($C19=3,OFFSET(G19,-1,0)+1,OFFSET(G19,-1,0))) -> 0 | H19: =IF(AND($C19<=3,$C19<>0),0,IF($C19=4,OFFSET(H19,-1,0)+1,OFFSET(H19,-1,0))) -> 0 | I19: =IF(AND($C19<=4,$C19<>0),0,IF(AND($C19="S",$X19>0),OFFSET(I19,-1,0)+1,OFFSET(I19,-1,0))) -> 0 | J19: =IF(OR($C19="S",$C19=0),0,MATCH(0,OFFSET($D19,1,$C19,ROW($C$39)-ROW($C19)),0)) -> 0 | K19: =IF(OR($C19="S",$C19=0),0,MATCH(OFFSET($D19,0,$C19)+IF($C19<>1,1,COUNTIF(QCI!$A$13:$A$24,ORÇAMENTO!E19)),OFFSET($D19,1,$C19,ROW($C$39)-ROW($C19)),0)) -> 0 | L19: =IF(OR($X19>0,$C19=1,$C19=2,$C19=3,$C19=4),"F","") | M19: Serviço | N19: =CHOOSE(1+LOG(1+2*(C19=1)+4*(C19=2)+8*(C19=3)+16*(C19=4)+32*(C19="S"),2),"","Meta","Nível 2","Nível 3","Nível 4","Serviço") -> Serviço | O19: =IF(OR($C19=0,$L19=""),"-",CONCATENATE(E19&".",IF(AND($A$5>=2,$C19>=2),F19&".",""),IF(AND($A$5>=3,$C19>=3),G19&".",""),IF(AND($A$5>=4,$C19>=4),H19&".",""),IF($C19="S",I19&".",""))) -> - | P19: SICRO-E-CHP | Q19: E9690 | R19: {=IF($C19="S",REFERENCIA.Descricao,"(digite a descrição aqui)")} -> (Código não identificado nas referências) | S19: {=REFERENCIA.Unidade} -> - | T19: =OFFSET(CÁLCULO!H$15,ROW($T19)-ROW(T$15),0) -> 455 | U19: =AG19 -> 0 | V19: BDI 1 | W19: {=IF($C19="S",ROUND(IF(TIPOORCAMENTO="Proposto",ORÇAMENTO.CustoUnitario*(1+$AH19),ORÇAMENTO.PrecoUnitarioLicitado),15-13*$AF$10),0)} -> 0 | X19: {=IF($C19="S",IF(OR(Import.TipoArredondamento<>"TransfereGOV",ACOMPANHAMENTO="BM"),VTOTAL1,SUM(OFFSET(CÁLCULO!$AA$15,ROW($X19)-ROW($X$15),1):OFFSET(CÁLCULO!$AL$15,ROW($X19)-ROW($X$15),-1))),IF($C19=0,0,ROUND(SomaAgrup,15-13*$AF$11)))} -> 0 | Y19: RA | Z19: =IF(AND($C19="S",$X19>0),IF(ISBLANK($Y19),"RA",LEFT($Y19,2)),"") | AA19: {=IF($C19="S",IF($Z19="CP",$X19,IF($Z19="RA",(($X19)*QCI!$AA$3),0)),SomaAgrup)} -> 0 | AB19: {=IF($C19="S",IF($Z19="OU",ROUND($X19,2),0),SomaAgrup)} -> 0 | AC19: {=IF($N19=""," ", IF(AND($C19<>"S",OR($R19="",$R19="(digite a descrição aqui)")),"DESCRIÇÃO", IF(AND($C19="S",OR($Q19<>"",$T19>0,$U19>0),$P19=""),"FONTE", IF(AND($C19="S",$P19<>"",OR($T19>0,$U19>0),$Q19=""),"CÓDIGO", IF(AND($C19="S",$P19<>"",$Q19<>"",$R19="(Código não identificado nas referências)"),"CÓDIGO N/ID", IF(AND($C19="S",OR($R19="",$R19="(digite a descrição aqui)"),OR($Q19<>"",$T19>0,$U19>0)),"DESCRIÇÃO", IF(AND($C19="S",$P19<>"",$Q19<>"",$S19=""),"UNIDADE", IF(AND($C19="S",$P19<>"",$Q19<>"",$U19=0),"SEM CUSTO", IF(AND(TIPOORCAMENTO="Licitado",$AL19=0,$AN19>0),"SEM PREÇO", IF(AND($C19="S",$P19<>"",$Q19<>"",$U19>0,AND($V19<>"BDI 1",$V19<>"BDI 2",$V19<>"BDI 3")),IF(ISNUMBER($V19),"JUSTIFICAR BDI","BDI"), IF(OR(AND(import.recurso="OGU",TIPOORCAMENTO="Proposto",LEFT($O$8,5)<>"(N/D:",$AG19<>"",ORÇAMENTO.CustoUnitario>$AG19),AND(TIPOORCAMENTO="LICITADO",ORÇAMENTO.PrecoUnitarioLicitado>$AN19)),"ACIMA REF.", IF(AND($C19="S",$P19<>"",$Q19<>"",$T19=0,$U19>0),"QUANT.", IF(AND(Import.TipoArredondamento="TransfereGOV",$L19="F",$C19="S",LEN($Q19)>13),"Código >13", IF(AND(Import.TipoArredondamento="TransfereGOV",$L19="F",$C19<>"S",LEN($R19)>100),"Descrição >100", IF(AND(Import.TipoArredondamento="TransfereGOV",$L19="F",$C19="S",LEN($R19)>500),"Descrição >500", IF(AND(Import.TipoArredondamento="TransfereGOV",$L19="F",$C19="S",LEFT(TRIM(UPPER($P19)),6)<>"SINAPI",ISNA(VLOOKUP(TRIM(UPPER($S19)),ListaTgov.Unidades,1,FALSE))),"Unid. Não Disp", " "))))))))))))))))} -> CÓDIGO N/ID | AD19: =IF(C19<=CRONO.NivelExibicao,MAX($AD$15:OFFSET(AD19,-1,0))+IF($C19<>1,1,MAX(1,COUNTIF(QCI!$A$13:$A$24,OFFSET($E19,-1,0)))),"") | AE19: {=IF(AND($C19="S",ORÇAMENTO.CodBarra<>""),IF(ORÇAMENTO.Fonte="",ORÇAMENTO.CodBarra,CONCATENATE(ORÇAMENTO.Fonte," ",ORÇAMENTO.CodBarra)))} -> SICRO-E-CHP E9690 | AF19: {=IF(ISERROR(ORÇAMENTO.BancoRef),"(abra o arquivo 'Referência "&Excel_BuiltIn_Database&".xlsm)",IF(OR($C19<>"S",ORÇAMENTO.CodBarra=""),"(Sem Código)",IF(ISERROR(MATCH($AE19,INDIRECT(ORÇAMENTO.BancoRef),0)),"(Código não identificado nas referências)",MATCH($AE19,INDIRECT(ORÇAMENTO.BancoRef),0))))} -> (Código não identificado nas referências) | AG19: {=ROUND(IF(DESONERACAO="sim",REFERENCIA.Desonerado,REFERENCIA.NaoDesonerado),2)} -> 0 | AH19: =ROUND(IF(ISNUMBER(ORÇAMENTO.OpcaoBDI),ORÇAMENTO.OpcaoBDI,IF(LEFT(ORÇAMENTO.OpcaoBDI,3)="BDI",HLOOKUP(ORÇAMENTO.OpcaoBDI,$F$4:$H$5,2,FALSE),0)),15-11*$AF$9) -> 0.25 | AM19: =$X19 -> 0 | AN19: {=ROUND(ORÇAMENTO.CustoUnitario*(1+$AH19),2)} -> 0
A20: =CHOOSE(1+LOG(1+2*(ORÇAMENTO.Nivel="Meta")+4*(ORÇAMENTO.Nivel="Nível 2")+8*(ORÇAMENTO.Nivel="Nível 3")+16*(ORÇAMENTO.Nivel="Nível 4")+32*(ORÇAMENTO.Nivel="Serviço"),2),0,1,2,3,4,"S") -> S | B20: =IF(OR(C20="s",C20=0),OFFSET(B20,-1,0),C20) -> 2 | C20: =IF(OFFSET(C20,-1,0)="L",1,IF(OFFSET(C20,-1,0)=1,2,IF(OR(A20="s",A20=0),"S",IF(AND(OFFSET(C20,-1,0)=2,A20=4),3,IF(AND(OR(OFFSET(C20,-1,0)="s",OFFSET(C20,-1,0)=0),A20<>"s",A20>OFFSET(B20,-1,0)),OFFSET(B20,-1,0),A20))))) -> S | D20: =IF(OR(C20="S",C20=0),0,IF(ISERROR(K20),J20,SMALL(J20:K20,1))) -> 0 | E20: =IF($C20=1,OFFSET(E20,-1,0)+MAX(1,COUNTIF(QCI!$A$13:$A$24,OFFSET(ORÇAMENTO!E20,-1,0))),OFFSET(E20,-1,0)) -> 1 | F20: =IF($C20=1,0,IF($C20=2,OFFSET(F20,-1,0)+1,OFFSET(F20,-1,0))) -> 1 | G20: =IF(AND($C20<=2,$C20<>0),0,IF($C20=3,OFFSET(G20,-1,0)+1,OFFSET(G20,-1,0))) -> 0 | H20: =IF(AND($C20<=3,$C20<>0),0,IF($C20=4,OFFSET(H20,-1,0)+1,OFFSET(H20,-1,0))) -> 0 | I20: =IF(AND($C20<=4,$C20<>0),0,IF(AND($C20="S",$X20>0),OFFSET(I20,-1,0)+1,OFFSET(I20,-1,0))) -> 0 | J20: =IF(OR($C20="S",$C20=0),0,MATCH(0,OFFSET($D20,1,$C20,ROW($C$39)-ROW($C20)),0)) -> 0 | K20: =IF(OR($C20="S",$C20=0),0,MATCH(OFFSET($D20,0,$C20)+IF($C20<>1,1,COUNTIF(QCI!$A$13:$A$24,ORÇAMENTO!E20)),OFFSET($D20,1,$C20,ROW($C$39)-ROW($C20)),0)) -> 0 | L20: =IF(OR($X20>0,$C20=1,$C20=2,$C20=3,$C20=4),"F","") | M20: Serviço | N20: =CHOOSE(1+LOG(1+2*(C20=1)+4*(C20=2)+8*(C20=3)+16*(C20=4)+32*(C20="S"),2),"","Meta","Nível 2","Nível 3","Nível 4","Serviço") -> Serviço | O20: =IF(OR($C20=0,$L20=""),"-",CONCATENATE(E20&".",IF(AND($A$5>=2,$C20>=2),F20&".",""),IF(AND($A$5>=3,$C20>=3),G20&".",""),IF(AND($A$5>=4,$C20>=4),H20&".",""),IF($C20="S",I20&".",""))) -> - | P20: SICRO-E-CHI | Q20: E9690 | R20: {=IF($C20="S",REFERENCIA.Descricao,"(digite a descrição aqui)")} -> (Código não identificado nas referências) | S20: {=REFERENCIA.Unidade} -> - | T20: =OFFSET(CÁLCULO!H$15,ROW($T20)-ROW(T$15),0) -> 65 | U20: =AG20 -> 0 | V20: BDI 1 | W20: {=IF($C20="S",ROUND(IF(TIPOORCAMENTO="Proposto",ORÇAMENTO.CustoUnitario*(1+$AH20),ORÇAMENTO.PrecoUnitarioLicitado),15-13*$AF$10),0)} -> 0 | X20: {=IF($C20="S",IF(OR(Import.TipoArredondamento<>"TransfereGOV",ACOMPANHAMENTO="BM"),VTOTAL1,SUM(OFFSET(CÁLCULO!$AA$15,ROW($X20)-ROW($X$15),1):OFFSET(CÁLCULO!$AL$15,ROW($X20)-ROW($X$15),-1))),IF($C20=0,0,ROUND(SomaAgrup,15-13*$AF$11)))} -> 0 | Y20: RA | Z20: =IF(AND($C20="S",$X20>0),IF(ISBLANK($Y20),"RA",LEFT($Y20,2)),"") | AA20: {=IF($C20="S",IF($Z20="CP",$X20,IF($Z20="RA",(($X20)*QCI!$AA$3),0)),SomaAgrup)} -> 0 | AB20: {=IF($C20="S",IF($Z20="OU",ROUND($X20,2),0),SomaAgrup)} -> 0 | AC20: {=IF($N20=""," ", IF(AND($C20<>"S",OR($R20="",$R20="(digite a descrição aqui)")),"DESCRIÇÃO", IF(AND($C20="S",OR($Q20<>"",$T20>0,$U20>0),$P20=""),"FONTE", IF(AND($C20="S",$P20<>"",OR($T20>0,$U20>0),$Q20=""),"CÓDIGO", IF(AND($C20="S",$P20<>"",$Q20<>"",$R20="(Código não identificado nas referências)"),"CÓDIGO N/ID", IF(AND($C20="S",OR($R20="",$R20="(digite a descrição aqui)"),OR($Q20<>"",$T20>0,$U20>0)),"DESCRIÇÃO", IF(AND($C20="S",$P20<>"",$Q20<>"",$S20=""),"UNIDADE", IF(AND($C20="S",$P20<>"",$Q20<>"",$U20=0),"SEM CUSTO", IF(AND(TIPOORCAMENTO="Licitado",$AL20=0,$AN20>0),"SEM PREÇO", IF(AND($C20="S",$P20<>"",$Q20<>"",$U20>0,AND($V20<>"BDI 1",$V20<>"BDI 2",$V20<>"BDI 3")),IF(ISNUMBER($V20),"JUSTIFICAR BDI","BDI"), IF(OR(AND(import.recurso="OGU",TIPOORCAMENTO="Proposto",LEFT($O$8,5)<>"(N/D:",$AG20<>"",ORÇAMENTO.CustoUnitario>$AG20),AND(TIPOORCAMENTO="LICITADO",ORÇAMENTO.PrecoUnitarioLicitado>$AN20)),"ACIMA REF.", IF(AND($C20="S",$P20<>"",$Q20<>"",$T20=0,$U20>0),"QUANT.", IF(AND(Import.TipoArredondamento="TransfereGOV",$L20="F",$C20="S",LEN($Q20)>13),"Código >13", IF(AND(Import.TipoArredondamento="TransfereGOV",$L20="F",$C20<>"S",LEN($R20)>100),"Descrição >100", IF(AND(Import.TipoArredondamento="TransfereGOV",$L20="F",$C20="S",LEN($R20)>500),"Descrição >500", IF(AND(Import.TipoArredondamento="TransfereGOV",$L20="F",$C20="S",LEFT(TRIM(UPPER($P20)),6)<>"SINAPI",ISNA(VLOOKUP(TRIM(UPPER($S20)),ListaTgov.Unidades,1,FALSE))),"Unid. Não Disp", " "))))))))))))))))} -> CÓDIGO N/ID | AD20: =IF(C20<=CRONO.NivelExibicao,MAX($AD$15:OFFSET(AD20,-1,0))+IF($C20<>1,1,MAX(1,COUNTIF(QCI!$A$13:$A$24,OFFSET($E20,-1,0)))),"") | AE20: {=IF(AND($C20="S",ORÇAMENTO.CodBarra<>""),IF(ORÇAMENTO.Fonte="",ORÇAMENTO.CodBarra,CONCATENATE(ORÇAMENTO.Fonte," ",ORÇAMENTO.CodBarra)))} -> SICRO-E-CHI E9690 | AF20: {=IF(ISERROR(ORÇAMENTO.BancoRef),"(abra o arquivo 'Referência "&Excel_BuiltIn_Database&".xlsm)",IF(OR($C20<>"S",ORÇAMENTO.CodBarra=""),"(Sem Código)",IF(ISERROR(MATCH($AE20,INDIRECT(ORÇAMENTO.BancoRef),0)),"(Código não identificado nas referências)",MATCH($AE20,INDIRECT(ORÇAMENTO.BancoRef),0))))} -> (Código não identificado nas referências) | AG20: {=ROUND(IF(DESONERACAO="sim",REFERENCIA.Desonerado,REFERENCIA.NaoDesonerado),2)} -> 0 | AH20: =ROUND(IF(ISNUMBER(ORÇAMENTO.OpcaoBDI),ORÇAMENTO.OpcaoBDI,IF(LEFT(ORÇAMENTO.OpcaoBDI,3)="BDI",HLOOKUP(ORÇAMENTO.OpcaoBDI,$F$4:$H$5,2,FALSE),0)),15-11*$AF$9) -> 0.25 | AM20: =$X20 -> 0 | AN20: {=ROUND(ORÇAMENTO.CustoUnitario*(1+$AH20),2)} -> 0
A21: =CHOOSE(1+LOG(1+2*(ORÇAMENTO.Nivel="Meta")+4*(ORÇAMENTO.Nivel="Nível 2")+8*(ORÇAMENTO.Nivel="Nível 3")+16*(ORÇAMENTO.Nivel="Nível 4")+32*(ORÇAMENTO.Nivel="Serviço"),2),0,1,2,3,4,"S") -> S | B21: =IF(OR(C21="s",C21=0),OFFSET(B21,-1,0),C21) -> 2 | C21: =IF(OFFSET(C21,-1,0)="L",1,IF(OFFSET(C21,-1,0)=1,2,IF(OR(A21="s",A21=0),"S",IF(AND(OFFSET(C21,-1,0)=2,A21=4),3,IF(AND(OR(OFFSET(C21,-1,0)="s",OFFSET(C21,-1,0)=0),A21<>"s",A21>OFFSET(B21,-1,0)),OFFSET(B21,-1,0),A21))))) -> S | D21: =IF(OR(C21="S",C21=0),0,IF(ISERROR(K21),J21,SMALL(J21:K21,1))) -> 0 | E21: =IF($C21=1,OFFSET(E21,-1,0)+MAX(1,COUNTIF(QCI!$A$13:$A$24,OFFSET(ORÇAMENTO!E21,-1,0))),OFFSET(E21,-1,0)) -> 1 | F21: =IF($C21=1,0,IF($C21=2,OFFSET(F21,-1,0)+1,OFFSET(F21,-1,0))) -> 1 | G21: =IF(AND($C21<=2,$C21<>0),0,IF($C21=3,OFFSET(G21,-1,0)+1,OFFSET(G21,-1,0))) -> 0 | H21: =IF(AND($C21<=3,$C21<>0),0,IF($C21=4,OFFSET(H21,-1,0)+1,OFFSET(H21,-1,0))) -> 0 | I21: =IF(AND($C21<=4,$C21<>0),0,IF(AND($C21="S",$X21>0),OFFSET(I21,-1,0)+1,OFFSET(I21,-1,0))) -> 0 | J21: =IF(OR($C21="S",$C21=0),0,MATCH(0,OFFSET($D21,1,$C21,ROW($C$39)-ROW($C21)),0)) -> 0 | K21: =IF(OR($C21="S",$C21=0),0,MATCH(OFFSET($D21,0,$C21)+IF($C21<>1,1,COUNTIF(QCI!$A$13:$A$24,ORÇAMENTO!E21)),OFFSET($D21,1,$C21,ROW($C$39)-ROW($C21)),0)) -> 0 | L21: =IF(OR($X21>0,$C21=1,$C21=2,$C21=3,$C21=4),"F","") | M21: Serviço | N21: =CHOOSE(1+LOG(1+2*(C21=1)+4*(C21=2)+8*(C21=3)+16*(C21=4)+32*(C21="S"),2),"","Meta","Nível 2","Nível 3","Nível 4","Serviço") -> Serviço | O21: =IF(OR($C21=0,$L21=""),"-",CONCATENATE(E21&".",IF(AND($A$5>=2,$C21>=2),F21&".",""),IF(AND($A$5>=3,$C21>=3),G21&".",""),IF(AND($A$5>=4,$C21>=4),H21&".",""),IF($C21="S",I21&".",""))) -> - | P21: SINAPI | Q21: 88296 | R21: {=IF($C21="S",REFERENCIA.Descricao,"(digite a descrição aqui)")} -> (Código não identificado nas referências) | S21: {=REFERENCIA.Unidade} -> - | T21: =OFFSET(CÁLCULO!H$15,ROW($T21)-ROW(T$15),0) -> 520 | U21: =AG21 -> 0 | V21: BDI 1 | W21: {=IF($C21="S",ROUND(IF(TIPOORCAMENTO="Proposto",ORÇAMENTO.CustoUnitario*(1+$AH21),ORÇAMENTO.PrecoUnitarioLicitado),15-13*$AF$10),0)} -> 0 | X21: {=IF($C21="S",IF(OR(Import.TipoArredondamento<>"TransfereGOV",ACOMPANHAMENTO="BM"),VTOTAL1,SUM(OFFSET(CÁLCULO!$AA$15,ROW($X21)-ROW($X$15),1):OFFSET(CÁLCULO!$AL$15,ROW($X21)-ROW($X$15),-1))),IF($C21=0,0,ROUND(SomaAgrup,15-13*$AF$11)))} -> 0 | Y21: RA | Z21: =IF(AND($C21="S",$X21>0),IF(ISBLANK($Y21),"RA",LEFT($Y21,2)),"") | AA21: {=IF($C21="S",IF($Z21="CP",$X21,IF($Z21="RA",(($X21)*QCI!$AA$3),0)),SomaAgrup)} -> 0 | AB21: {=IF($C21="S",IF($Z21="OU",ROUND($X21,2),0),SomaAgrup)} -> 0 | AC21: {=IF($N21=""," ", IF(AND($C21<>"S",OR($R21="",$R21="(digite a descrição aqui)")),"DESCRIÇÃO", IF(AND($C21="S",OR($Q21<>"",$T21>0,$U21>0),$P21=""),"FONTE", IF(AND($C21="S",$P21<>"",OR($T21>0,$U21>0),$Q21=""),"CÓDIGO", IF(AND($C21="S",$P21<>"",$Q21<>"",$R21="(Código não identificado nas referências)"),"CÓDIGO N/ID", IF(AND($C21="S",OR($R21="",$R21="(digite a descrição aqui)"),OR($Q21<>"",$T21>0,$U21>0)),"DESCRIÇÃO", IF(AND($C21="S",$P21<>"",$Q21<>"",$S21=""),"UNIDADE", IF(AND($C21="S",$P21<>"",$Q21<>"",$U21=0),"SEM CUSTO", IF(AND(TIPOORCAMENTO="Licitado",$AL21=0,$AN21>0),"SEM PREÇO", IF(AND($C21="S",$P21<>"",$Q21<>"",$U21>0,AND($V21<>"BDI 1",$V21<>"BDI 2",$V21<>"BDI 3")),IF(ISNUMBER($V21),"JUSTIFICAR BDI","BDI"), IF(OR(AND(import.recurso="OGU",TIPOORCAMENTO="Proposto",LEFT($O$8,5)<>"(N/D:",$AG21<>"",ORÇAMENTO.CustoUnitario>$AG21),AND(TIPOORCAMENTO="LICITADO",ORÇAMENTO.PrecoUnitarioLicitado>$AN21)),"ACIMA REF.", IF(AND($C21="S",$P21<>"",$Q21<>"",$T21=0,$U21>0),"QUANT.", IF(AND(Import.TipoArredondamento="TransfereGOV",$L21="F",$C21="S",LEN($Q21)>13),"Código >13", IF(AND(Import.TipoArredondamento="TransfereGOV",$L21="F",$C21<>"S",LEN($R21)>100),"Descrição >100", IF(AND(Import.TipoArredondamento="TransfereGOV",$L21="F",$C21="S",LEN($R21)>500),"Descrição >500", IF(AND(Import.TipoArredondamento="TransfereGOV",$L21="F",$C21="S",LEFT(TRIM(UPPER($P21)),6)<>"SINAPI",ISNA(VLOOKUP(TRIM(UPPER($S21)),ListaTgov.Unidades,1,FALSE))),"Unid. Não Disp", " "))))))))))))))))} -> CÓDIGO N/ID | AD21: =IF(C21<=CRONO.NivelExibicao,MAX($AD$15:OFFSET(AD21,-1,0))+IF($C21<>1,1,MAX(1,COUNTIF(QCI!$A$13:$A$24,OFFSET($E21,-1,0)))),"") | AE21: {=IF(AND($C21="S",ORÇAMENTO.CodBarra<>""),IF(ORÇAMENTO.Fonte="",ORÇAMENTO.CodBarra,CONCATENATE(ORÇAMENTO.Fonte," ",ORÇAMENTO.CodBarra)))} -> SINAPI 88296 | AF21: {=IF(ISERROR(ORÇAMENTO.BancoRef),"(abra o arquivo 'Referência "&Excel_BuiltIn_Database&".xlsm)",IF(OR($C21<>"S",ORÇAMENTO.CodBarra=""),"(Sem Código)",IF(ISERROR(MATCH($AE21,INDIRECT(ORÇAMENTO.BancoRef),0)),"(Código não identificado nas referências)",MATCH($AE21,INDIRECT(ORÇAMENTO.BancoRef),0))))} -> (Código não identificado nas referências) | AG21: {=ROUND(IF(DESONERACAO="sim",REFERENCIA.Desonerado,REFERENCIA.NaoDesonerado),2)} -> 0 | AH21: =ROUND(IF(ISNUMBER(ORÇAMENTO.OpcaoBDI),ORÇAMENTO.OpcaoBDI,IF(LEFT(ORÇAMENTO.OpcaoBDI,3)="BDI",HLOOKUP(ORÇAMENTO.OpcaoBDI,$F$4:$H$5,2,FALSE),0)),15-11*$AF$9) -> 0.25 | AM21: =$X21 -> 0 | AN21: {=ROUND(ORÇAMENTO.CustoUnitario*(1+$AH21),2)} -> 0
A22: =CHOOSE(1+LOG(1+2*(ORÇAMENTO.Nivel="Meta")+4*(ORÇAMENTO.Nivel="Nível 2")+8*(ORÇAMENTO.Nivel="Nível 3")+16*(ORÇAMENTO.Nivel="Nível 4")+32*(ORÇAMENTO.Nivel="Serviço"),2),0,1,2,3,4,"S") -> S | B22: =IF(OR(C22="s",C22=0),OFFSET(B22,-1,0),C22) -> 2 | C22: =IF(OFFSET(C22,-1,0)="L",1,IF(OFFSET(C22,-1,0)=1,2,IF(OR(A22="s",A22=0),"S",IF(AND(OFFSET(C22,-1,0)=2,A22=4),3,IF(AND(OR(OFFSET(C22,-1,0)="s",OFFSET(C22,-1,0)=0),A22<>"s",A22>OFFSET(B22,-1,0)),OFFSET(B22,-1,0),A22))))) -> S | D22: =IF(OR(C22="S",C22=0),0,IF(ISERROR(K22),J22,SMALL(J22:K22,1))) -> 0 | E22: =IF($C22=1,OFFSET(E22,-1,0)+MAX(1,COUNTIF(QCI!$A$13:$A$24,OFFSET(ORÇAMENTO!E22,-1,0))),OFFSET(E22,-1,0)) -> 1 | F22: =IF($C22=1,0,IF($C22=2,OFFSET(F22,-1,0)+1,OFFSET(F22,-1,0))) -> 1 | G22: =IF(AND($C22<=2,$C22<>0),0,IF($C22=3,OFFSET(G22,-1,0)+1,OFFSET(G22,-1,0))) -> 0 | H22: =IF(AND($C22<=3,$C22<>0),0,IF($C22=4,OFFSET(H22,-1,0)+1,OFFSET(H22,-1,0))) -> 0 | I22: =IF(AND($C22<=4,$C22<>0),0,IF(AND($C22="S",$X22>0),OFFSET(I22,-1,0)+1,OFFSET(I22,-1,0))) -> 0 | J22: =IF(OR($C22="S",$C22=0),0,MATCH(0,OFFSET($D22,1,$C22,ROW($C$39)-ROW($C22)),0)) -> 0 | K22: =IF(OR($C22="S",$C22=0),0,MATCH(OFFSET($D22,0,$C22)+IF($C22<>1,1,COUNTIF(QCI!$A$13:$A$24,ORÇAMENTO!E22)),OFFSET($D22,1,$C22,ROW($C$39)-ROW($C22)),0)) -> 0 | L22: =IF(OR($X22>0,$C22=1,$C22=2,$C22=3,$C22=4),"F","") | M22: Serviço | N22: =CHOOSE(1+LOG(1+2*(C22=1)+4*(C22=2)+8*(C22=3)+16*(C22=4)+32*(C22="S"),2),"","Meta","Nível 2","Nível 3","Nível 4","Serviço") -> Serviço | O22: =IF(OR($C22=0,$L22=""),"-",CONCATENATE(E22&".",IF(AND($A$5>=2,$C22>=2),F22&".",""),IF(AND($A$5>=3,$C22>=3),G22&".",""),IF(AND($A$5>=4,$C22>=4),H22&".",""),IF($C22="S",I22&".",""))) -> - | P22: SINAPI | Q22: 104792 | R22: {=IF($C22="S",REFERENCIA.Descricao,"(digite a descrição aqui)")} -> (Código não identificado nas referências) | S22: {=REFERENCIA.Unidade} -> - | T22: =OFFSET(CÁLCULO!H$15,ROW($T22)-ROW(T$15),0) -> 200 | U22: =AG22 -> 0 | V22: BDI 1 | W22: {=IF($C22="S",ROUND(IF(TIPOORCAMENTO="Proposto",ORÇAMENTO.CustoUnitario*(1+$AH22),ORÇAMENTO.PrecoUnitarioLicitado),15-13*$AF$10),0)} -> 0 | X22: {=IF($C22="S",IF(OR(Import.TipoArredondamento<>"TransfereGOV",ACOMPANHAMENTO="BM"),VTOTAL1,SUM(OFFSET(CÁLCULO!$AA$15,ROW($X22)-ROW($X$15),1):OFFSET(CÁLCULO!$AL$15,ROW($X22)-ROW($X$15),-1))),IF($C22=0,0,ROUND(SomaAgrup,15-13*$AF$11)))} -> 0 | Y22: RA | Z22: =IF(AND($C22="S",$X22>0),IF(ISBLANK($Y22),"RA",LEFT($Y22,2)),"") | AA22: {=IF($C22="S",IF($Z22="CP",$X22,IF($Z22="RA",(($X22)*QCI!$AA$3),0)),SomaAgrup)} -> 0 | AB22: {=IF($C22="S",IF($Z22="OU",ROUND($X22,2),0),SomaAgrup)} -> 0 | AC22: {=IF($N22=""," ", IF(AND($C22<>"S",OR($R22="",$R22="(digite a descrição aqui)")),"DESCRIÇÃO", IF(AND($C22="S",OR($Q22<>"",$T22>0,$U22>0),$P22=""),"FONTE", IF(AND($C22="S",$P22<>"",OR($T22>0,$U22>0),$Q22=""),"CÓDIGO", IF(AND($C22="S",$P22<>"",$Q22<>"",$R22="(Código não identificado nas referências)"),"CÓDIGO N/ID", IF(AND($C22="S",OR($R22="",$R22="(digite a descrição aqui)"),OR($Q22<>"",$T22>0,$U22>0)),"DESCRIÇÃO", IF(AND($C22="S",$P22<>"",$Q22<>"",$S22=""),"UNIDADE", IF(AND($C22="S",$P22<>"",$Q22<>"",$U22=0),"SEM CUSTO", IF(AND(TIPOORCAMENTO="Licitado",$AL22=0,$AN22>0),"SEM PREÇO", IF(AND($C22="S",$P22<>"",$Q22<>"",$U22>0,AND($V22<>"BDI 1",$V22<>"BDI 2",$V22<>"BDI 3")),IF(ISNUMBER($V22),"JUSTIFICAR BDI","BDI"), IF(OR(AND(import.recurso="OGU",TIPOORCAMENTO="Proposto",LEFT($O$8,5)<>"(N/D:",$AG22<>"",ORÇAMENTO.CustoUnitario>$AG22),AND(TIPOORCAMENTO="LICITADO",ORÇAMENTO.PrecoUnitarioLicitado>$AN22)),"ACIMA REF.", IF(AND($C22="S",$P22<>"",$Q22<>"",$T22=0,$U22>0),"QUANT.", IF(AND(Import.TipoArredondamento="TransfereGOV",$L22="F",$C22="S",LEN($Q22)>13),"Código >13", IF(AND(Import.TipoArredondamento="TransfereGOV",$L22="F",$C22<>"S",LEN($R22)>100),"Descrição >100", IF(AND(Import.TipoArredondamento="TransfereGOV",$L22="F",$C22="S",LEN($R22)>500),"Descrição >500", IF(AND(Import.TipoArredondamento="TransfereGOV",$L22="F",$C22="S",LEFT(TRIM(UPPER($P22)),6)<>"SINAPI",ISNA(VLOOKUP(TRIM(UPPER($S22)),ListaTgov.Unidades,1,FALSE))),"Unid. Não Disp", " "))))))))))))))))} -> CÓDIGO N/ID | AD22: =IF(C22<=CRONO.NivelExibicao,MAX($AD$15:OFFSET(AD22,-1,0))+IF($C22<>1,1,MAX(1,COUNTIF(QCI!$A$13:$A$24,OFFSET($E22,-1,0)))),"") | AE22: {=IF(AND($C22="S",ORÇAMENTO.CodBarra<>""),IF(ORÇAMENTO.Fonte="",ORÇAMENTO.CodBarra,CONCATENATE(ORÇAMENTO.Fonte," ",ORÇAMENTO.CodBarra)))} -> SINAPI 104792 | AF22: {=IF(ISERROR(ORÇAMENTO.BancoRef),"(abra o arquivo 'Referência "&Excel_BuiltIn_Database&".xlsm)",IF(OR($C22<>"S",ORÇAMENTO.CodBarra=""),"(Sem Código)",IF(ISERROR(MATCH($AE22,INDIRECT(ORÇAMENTO.BancoRef),0)),"(Código não identificado nas referências)",MATCH($AE22,INDIRECT(ORÇAMENTO.BancoRef),0))))} -> (Código não identificado nas referências) | AG22: {=ROUND(IF(DESONERACAO="sim",REFERENCIA.Desonerado,REFERENCIA.NaoDesonerado),2)} -> 0 | AH22: =ROUND(IF(ISNUMBER(ORÇAMENTO.OpcaoBDI),ORÇAMENTO.OpcaoBDI,IF(LEFT(ORÇAMENTO.OpcaoBDI,3)="BDI",HLOOKUP(ORÇAMENTO.OpcaoBDI,$F$4:$H$5,2,FALSE),0)),15-11*$AF$9) -> 0.25 | AM22: =$X22 -> 0 | AN22: {=ROUND(ORÇAMENTO.CustoUnitario*(1+$AH22),2)} -> 0
A23: =CHOOSE(1+LOG(1+2*(ORÇAMENTO.Nivel="Meta")+4*(ORÇAMENTO.Nivel="Nível 2")+8*(ORÇAMENTO.Nivel="Nível 3")+16*(ORÇAMENTO.Nivel="Nível 4")+32*(ORÇAMENTO.Nivel="Serviço"),2),0,1,2,3,4,"S") -> 2 | B23: =IF(OR(C23="s",C23=0),OFFSET(B23,-1,0),C23) -> 2 | C23: =IF(OFFSET(C23,-1,0)="L",1,IF(OFFSET(C23,-1,0)=1,2,IF(OR(A23="s",A23=0),"S",IF(AND(OFFSET(C23,-1,0)=2,A23=4),3,IF(AND(OR(OFFSET(C23,-1,0)="s",OFFSET(C23,-1,0)=0),A23<>"s",A23>OFFSET(B23,-1,0)),OFFSET(B23,-1,0),A23))))) -> 2 | D23: =IF(OR(C23="S",C23=0),0,IF(ISERROR(K23),J23,SMALL(J23:K23,1))) -> 2 | E23: =IF($C23=1,OFFSET(E23,-1,0)+MAX(1,COUNTIF(QCI!$A$13:$A$24,OFFSET(ORÇAMENTO!E23,-1,0))),OFFSET(E23,-1,0)) -> 1 | F23: =IF($C23=1,0,IF($C23=2,OFFSET(F23,-1,0)+1,OFFSET(F23,-1,0))) -> 2 | G23: =IF(AND($C23<=2,$C23<>0),0,IF($C23=3,OFFSET(G23,-1,0)+1,OFFSET(G23,-1,0))) -> 0 | H23: =IF(AND($C23<=3,$C23<>0),0,IF($C23=4,OFFSET(H23,-1,0)+1,OFFSET(H23,-1,0))) -> 0 | I23: =IF(AND($C23<=4,$C23<>0),0,IF(AND($C23="S",$X23>0),OFFSET(I23,-1,0)+1,OFFSET(I23,-1,0))) -> 0 | J23: =IF(OR($C23="S",$C23=0),0,MATCH(0,OFFSET($D23,1,$C23,ROW($C$39)-ROW($C23)),0)) -> 16 | K23: =IF(OR($C23="S",$C23=0),0,MATCH(OFFSET($D23,0,$C23)+IF($C23<>1,1,COUNTIF(QCI!$A$13:$A$24,ORÇAMENTO!E23)),OFFSET($D23,1,$C23,ROW($C$39)-ROW($C23)),0)) -> 2 | L23: =IF(OR($X23>0,$C23=1,$C23=2,$C23=3,$C23=4),"F","") -> F | M23: Nível 2 | N23: =CHOOSE(1+LOG(1+2*(C23=1)+4*(C23=2)+8*(C23=3)+16*(C23=4)+32*(C23="S"),2),"","Meta","Nível 2","Nível 3","Nível 4","Serviço") -> Nível 2 | O23: =IF(OR($C23=0,$L23=""),"-",CONCATENATE(E23&".",IF(AND($A$5>=2,$C23>=2),F23&".",""),IF(AND($A$5>=3,$C23>=3),G23&".",""),IF(AND($A$5>=4,$C23>=4),H23&".",""),IF($C23="S",I23&".",""))) -> 1.2. | P23: SINAPI | R23: ADMINISTRAÇÃO LOCAL | S23: {=REFERENCIA.Unidade} -> - | T23: =OFFSET(CÁLCULO!H$15,ROW($T23)-ROW(T$15),0) -> 0 | V23: BDI 1 | W23: {=IF($C23="S",ROUND(IF(TIPOORCAMENTO="Proposto",ORÇAMENTO.CustoUnitario*(1+$AH23),ORÇAMENTO.PrecoUnitarioLicitado),15-13*$AF$10),0)} -> 0 | X23: {=IF($C23="S",IF(OR(Import.TipoArredondamento<>"TransfereGOV",ACOMPANHAMENTO="BM"),VTOTAL1,SUM(OFFSET(CÁLCULO!$AA$15,ROW($X23)-ROW($X$15),1):OFFSET(CÁLCULO!$AL$15,ROW($X23)-ROW($X$15),-1))),IF($C23=0,0,ROUND(SomaAgrup,15-13*$AF$11)))} -> 0 | Y23: RA | Z23: =IF(AND($C23="S",$X23>0),IF(ISBLANK($Y23),"RA",LEFT($Y23,2)),"") | AA23: {=IF($C23="S",IF($Z23="CP",$X23,IF($Z23="RA",(($X23)*QCI!$AA$3),0)),SomaAgrup)} -> 0 | AB23: {=IF($C23="S",IF($Z23="OU",ROUND($X23,2),0),SomaAgrup)} -> 0 | AC23: {=IF($N23=""," ", IF(AND($C23<>"S",OR($R23="",$R23="(digite a descrição aqui)")),"DESCRIÇÃO", IF(AND($C23="S",OR($Q23<>"",$T23>0,$U23>0),$P23=""),"FONTE", IF(AND($C23="S",$P23<>"",OR($T23>0,$U23>0),$Q23=""),"CÓDIGO", IF(AND($C23="S",$P23<>"",$Q23<>"",$R23="(Código não identificado nas referências)"),"CÓDIGO N/ID", IF(AND($C23="S",OR($R23="",$R23="(digite a descrição aqui)"),OR($Q23<>"",$T23>0,$U23>0)),"DESCRIÇÃO", IF(AND($C23="S",$P23<>"",$Q23<>"",$S23=""),"UNIDADE", IF(AND($C23="S",$P23<>"",$Q23<>"",$U23=0),"SEM CUSTO", IF(AND(TIPOORCAMENTO="Licitado",$AL23=0,$AN23>0),"SEM PREÇO", IF(AND($C23="S",$P23<>"",$Q23<>"",$U23>0,AND($V23<>"BDI 1",$V23<>"BDI 2",$V23<>"BDI 3")),IF(ISNUMBER($V23),"JUSTIFICAR BDI","BDI"), IF(OR(AND(import.recurso="OGU",TIPOORCAMENTO="Proposto",LEFT($O$8,5)<>"(N/D:",$AG23<>"",ORÇAMENTO.CustoUnitario>$AG23),AND(TIPOORCAMENTO="LICITADO",ORÇAMENTO.PrecoUnitarioLicitado>$AN23)),"ACIMA REF.", IF(AND($C23="S",$P23<>"",$Q23<>"",$T23=0,$U23>0),"QUANT.", IF(AND(Import.TipoArredondamento="TransfereGOV",$L23="F",$C23="S",LEN($Q23)>13),"Código >13", IF(AND(Import.TipoArredondamento="TransfereGOV",$L23="F",$C23<>"S",LEN($R23)>100),"Descrição >100", IF(AND(Import.TipoArredondamento="TransfereGOV",$L23="F",$C23="S",LEN($R23)>500),"Descrição >500", IF(AND(Import.TipoArredondamento="TransfereGOV",$L23="F",$C23="S",LEFT(TRIM(UPPER($P23)),6)<>"SINAPI",ISNA(VLOOKUP(TRIM(UPPER($S23)),ListaTgov.Unidades,1,FALSE))),"Unid. Não Disp", " "))))))))))))))))} | AD23: =IF(C23<=CRONO.NivelExibicao,MAX($AD$15:OFFSET(AD23,-1,0))+IF($C23<>1,1,MAX(1,COUNTIF(QCI!$A$13:$A$24,OFFSET($E23,-1,0)))),"") -> 3 | AE23: {=IF(AND($C23="S",ORÇAMENTO.CodBarra<>""),IF(ORÇAMENTO.Fonte="",ORÇAMENTO.CodBarra,CONCATENATE(ORÇAMENTO.Fonte," ",ORÇAMENTO.CodBarra)))} -> FALSE | AF23: {=IF(ISERROR(ORÇAMENTO.BancoRef),"(abra o arquivo 'Referência "&Excel_BuiltIn_Database&".xlsm)",IF(OR($C23<>"S",ORÇAMENTO.CodBarra=""),"(Sem Código)",IF(ISERROR(MATCH($AE23,INDIRECT(ORÇAMENTO.BancoRef),0)),"(Código não identificado nas referências)",MATCH($AE23,INDIRECT(ORÇAMENTO.BancoRef),0))))} -> (Sem Código) | AG23: {=ROUND(IF(DESONERACAO="sim",REFERENCIA.Desonerado,REFERENCIA.NaoDesonerado),2)} -> 0 | AH23: =ROUND(IF(ISNUMBER(ORÇAMENTO.OpcaoBDI),ORÇAMENTO.OpcaoBDI,IF(LEFT(ORÇAMENTO.OpcaoBDI,3)="BDI",HLOOKUP(ORÇAMENTO.OpcaoBDI,$F$4:$H$5,2,FALSE),0)),15-11*$AF$9) -> 0.25 | AM23: =$X23 -> 0 | AN23: {=ROUND(ORÇAMENTO.CustoUnitario*(1+$AH23),2)} -> 0
A24: =CHOOSE(1+LOG(1+2*(ORÇAMENTO.Nivel="Meta")+4*(ORÇAMENTO.Nivel="Nível 2")+8*(ORÇAMENTO.Nivel="Nível 3")+16*(ORÇAMENTO.Nivel="Nível 4")+32*(ORÇAMENTO.Nivel="Serviço"),2),0,1,2,3,4,"S") -> S | B24: =IF(OR(C24="s",C24=0),OFFSET(B24,-1,0),C24) -> 2 | C24: =IF(OFFSET(C24,-1,0)="L",1,IF(OFFSET(C24,-1,0)=1,2,IF(OR(A24="s",A24=0),"S",IF(AND(OFFSET(C24,-1,0)=2,A24=4),3,IF(AND(OR(OFFSET(C24,-1,0)="s",OFFSET(C24,-1,0)=0),A24<>"s",A24>OFFSET(B24,-1,0)),OFFSET(B24,-1,0),A24))))) -> S | D24: =IF(OR(C24="S",C24=0),0,IF(ISERROR(K24),J24,SMALL(J24:K24,1))) -> 0 | E24: =IF($C24=1,OFFSET(E24,-1,0)+MAX(1,COUNTIF(QCI!$A$13:$A$24,OFFSET(ORÇAMENTO!E24,-1,0))),OFFSET(E24,-1,0)) -> 1 | F24: =IF($C24=1,0,IF($C24=2,OFFSET(F24,-1,0)+1,OFFSET(F24,-1,0))) -> 2 | G24: =IF(AND($C24<=2,$C24<>0),0,IF($C24=3,OFFSET(G24,-1,0)+1,OFFSET(G24,-1,0))) -> 0 | H24: =IF(AND($C24<=3,$C24<>0),0,IF($C24=4,OFFSET(H24,-1,0)+1,OFFSET(H24,-1,0))) -> 0 | I24: =IF(AND($C24<=4,$C24<>0),0,IF(AND($C24="S",$X24>0),OFFSET(I24,-1,0)+1,OFFSET(I24,-1,0))) -> 0 | J24: =IF(OR($C24="S",$C24=0),0,MATCH(0,OFFSET($D24,1,$C24,ROW($C$39)-ROW($C24)),0)) -> 0 | K24: =IF(OR($C24="S",$C24=0),0,MATCH(OFFSET($D24,0,$C24)+IF($C24<>1,1,COUNTIF(QCI!$A$13:$A$24,ORÇAMENTO!E24)),OFFSET($D24,1,$C24,ROW($C$39)-ROW($C24)),0)) -> 0 | L24: =IF(OR($X24>0,$C24=1,$C24=2,$C24=3,$C24=4),"F","") | M24: Serviço | N24: =CHOOSE(1+LOG(1+2*(C24=1)+4*(C24=2)+8*(C24=3)+16*(C24=4)+32*(C24="S"),2),"","Meta","Nível 2","Nível 3","Nível 4","Serviço") -> Serviço | O24: =IF(OR($C24=0,$L24=""),"-",CONCATENATE(E24&".",IF(AND($A$5>=2,$C24>=2),F24&".",""),IF(AND($A$5>=3,$C24>=3),G24&".",""),IF(AND($A$5>=4,$C24>=4),H24&".",""),IF($C24="S",I24&".",""))) -> - | P24: Composição | Q24: PM BENTO 01 | R24: {=IF($C24="S",REFERENCIA.Descricao,"(digite a descrição aqui)")} -> (Código não identificado nas referências) | S24: {=REFERENCIA.Unidade} -> - | T24: =OFFSET(CÁLCULO!H$15,ROW($T24)-ROW(T$15),0) -> 1 | U24: =AG24 -> 0 | V24: BDI 1 | W24: {=IF($C24="S",ROUND(IF(TIPOORCAMENTO="Proposto",ORÇAMENTO.CustoUnitario*(1+$AH24),ORÇAMENTO.PrecoUnitarioLicitado),15-13*$AF$10),0)} -> 0 | X24: {=IF($C24="S",IF(OR(Import.TipoArredondamento<>"TransfereGOV",ACOMPANHAMENTO="BM"),VTOTAL1,SUM(OFFSET(CÁLCULO!$AA$15,ROW($X24)-ROW($X$15),1):OFFSET(CÁLCULO!$AL$15,ROW($X24)-ROW($X$15),-1))),IF($C24=0,0,ROUND(SomaAgrup,15-13*$AF$11)))} -> 0 | Y24: RA | Z24: =IF(AND($C24="S",$X24>0),IF(ISBLANK($Y24),"RA",LEFT($Y24,2)),"") | AA24: {=IF($C24="S",IF($Z24="CP",$X24,IF($Z24="RA",(($X24)*QCI!$AA$3),0)),SomaAgrup)} -> 0 | AB24: {=IF($C24="S",IF($Z24="OU",ROUND($X24,2),0),SomaAgrup)} -> 0 | AC24: {=IF($N24=""," ", IF(AND($C24<>"S",OR($R24="",$R24="(digite a descrição aqui)")),"DESCRIÇÃO", IF(AND($C24="S",OR($Q24<>"",$T24>0,$U24>0),$P24=""),"FONTE", IF(AND($C24="S",$P24<>"",OR($T24>0,$U24>0),$Q24=""),"CÓDIGO", IF(AND($C24="S",$P24<>"",$Q24<>"",$R24="(Código não identificado nas referências)"),"CÓDIGO N/ID", IF(AND($C24="S",OR($R24="",$R24="(digite a descrição aqui)"),OR($Q24<>"",$T24>0,$U24>0)),"DESCRIÇÃO", IF(AND($C24="S",$P24<>"",$Q24<>"",$S24=""),"UNIDADE", IF(AND($C24="S",$P24<>"",$Q24<>"",$U24=0),"SEM CUSTO", IF(AND(TIPOORCAMENTO="Licitado",$AL24=0,$AN24>0),"SEM PREÇO", IF(AND($C24="S",$P24<>"",$Q24<>"",$U24>0,AND($V24<>"BDI 1",$V24<>"BDI 2",$V24<>"BDI 3")),IF(ISNUMBER($V24),"JUSTIFICAR BDI","BDI"), IF(OR(AND(import.recurso="OGU",TIPOORCAMENTO="Proposto",LEFT($O$8,5)<>"(N/D:",$AG24<>"",ORÇAMENTO.CustoUnitario>$AG24),AND(TIPOORCAMENTO="LICITADO",ORÇAMENTO.PrecoUnitarioLicitado>$AN24)),"ACIMA REF.", IF(AND($C24="S",$P24<>"",$Q24<>"",$T24=0,$U24>0),"QUANT.", IF(AND(Import.TipoArredondamento="TransfereGOV",$L24="F",$C24="S",LEN($Q24)>13),"Código >13", IF(AND(Import.TipoArredondamento="TransfereGOV",$L24="F",$C24<>"S",LEN($R24)>100),"Descrição >100", IF(AND(Import.TipoArredondamento="TransfereGOV",$L24="F",$C24="S",LEN($R24)>500),"Descrição >500", IF(AND(Import.TipoArredondamento="TransfereGOV",$L24="F",$C24="S",LEFT(TRIM(UPPER($P24)),6)<>"SINAPI",ISNA(VLOOKUP(TRIM(UPPER($S24)),ListaTgov.Unidades,1,FALSE))),"Unid. Não Disp", " "))))))))))))))))} -> CÓDIGO N/ID | AD24: =IF(C24<=CRONO.NivelExibicao,MAX($AD$15:OFFSET(AD24,-1,0))+IF($C24<>1,1,MAX(1,COUNTIF(QCI!$A$13:$A$24,OFFSET($E24,-1,0)))),"") | AE24: {=IF(AND($C24="S",ORÇAMENTO.CodBarra<>""),IF(ORÇAMENTO.Fonte="",ORÇAMENTO.CodBarra,CONCATENATE(ORÇAMENTO.Fonte," ",ORÇAMENTO.CodBarra)))} -> Composição PM BENTO 01 | AF24: {=IF(ISERROR(ORÇAMENTO.BancoRef),"(abra o arquivo 'Referência "&Excel_BuiltIn_Database&".xlsm)",IF(OR($C24<>"S",ORÇAMENTO.CodBarra=""),"(Sem Código)",IF(ISERROR(MATCH($AE24,INDIRECT(ORÇAMENTO.BancoRef),0)),"(Código não identificado nas referências)",MATCH($AE24,INDIRECT(ORÇAMENTO.BancoRef),0))))} -> (Código não identificado nas referências) | AG24: {=ROUND(IF(DESONERACAO="sim",REFERENCIA.Desonerado,REFERENCIA.NaoDesonerado),2)} -> 0 | AH24: =ROUND(IF(ISNUMBER(ORÇAMENTO.OpcaoBDI),ORÇAMENTO.OpcaoBDI,IF(LEFT(ORÇAMENTO.OpcaoBDI,3)="BDI",HLOOKUP(ORÇAMENTO.OpcaoBDI,$F$4:$H$5,2,FALSE),0)),15-11*$AF$9) -> 0.25 | AM24: =$X24 -> 0 | AN24: {=ROUND(ORÇAMENTO.CustoUnitario*(1+$AH24),2)} -> 0
A25: =CHOOSE(1+LOG(1+2*(ORÇAMENTO.Nivel="Meta")+4*(ORÇAMENTO.Nivel="Nível 2")+8*(ORÇAMENTO.Nivel="Nível 3")+16*(ORÇAMENTO.Nivel="Nível 4")+32*(ORÇAMENTO.Nivel="Serviço"),2),0,1,2,3,4,"S") -> 2 | B25: =IF(OR(C25="s",C25=0),OFFSET(B25,-1,0),C25) -> 2 | C25: =IF(OFFSET(C25,-1,0)="L",1,IF(OFFSET(C25,-1,0)=1,2,IF(OR(A25="s",A25=0),"S",IF(AND(OFFSET(C25,-1,0)=2,A25=4),3,IF(AND(OR(OFFSET(C25,-1,0)="s",OFFSET(C25,-1,0)=0),A25<>"s",A25>OFFSET(B25,-1,0)),OFFSET(B25,-1,0),A25))))) -> 2 | D25: =IF(OR(C25="S",C25=0),0,IF(ISERROR(K25),J25,SMALL(J25:K25,1))) -> 4 | E25: =IF($C25=1,OFFSET(E25,-1,0)+MAX(1,COUNTIF(QCI!$A$13:$A$24,OFFSET(ORÇAMENTO!E25,-1,0))),OFFSET(E25,-1,0)) -> 1 | F25: =IF($C25=1,0,IF($C25=2,OFFSET(F25,-1,0)+1,OFFSET(F25,-1,0))) -> 3 | G25: =IF(AND($C25<=2,$C25<>0),0,IF($C25=3,OFFSET(G25,-1,0)+1,OFFSET(G25,-1,0))) -> 0 | H25: =IF(AND($C25<=3,$C25<>0),0,IF($C25=4,OFFSET(H25,-1,0)+1,OFFSET(H25,-1,0))) -> 0 | I25: =IF(AND($C25<=4,$C25<>0),0,IF(AND($C25="S",$X25>0),OFFSET(I25,-1,0)+1,OFFSET(I25,-1,0))) -> 0 | J25: =IF(OR($C25="S",$C25=0),0,MATCH(0,OFFSET($D25,1,$C25,ROW($C$39)-ROW($C25)),0)) -> 14 | K25: =IF(OR($C25="S",$C25=0),0,MATCH(OFFSET($D25,0,$C25)+IF($C25<>1,1,COUNTIF(QCI!$A$13:$A$24,ORÇAMENTO!E25)),OFFSET($D25,1,$C25,ROW($C$39)-ROW($C25)),0)) -> 4 | L25: =IF(OR($X25>0,$C25=1,$C25=2,$C25=3,$C25=4),"F","") -> F | M25: Nível 2 | N25: =CHOOSE(1+LOG(1+2*(C25=1)+4*(C25=2)+8*(C25=3)+16*(C25=4)+32*(C25="S"),2),"","Meta","Nível 2","Nível 3","Nível 4","Serviço") -> Nível 2 | O25: =IF(OR($C25=0,$L25=""),"-",CONCATENATE(E25&".",IF(AND($A$5>=2,$C25>=2),F25&".",""),IF(AND($A$5>=3,$C25>=3),G25&".",""),IF(AND($A$5>=4,$C25>=4),H25&".",""),IF($C25="S",I25&".",""))) -> 1.3. | P25: SINAPI | R25: LIMPEZA E PREPARO DA ESTRUTURA | S25: {=REFERENCIA.Unidade} -> - | T25: =OFFSET(CÁLCULO!H$15,ROW($T25)-ROW(T$15),0) -> 0 | V25: BDI 1 | W25: {=IF($C25="S",ROUND(IF(TIPOORCAMENTO="Proposto",ORÇAMENTO.CustoUnitario*(1+$AH25),ORÇAMENTO.PrecoUnitarioLicitado),15-13*$AF$10),0)} -> 0 | X25: {=IF($C25="S",IF(OR(Import.TipoArredondamento<>"TransfereGOV",ACOMPANHAMENTO="BM"),VTOTAL1,SUM(OFFSET(CÁLCULO!$AA$15,ROW($X25)-ROW($X$15),1):OFFSET(CÁLCULO!$AL$15,ROW($X25)-ROW($X$15),-1))),IF($C25=0,0,ROUND(SomaAgrup,15-13*$AF$11)))} -> 0 | Y25: RA | Z25: =IF(AND($C25="S",$X25>0),IF(ISBLANK($Y25),"RA",LEFT($Y25,2)),"") | AA25: {=IF($C25="S",IF($Z25="CP",$X25,IF($Z25="RA",(($X25)*QCI!$AA$3),0)),SomaAgrup)} -> 0 | AB25: {=IF($C25="S",IF($Z25="OU",ROUND($X25,2),0),SomaAgrup)} -> 0 | AC25: {=IF($N25=""," ", IF(AND($C25<>"S",OR($R25="",$R25="(digite a descrição aqui)")),"DESCRIÇÃO", IF(AND($C25="S",OR($Q25<>"",$T25>0,$U25>0),$P25=""),"FONTE", IF(AND($C25="S",$P25<>"",OR($T25>0,$U25>0),$Q25=""),"CÓDIGO", IF(AND($C25="S",$P25<>"",$Q25<>"",$R25="(Código não identificado nas referências)"),"CÓDIGO N/ID", IF(AND($C25="S",OR($R25="",$R25="(digite a descrição aqui)"),OR($Q25<>"",$T25>0,$U25>0)),"DESCRIÇÃO", IF(AND($C25="S",$P25<>"",$Q25<>"",$S25=""),"UNIDADE", IF(AND($C25="S",$P25<>"",$Q25<>"",$U25=0),"SEM CUSTO", IF(AND(TIPOORCAMENTO="Licitado",$AL25=0,$AN25>0),"SEM PREÇO", IF(AND($C25="S",$P25<>"",$Q25<>"",$U25>0,AND($V25<>"BDI 1",$V25<>"BDI 2",$V25<>"BDI 3")),IF(ISNUMBER($V25),"JUSTIFICAR BDI","BDI"), IF(OR(AND(import.recurso="OGU",TIPOORCAMENTO="Proposto",LEFT($O$8,5)<>"(N/D:",$AG25<>"",ORÇAMENTO.CustoUnitario>$AG25),AND(TIPOORCAMENTO="LICITADO",ORÇAMENTO.PrecoUnitarioLicitado>$AN25)),"ACIMA REF.", IF(AND($C25="S",$P25<>"",$Q25<>"",$T25=0,$U25>0),"QUANT.", IF(AND(Import.TipoArredondamento="TransfereGOV",$L25="F",$C25="S",LEN($Q25)>13),"Código >13", IF(AND(Import.TipoArredondamento="TransfereGOV",$L25="F",$C25<>"S",LEN($R25)>100),"Descrição >100", IF(AND(Import.TipoArredondamento="TransfereGOV",$L25="F",$C25="S",LEN($R25)>500),"Descrição >500", IF(AND(Import.TipoArredondamento="TransfereGOV",$L25="F",$C25="S",LEFT(TRIM(UPPER($P25)),6)<>"SINAPI",ISNA(VLOOKUP(TRIM(UPPER($S25)),ListaTgov.Unidades,1,FALSE))),"Unid. Não Disp", " "))))))))))))))))} | AD25: =IF(C25<=CRONO.NivelExibicao,MAX($AD$15:OFFSET(AD25,-1,0))+IF($C25<>1,1,MAX(1,COUNTIF(QCI!$A$13:$A$24,OFFSET($E25,-1,0)))),"") -> 4 | AE25: {=IF(AND($C25="S",ORÇAMENTO.CodBarra<>""),IF(ORÇAMENTO.Fonte="",ORÇAMENTO.CodBarra,CONCATENATE(ORÇAMENTO.Fonte," ",ORÇAMENTO.CodBarra)))} -> FALSE | AF25: {=IF(ISERROR(ORÇAMENTO.BancoRef),"(abra o arquivo 'Referência "&Excel_BuiltIn_Database&".xlsm)",IF(OR($C25<>"S",ORÇAMENTO.CodBarra=""),"(Sem Código)",IF(ISERROR(MATCH($AE25,INDIRECT(ORÇAMENTO.BancoRef),0)),"(Código não identificado nas referências)",MATCH($AE25,INDIRECT(ORÇAMENTO.BancoRef),0))))} -> (Sem Código) | AG25: {=ROUND(IF(DESONERACAO="sim",REFERENCIA.Desonerado,REFERENCIA.NaoDesonerado),2)} -> 0 | AH25: =ROUND(IF(ISNUMBER(ORÇAMENTO.OpcaoBDI),ORÇAMENTO.OpcaoBDI,IF(LEFT(ORÇAMENTO.OpcaoBDI,3)="BDI",HLOOKUP(ORÇAMENTO.OpcaoBDI,$F$4:$H$5,2,FALSE),0)),15-11*$AF$9) -> 0.25 | AM25: =$X25 -> 0 | AN25: {=ROUND(ORÇAMENTO.CustoUnitario*(1+$AH25),2)} -> 0
A26: =CHOOSE(1+LOG(1+2*(ORÇAMENTO.Nivel="Meta")+4*(ORÇAMENTO.Nivel="Nível 2")+8*(ORÇAMENTO.Nivel="Nível 3")+16*(ORÇAMENTO.Nivel="Nível 4")+32*(ORÇAMENTO.Nivel="Serviço"),2),0,1,2,3,4,"S") -> S | B26: =IF(OR(C26="s",C26=0),OFFSET(B26,-1,0),C26) -> 2 | C26: =IF(OFFSET(C26,-1,0)="L",1,IF(OFFSET(C26,-1,0)=1,2,IF(OR(A26="s",A26=0),"S",IF(AND(OFFSET(C26,-1,0)=2,A26=4),3,IF(AND(OR(OFFSET(C26,-1,0)="s",OFFSET(C26,-1,0)=0),A26<>"s",A26>OFFSET(B26,-1,0)),OFFSET(B26,-1,0),A26))))) -> S | D26: =IF(OR(C26="S",C26=0),0,IF(ISERROR(K26),J26,SMALL(J26:K26,1))) -> 0 | E26: =IF($C26=1,OFFSET(E26,-1,0)+MAX(1,COUNTIF(QCI!$A$13:$A$24,OFFSET(ORÇAMENTO!E26,-1,0))),OFFSET(E26,-1,0)) -> 1 | F26: =IF($C26=1,0,IF($C26=2,OFFSET(F26,-1,0)+1,OFFSET(F26,-1,0))) -> 3 | G26: =IF(AND($C26<=2,$C26<>0),0,IF($C26=3,OFFSET(G26,-1,0)+1,OFFSET(G26,-1,0))) -> 0 | H26: =IF(AND($C26<=3,$C26<>0),0,IF($C26=4,OFFSET(H26,-1,0)+1,OFFSET(H26,-1,0))) -> 0 | I26: =IF(AND($C26<=4,$C26<>0),0,IF(AND($C26="S",$X26>0),OFFSET(I26,-1,0)+1,OFFSET(I26,-1,0))) -> 0 | J26: =IF(OR($C26="S",$C26=0),0,MATCH(0,OFFSET($D26,1,$C26,ROW($C$39)-ROW($C26)),0)) -> 0 | K26: =IF(OR($C26="S",$C26=0),0,MATCH(OFFSET($D26,0,$C26)+IF($C26<>1,1,COUNTIF(QCI!$A$13:$A$24,ORÇAMENTO!E26)),OFFSET($D26,1,$C26,ROW($C$39)-ROW($C26)),0)) -> 0 | L26: =IF(OR($X26>0,$C26=1,$C26=2,$C26=3,$C26=4),"F","") | M26: Serviço | N26: =CHOOSE(1+LOG(1+2*(C26=1)+4*(C26=2)+8*(C26=3)+16*(C26=4)+32*(C26="S"),2),"","Meta","Nível 2","Nível 3","Nível 4","Serviço") -> Serviço | O26: =IF(OR($C26=0,$L26=""),"-",CONCATENATE(E26&".",IF(AND($A$5>=2,$C26>=2),F26&".",""),IF(AND($A$5>=3,$C26>=3),G26&".",""),IF(AND($A$5>=4,$C26>=4),H26&".",""),IF($C26="S",I26&".",""))) -> - | P26: SICRO | Q26: 3806402 | R26: {=IF($C26="S",REFERENCIA.Descricao,"(digite a descrição aqui)")} -> (Código não identificado nas referências) | S26: M2 | T26: =OFFSET(CÁLCULO!H$15,ROW($T26)-ROW(T$15),0) -> 1450 | U26: =AG26 -> 0 | V26: BDI 1 | W26: {=IF($C26="S",ROUND(IF(TIPOORCAMENTO="Proposto",ORÇAMENTO.CustoUnitario*(1+$AH26),ORÇAMENTO.PrecoUnitarioLicitado),15-13*$AF$10),0)} -> 0 | X26: {=IF($C26="S",IF(OR(Import.TipoArredondamento<>"TransfereGOV",ACOMPANHAMENTO="BM"),VTOTAL1,SUM(OFFSET(CÁLCULO!$AA$15,ROW($X26)-ROW($X$15),1):OFFSET(CÁLCULO!$AL$15,ROW($X26)-ROW($X$15),-1))),IF($C26=0,0,ROUND(SomaAgrup,15-13*$AF$11)))} -> 0 | Y26: RA | Z26: =IF(AND($C26="S",$X26>0),IF(ISBLANK($Y26),"RA",LEFT($Y26,2)),"") | AA26: {=IF($C26="S",IF($Z26="CP",$X26,IF($Z26="RA",(($X26)*QCI!$AA$3),0)),SomaAgrup)} -> 0 | AB26: {=IF($C26="S",IF($Z26="OU",ROUND($X26,2),0),SomaAgrup)} -> 0 | AC26: {=IF($N26=""," ", IF(AND($C26<>"S",OR($R26="",$R26="(digite a descrição aqui)")),"DESCRIÇÃO", IF(AND($C26="S",OR($Q26<>"",$T26>0,$U26>0),$P26=""),"FONTE", IF(AND($C26="S",$P26<>"",OR($T26>0,$U26>0),$Q26=""),"CÓDIGO", IF(AND($C26="S",$P26<>"",$Q26<>"",$R26="(Código não identificado nas referências)"),"CÓDIGO N/ID", IF(AND($C26="S",OR($R26="",$R26="(digite a descrição aqui)"),OR($Q26<>"",$T26>0,$U26>0)),"DESCRIÇÃO", IF(AND($C26="S",$P26<>"",$Q26<>"",$S26=""),"UNIDADE", IF(AND($C26="S",$P26<>"",$Q26<>"",$U26=0),"SEM CUSTO", IF(AND(TIPOORCAMENTO="Licitado",$AL26=0,$AN26>0),"SEM PREÇO", IF(AND($C26="S",$P26<>"",$Q26<>"",$U26>0,AND($V26<>"BDI 1",$V26<>"BDI 2",$V26<>"BDI 3")),IF(ISNUMBER($V26),"JUSTIFICAR BDI","BDI"), IF(OR(AND(import.recurso="OGU",TIPOORCAMENTO="Proposto",LEFT($O$8,5)<>"(N/D:",$AG26<>"",ORÇAMENTO.CustoUnitario>$AG26),AND(TIPOORCAMENTO="LICITADO",ORÇAMENTO.PrecoUnitarioLicitado>$AN26)),"ACIMA REF.", IF(AND($C26="S",$P26<>"",$Q26<>"",$T26=0,$U26>0),"QUANT.", IF(AND(Import.TipoArredondamento="TransfereGOV",$L26="F",$C26="S",LEN($Q26)>13),"Código >13", IF(AND(Import.TipoArredondamento="TransfereGOV",$L26="F",$C26<>"S",LEN($R26)>100),"Descrição >100", IF(AND(Import.TipoArredondamento="TransfereGOV",$L26="F",$C26="S",LEN($R26)>500),"Descrição >500", IF(AND(Import.TipoArredondamento="TransfereGOV",$L26="F",$C26="S",LEFT(TRIM(UPPER($P26)),6)<>"SINAPI",ISNA(VLOOKUP(TRIM(UPPER($S26)),ListaTgov.Unidades,1,FALSE))),"Unid. Não Disp", " "))))))))))))))))} -> CÓDIGO N/ID | AD26: =IF(C26<=CRONO.NivelExibicao,MAX($AD$15:OFFSET(AD26,-1,0))+IF($C26<>1,1,MAX(1,COUNTIF(QCI!$A$13:$A$24,OFFSET($E26,-1,0)))),"") | AE26: {=IF(AND($C26="S",ORÇAMENTO.CodBarra<>""),IF(ORÇAMENTO.Fonte="",ORÇAMENTO.CodBarra,CONCATENATE(ORÇAMENTO.Fonte," ",ORÇAMENTO.CodBarra)))} -> SICRO 3806402 | AF26: {=IF(ISERROR(ORÇAMENTO.BancoRef),"(abra o arquivo 'Referência "&Excel_BuiltIn_Database&".xlsm)",IF(OR($C26<>"S",ORÇAMENTO.CodBarra=""),"(Sem Código)",IF(ISERROR(MATCH($AE26,INDIRECT(ORÇAMENTO.BancoRef),0)),"(Código não identificado nas referências)",MATCH($AE26,INDIRECT(ORÇAMENTO.BancoRef),0))))} -> (Código não identificado nas referências) | AG26: {=ROUND(IF(DESONERACAO="sim",REFERENCIA.Desonerado,REFERENCIA.NaoDesonerado),2)} -> 0 | AH26: =ROUND(IF(ISNUMBER(ORÇAMENTO.OpcaoBDI),ORÇAMENTO.OpcaoBDI,IF(LEFT(ORÇAMENTO.OpcaoBDI,3)="BDI",HLOOKUP(ORÇAMENTO.OpcaoBDI,$F$4:$H$5,2,FALSE),0)),15-11*$AF$9) -> 0.25 | AM26: =$X26 -> 0 | AN26: {=ROUND(ORÇAMENTO.CustoUnitario*(1+$AH26),2)} -> 0
A27: =CHOOSE(1+LOG(1+2*(ORÇAMENTO.Nivel="Meta")+4*(ORÇAMENTO.Nivel="Nível 2")+8*(ORÇAMENTO.Nivel="Nível 3")+16*(ORÇAMENTO.Nivel="Nível 4")+32*(ORÇAMENTO.Nivel="Serviço"),2),0,1,2,3,4,"S") -> S | B27: =IF(OR(C27="s",C27=0),OFFSET(B27,-1,0),C27) -> 2 | C27: =IF(OFFSET(C27,-1,0)="L",1,IF(OFFSET(C27,-1,0)=1,2,IF(OR(A27="s",A27=0),"S",IF(AND(OFFSET(C27,-1,0)=2,A27=4),3,IF(AND(OR(OFFSET(C27,-1,0)="s",OFFSET(C27,-1,0)=0),A27<>"s",A27>OFFSET(B27,-1,0)),OFFSET(B27,-1,0),A27))))) -> S | D27: =IF(OR(C27="S",C27=0),0,IF(ISERROR(K27),J27,SMALL(J27:K27,1))) -> 0 | E27: =IF($C27=1,OFFSET(E27,-1,0)+MAX(1,COUNTIF(QCI!$A$13:$A$24,OFFSET(ORÇAMENTO!E27,-1,0))),OFFSET(E27,-1,0)) -> 1 | F27: =IF($C27=1,0,IF($C27=2,OFFSET(F27,-1,0)+1,OFFSET(F27,-1,0))) -> 3 | G27: =IF(AND($C27<=2,$C27<>0),0,IF($C27=3,OFFSET(G27,-1,0)+1,OFFSET(G27,-1,0))) -> 0 | H27: =IF(AND($C27<=3,$C27<>0),0,IF($C27=4,OFFSET(H27,-1,0)+1,OFFSET(H27,-1,0))) -> 0 | I27: =IF(AND($C27<=4,$C27<>0),0,IF(AND($C27="S",$X27>0),OFFSET(I27,-1,0)+1,OFFSET(I27,-1,0))) -> 0 | J27: =IF(OR($C27="S",$C27=0),0,MATCH(0,OFFSET($D27,1,$C27,ROW($C$39)-ROW($C27)),0)) -> 0 | K27: =IF(OR($C27="S",$C27=0),0,MATCH(OFFSET($D27,0,$C27)+IF($C27<>1,1,COUNTIF(QCI!$A$13:$A$24,ORÇAMENTO!E27)),OFFSET($D27,1,$C27,ROW($C$39)-ROW($C27)),0)) -> 0 | L27: =IF(OR($X27>0,$C27=1,$C27=2,$C27=3,$C27=4),"F","") | M27: Serviço | N27: =CHOOSE(1+LOG(1+2*(C27=1)+4*(C27=2)+8*(C27=3)+16*(C27=4)+32*(C27="S"),2),"","Meta","Nível 2","Nível 3","Nível 4","Serviço") -> Serviço | O27: =IF(OR($C27=0,$L27=""),"-",CONCATENATE(E27&".",IF(AND($A$5>=2,$C27>=2),F27&".",""),IF(AND($A$5>=3,$C27>=3),G27&".",""),IF(AND($A$5>=4,$C27>=4),H27&".",""),IF($C27="S",I27&".",""))) -> - | P27: SICRO | Q27: 1600408 | R27: {=IF($C27="S",REFERENCIA.Descricao,"(digite a descrição aqui)")} -> (Código não identificado nas referências) | S27: M2 | T27: =OFFSET(CÁLCULO!H$15,ROW($T27)-ROW(T$15),0) -> 480 | U27: =AG27 -> 0 | V27: BDI 1 | W27: {=IF($C27="S",ROUND(IF(TIPOORCAMENTO="Proposto",ORÇAMENTO.CustoUnitario*(1+$AH27),ORÇAMENTO.PrecoUnitarioLicitado),15-13*$AF$10),0)} -> 0 | X27: {=IF($C27="S",IF(OR(Import.TipoArredondamento<>"TransfereGOV",ACOMPANHAMENTO="BM"),VTOTAL1,SUM(OFFSET(CÁLCULO!$AA$15,ROW($X27)-ROW($X$15),1):OFFSET(CÁLCULO!$AL$15,ROW($X27)-ROW($X$15),-1))),IF($C27=0,0,ROUND(SomaAgrup,15-13*$AF$11)))} -> 0 | Y27: RA | Z27: =IF(AND($C27="S",$X27>0),IF(ISBLANK($Y27),"RA",LEFT($Y27,2)),"") | AA27: {=IF($C27="S",IF($Z27="CP",$X27,IF($Z27="RA",(($X27)*QCI!$AA$3),0)),SomaAgrup)} -> 0 | AB27: {=IF($C27="S",IF($Z27="OU",ROUND($X27,2),0),SomaAgrup)} -> 0 | AC27: {=IF($N27=""," ", IF(AND($C27<>"S",OR($R27="",$R27="(digite a descrição aqui)")),"DESCRIÇÃO", IF(AND($C27="S",OR($Q27<>"",$T27>0,$U27>0),$P27=""),"FONTE", IF(AND($C27="S",$P27<>"",OR($T27>0,$U27>0),$Q27=""),"CÓDIGO", IF(AND($C27="S",$P27<>"",$Q27<>"",$R27="(Código não identificado nas referências)"),"CÓDIGO N/ID", IF(AND($C27="S",OR($R27="",$R27="(digite a descrição aqui)"),OR($Q27<>"",$T27>0,$U27>0)),"DESCRIÇÃO", IF(AND($C27="S",$P27<>"",$Q27<>"",$S27=""),"UNIDADE", IF(AND($C27="S",$P27<>"",$Q27<>"",$U27=0),"SEM CUSTO", IF(AND(TIPOORCAMENTO="Licitado",$AL27=0,$AN27>0),"SEM PREÇO", IF(AND($C27="S",$P27<>"",$Q27<>"",$U27>0,AND($V27<>"BDI 1",$V27<>"BDI 2",$V27<>"BDI 3")),IF(ISNUMBER($V27),"JUSTIFICAR BDI","BDI"), IF(OR(AND(import.recurso="OGU",TIPOORCAMENTO="Proposto",LEFT($O$8,5)<>"(N/D:",$AG27<>"",ORÇAMENTO.CustoUnitario>$AG27),AND(TIPOORCAMENTO="LICITADO",ORÇAMENTO.PrecoUnitarioLicitado>$AN27)),"ACIMA REF.", IF(AND($C27="S",$P27<>"",$Q27<>"",$T27=0,$U27>0),"QUANT.", IF(AND(Import.TipoArredondamento="TransfereGOV",$L27="F",$C27="S",LEN($Q27)>13),"Código >13", IF(AND(Import.TipoArredondamento="TransfereGOV",$L27="F",$C27<>"S",LEN($R27)>100),"Descrição >100", IF(AND(Import.TipoArredondamento="TransfereGOV",$L27="F",$C27="S",LEN($R27)>500),"Descrição >500", IF(AND(Import.TipoArredondamento="TransfereGOV",$L27="F",$C27="S",LEFT(TRIM(UPPER($P27)),6)<>"SINAPI",ISNA(VLOOKUP(TRIM(UPPER($S27)),ListaTgov.Unidades,1,FALSE))),"Unid. Não Disp", " "))))))))))))))))} -> CÓDIGO N/ID | AD27: =IF(C27<=CRONO.NivelExibicao,MAX($AD$15:OFFSET(AD27,-1,0))+IF($C27<>1,1,MAX(1,COUNTIF(QCI!$A$13:$A$24,OFFSET($E27,-1,0)))),"") | AE27: {=IF(AND($C27="S",ORÇAMENTO.CodBarra<>""),IF(ORÇAMENTO.Fonte="",ORÇAMENTO.CodBarra,CONCATENATE(ORÇAMENTO.Fonte," ",ORÇAMENTO.CodBarra)))} -> SICRO 1600408 | AF27: {=IF(ISERROR(ORÇAMENTO.BancoRef),"(abra o arquivo 'Referência "&Excel_BuiltIn_Database&".xlsm)",IF(OR($C27<>"S",ORÇAMENTO.CodBarra=""),"(Sem Código)",IF(ISERROR(MATCH($AE27,INDIRECT(ORÇAMENTO.BancoRef),0)),"(Código não identificado nas referências)",MATCH($AE27,INDIRECT(ORÇAMENTO.BancoRef),0))))} -> (Código não identificado nas referências) | AG27: {=ROUND(IF(DESONERACAO="sim",REFERENCIA.Desonerado,REFERENCIA.NaoDesonerado),2)} -> 0 | AH27: =ROUND(IF(ISNUMBER(ORÇAMENTO.OpcaoBDI),ORÇAMENTO.OpcaoBDI,IF(LEFT(ORÇAMENTO.OpcaoBDI,3)="BDI",HLOOKUP(ORÇAMENTO.OpcaoBDI,$F$4:$H$5,2,FALSE),0)),15-11*$AF$9) -> 0.25 | AM27: =$X27 -> 0 | AN27: {=ROUND(ORÇAMENTO.CustoUnitario*(1+$AH27),2)} -> 0
A28: =CHOOSE(1+LOG(1+2*(ORÇAMENTO.Nivel="Meta")+4*(ORÇAMENTO.Nivel="Nível 2")+8*(ORÇAMENTO.Nivel="Nível 3")+16*(ORÇAMENTO.Nivel="Nível 4")+32*(ORÇAMENTO.Nivel="Serviço"),2),0,1,2,3,4,"S") -> S | B28: =IF(OR(C28="s",C28=0),OFFSET(B28,-1,0),C28) -> 2 | C28: =IF(OFFSET(C28,-1,0)="L",1,IF(OFFSET(C28,-1,0)=1,2,IF(OR(A28="s",A28=0),"S",IF(AND(OFFSET(C28,-1,0)=2,A28=4),3,IF(AND(OR(OFFSET(C28,-1,0)="s",OFFSET(C28,-1,0)=0),A28<>"s",A28>OFFSET(B28,-1,0)),OFFSET(B28,-1,0),A28))))) -> S | D28: =IF(OR(C28="S",C28=0),0,IF(ISERROR(K28),J28,SMALL(J28:K28,1))) -> 0 | E28: =IF($C28=1,OFFSET(E28,-1,0)+MAX(1,COUNTIF(QCI!$A$13:$A$24,OFFSET(ORÇAMENTO!E28,-1,0))),OFFSET(E28,-1,0)) -> 1 | F28: =IF($C28=1,0,IF($C28=2,OFFSET(F28,-1,0)+1,OFFSET(F28,-1,0))) -> 3 | G28: =IF(AND($C28<=2,$C28<>0),0,IF($C28=3,OFFSET(G28,-1,0)+1,OFFSET(G28,-1,0))) -> 0 | H28: =IF(AND($C28<=3,$C28<>0),0,IF($C28=4,OFFSET(H28,-1,0)+1,OFFSET(H28,-1,0))) -> 0 | I28: =IF(AND($C28<=4,$C28<>0),0,IF(AND($C28="S",$X28>0),OFFSET(I28,-1,0)+1,OFFSET(I28,-1,0))) -> 0 | J28: =IF(OR($C28="S",$C28=0),0,MATCH(0,OFFSET($D28,1,$C28,ROW($C$39)-ROW($C28)),0)) -> 0 | K28: =IF(OR($C28="S",$C28=0),0,MATCH(OFFSET($D28,0,$C28)+IF($C28<>1,1,COUNTIF(QCI!$A$13:$A$24,ORÇAMENTO!E28)),OFFSET($D28,1,$C28,ROW($C$39)-ROW($C28)),0)) -> 0 | L28: =IF(OR($X28>0,$C28=1,$C28=2,$C28=3,$C28=4),"F","") | M28: Serviço | N28: =CHOOSE(1+LOG(1+2*(C28=1)+4*(C28=2)+8*(C28=3)+16*(C28=4)+32*(C28="S"),2),"","Meta","Nível 2","Nível 3","Nível 4","Serviço") -> Serviço | O28: =IF(OR($C28=0,$L28=""),"-",CONCATENATE(E28&".",IF(AND($A$5>=2,$C28>=2),F28&".",""),IF(AND($A$5>=3,$C28>=3),G28&".",""),IF(AND($A$5>=4,$C28>=4),H28&".",""),IF($C28="S",I28&".",""))) -> - | P28: SINAPI | Q28: 100717 | R28: {=IF($C28="S",REFERENCIA.Descricao,"(digite a descrição aqui)")} -> (Código não identificado nas referências) | S28: {=REFERENCIA.Unidade} -> - | T28: =OFFSET(CÁLCULO!H$15,ROW($T28)-ROW(T$15),0) -> 480 | U28: =AG28 -> 0 | V28: BDI 1 | W28: {=IF($C28="S",ROUND(IF(TIPOORCAMENTO="Proposto",ORÇAMENTO.CustoUnitario*(1+$AH28),ORÇAMENTO.PrecoUnitarioLicitado),15-13*$AF$10),0)} -> 0 | X28: {=IF($C28="S",IF(OR(Import.TipoArredondamento<>"TransfereGOV",ACOMPANHAMENTO="BM"),VTOTAL1,SUM(OFFSET(CÁLCULO!$AA$15,ROW($X28)-ROW($X$15),1):OFFSET(CÁLCULO!$AL$15,ROW($X28)-ROW($X$15),-1))),IF($C28=0,0,ROUND(SomaAgrup,15-13*$AF$11)))} -> 0 | Y28: RA | Z28: =IF(AND($C28="S",$X28>0),IF(ISBLANK($Y28),"RA",LEFT($Y28,2)),"") | AA28: {=IF($C28="S",IF($Z28="CP",$X28,IF($Z28="RA",(($X28)*QCI!$AA$3),0)),SomaAgrup)} -> 0 | AB28: {=IF($C28="S",IF($Z28="OU",ROUND($X28,2),0),SomaAgrup)} -> 0 | AC28: {=IF($N28=""," ", IF(AND($C28<>"S",OR($R28="",$R28="(digite a descrição aqui)")),"DESCRIÇÃO", IF(AND($C28="S",OR($Q28<>"",$T28>0,$U28>0),$P28=""),"FONTE", IF(AND($C28="S",$P28<>"",OR($T28>0,$U28>0),$Q28=""),"CÓDIGO", IF(AND($C28="S",$P28<>"",$Q28<>"",$R28="(Código não identificado nas referências)"),"CÓDIGO N/ID", IF(AND($C28="S",OR($R28="",$R28="(digite a descrição aqui)"),OR($Q28<>"",$T28>0,$U28>0)),"DESCRIÇÃO", IF(AND($C28="S",$P28<>"",$Q28<>"",$S28=""),"UNIDADE", IF(AND($C28="S",$P28<>"",$Q28<>"",$U28=0),"SEM CUSTO", IF(AND(TIPOORCAMENTO="Licitado",$AL28=0,$AN28>0),"SEM PREÇO", IF(AND($C28="S",$P28<>"",$Q28<>"",$U28>0,AND($V28<>"BDI 1",$V28<>"BDI 2",$V28<>"BDI 3")),IF(ISNUMBER($V28),"JUSTIFICAR BDI","BDI"), IF(OR(AND(import.recurso="OGU",TIPOORCAMENTO="Proposto",LEFT($O$8,5)<>"(N/D:",$AG28<>"",ORÇAMENTO.CustoUnitario>$AG28),AND(TIPOORCAMENTO="LICITADO",ORÇAMENTO.PrecoUnitarioLicitado>$AN28)),"ACIMA REF.", IF(AND($C28="S",$P28<>"",$Q28<>"",$T28=0,$U28>0),"QUANT.", IF(AND(Import.TipoArredondamento="TransfereGOV",$L28="F",$C28="S",LEN($Q28)>13),"Código >13", IF(AND(Import.TipoArredondamento="TransfereGOV",$L28="F",$C28<>"S",LEN($R28)>100),"Descrição >100", IF(AND(Import.TipoArredondamento="TransfereGOV",$L28="F",$C28="S",LEN($R28)>500),"Descrição >500", IF(AND(Import.TipoArredondamento="TransfereGOV",$L28="F",$C28="S",LEFT(TRIM(UPPER($P28)),6)<>"SINAPI",ISNA(VLOOKUP(TRIM(UPPER($S28)),ListaTgov.Unidades,1,FALSE))),"Unid. Não Disp", " "))))))))))))))))} -> CÓDIGO N/ID | AD28: =IF(C28<=CRONO.NivelExibicao,MAX($AD$15:OFFSET(AD28,-1,0))+IF($C28<>1,1,MAX(1,COUNTIF(QCI!$A$13:$A$24,OFFSET($E28,-1,0)))),"") | AE28: {=IF(AND($C28="S",ORÇAMENTO.CodBarra<>""),IF(ORÇAMENTO.Fonte="",ORÇAMENTO.CodBarra,CONCATENATE(ORÇAMENTO.Fonte," ",ORÇAMENTO.CodBarra)))} -> SINAPI 100717 | AF28: {=IF(ISERROR(ORÇAMENTO.BancoRef),"(abra o arquivo 'Referência "&Excel_BuiltIn_Database&".xlsm)",IF(OR($C28<>"S",ORÇAMENTO.CodBarra=""),"(Sem Código)",IF(ISERROR(MATCH($AE28,INDIRECT(ORÇAMENTO.BancoRef),0)),"(Código não identificado nas referências)",MATCH($AE28,INDIRECT(ORÇAMENTO.BancoRef),0))))} -> (Código não identificado nas referências) | AG28: {=ROUND(IF(DESONERACAO="sim",REFERENCIA.Desonerado,REFERENCIA.NaoDesonerado),2)} -> 0 | AH28: =ROUND(IF(ISNUMBER(ORÇAMENTO.OpcaoBDI),ORÇAMENTO.OpcaoBDI,IF(LEFT(ORÇAMENTO.OpcaoBDI,3)="BDI",HLOOKUP(ORÇAMENTO.OpcaoBDI,$F$4:$H$5,2,FALSE),0)),15-11*$AF$9) -> 0.25 | AM28: =$X28 -> 0 | AN28: {=ROUND(ORÇAMENTO.CustoUnitario*(1+$AH28),2)} -> 0
A29: =CHOOSE(1+LOG(1+2*(ORÇAMENTO.Nivel="Meta")+4*(ORÇAMENTO.Nivel="Nível 2")+8*(ORÇAMENTO.Nivel="Nível 3")+16*(ORÇAMENTO.Nivel="Nível 4")+32*(ORÇAMENTO.Nivel="Serviço"),2),0,1,2,3,4,"S") -> 2 | B29: =IF(OR(C29="s",C29=0),OFFSET(B29,-1,0),C29) -> 2 | C29: =IF(OFFSET(C29,-1,0)="L",1,IF(OFFSET(C29,-1,0)=1,2,IF(OR(A29="s",A29=0),"S",IF(AND(OFFSET(C29,-1,0)=2,A29=4),3,IF(AND(OR(OFFSET(C29,-1,0)="s",OFFSET(C29,-1,0)=0),A29<>"s",A29>OFFSET(B29,-1,0)),OFFSET(B29,-1,0),A29))))) -> 2 | D29: =IF(OR(C29="S",C29=0),0,IF(ISERROR(K29),J29,SMALL(J29:K29,1))) -> 5 | E29: =IF($C29=1,OFFSET(E29,-1,0)+MAX(1,COUNTIF(QCI!$A$13:$A$24,OFFSET(ORÇAMENTO!E29,-1,0))),OFFSET(E29,-1,0)) -> 1 | F29: =IF($C29=1,0,IF($C29=2,OFFSET(F29,-1,0)+1,OFFSET(F29,-1,0))) -> 4 | G29: =IF(AND($C29<=2,$C29<>0),0,IF($C29=3,OFFSET(G29,-1,0)+1,OFFSET(G29,-1,0))) -> 0 | H29: =IF(AND($C29<=3,$C29<>0),0,IF($C29=4,OFFSET(H29,-1,0)+1,OFFSET(H29,-1,0))) -> 0 | I29: =IF(AND($C29<=4,$C29<>0),0,IF(AND($C29="S",$X29>0),OFFSET(I29,-1,0)+1,OFFSET(I29,-1,0))) -> 0 | J29: =IF(OR($C29="S",$C29=0),0,MATCH(0,OFFSET($D29,1,$C29,ROW($C$39)-ROW($C29)),0)) -> 10 | K29: =IF(OR($C29="S",$C29=0),0,MATCH(OFFSET($D29,0,$C29)+IF($C29<>1,1,COUNTIF(QCI!$A$13:$A$24,ORÇAMENTO!E29)),OFFSET($D29,1,$C29,ROW($C$39)-ROW($C29)),0)) -> 5 | L29: =IF(OR($X29>0,$C29=1,$C29=2,$C29=3,$C29=4),"F","") -> F | M29: Nível 2 | N29: =CHOOSE(1+LOG(1+2*(C29=1)+4*(C29=2)+8*(C29=3)+16*(C29=4)+32*(C29="S"),2),"","Meta","Nível 2","Nível 3","Nível 4","Serviço") -> Nível 2 | O29: =IF(OR($C29=0,$L29=""),"-",CONCATENATE(E29&".",IF(AND($A$5>=2,$C29>=2),F29&".",""),IF(AND($A$5>=3,$C29>=3),G29&".",""),IF(AND($A$5>=4,$C29>=4),H29&".",""),IF($C29="S",I29&".",""))) -> 1.4. | P29: SINAPI | R29: RECUPERAÇÃO, REVESTIMENTO E PROTEÇÃO DA ESTRUTURA | S29: {=REFERENCIA.Unidade} -> - | T29: =OFFSET(CÁLCULO!H$15,ROW($T29)-ROW(T$15),0) -> 0 | V29: BDI 1 | W29: {=IF($C29="S",ROUND(IF(TIPOORCAMENTO="Proposto",ORÇAMENTO.CustoUnitario*(1+$AH29),ORÇAMENTO.PrecoUnitarioLicitado),15-13*$AF$10),0)} -> 0 | X29: {=IF($C29="S",IF(OR(Import.TipoArredondamento<>"TransfereGOV",ACOMPANHAMENTO="BM"),VTOTAL1,SUM(OFFSET(CÁLCULO!$AA$15,ROW($X29)-ROW($X$15),1):OFFSET(CÁLCULO!$AL$15,ROW($X29)-ROW($X$15),-1))),IF($C29=0,0,ROUND(SomaAgrup,15-13*$AF$11)))} -> 0 | Y29: RA | Z29: =IF(AND($C29="S",$X29>0),IF(ISBLANK($Y29),"RA",LEFT($Y29,2)),"") | AA29: {=IF($C29="S",IF($Z29="CP",$X29,IF($Z29="RA",(($X29)*QCI!$AA$3),0)),SomaAgrup)} -> 0 | AB29: {=IF($C29="S",IF($Z29="OU",ROUND($X29,2),0),SomaAgrup)} -> 0 | AC29: {=IF($N29=""," ", IF(AND($C29<>"S",OR($R29="",$R29="(digite a descrição aqui)")),"DESCRIÇÃO", IF(AND($C29="S",OR($Q29<>"",$T29>0,$U29>0),$P29=""),"FONTE", IF(AND($C29="S",$P29<>"",OR($T29>0,$U29>0),$Q29=""),"CÓDIGO", IF(AND($C29="S",$P29<>"",$Q29<>"",$R29="(Código não identificado nas referências)"),"CÓDIGO N/ID", IF(AND($C29="S",OR($R29="",$R29="(digite a descrição aqui)"),OR($Q29<>"",$T29>0,$U29>0)),"DESCRIÇÃO", IF(AND($C29="S",$P29<>"",$Q29<>"",$S29=""),"UNIDADE", IF(AND($C29="S",$P29<>"",$Q29<>"",$U29=0),"SEM CUSTO", IF(AND(TIPOORCAMENTO="Licitado",$AL29=0,$AN29>0),"SEM PREÇO", IF(AND($C29="S",$P29<>"",$Q29<>"",$U29>0,AND($V29<>"BDI 1",$V29<>"BDI 2",$V29<>"BDI 3")),IF(ISNUMBER($V29),"JUSTIFICAR BDI","BDI"), IF(OR(AND(import.recurso="OGU",TIPOORCAMENTO="Proposto",LEFT($O$8,5)<>"(N/D:",$AG29<>"",ORÇAMENTO.CustoUnitario>$AG29),AND(TIPOORCAMENTO="LICITADO",ORÇAMENTO.PrecoUnitarioLicitado>$AN29)),"ACIMA REF.", IF(AND($C29="S",$P29<>"",$Q29<>"",$T29=0,$U29>0),"QUANT.", IF(AND(Import.TipoArredondamento="TransfereGOV",$L29="F",$C29="S",LEN($Q29)>13),"Código >13", IF(AND(Import.TipoArredondamento="TransfereGOV",$L29="F",$C29<>"S",LEN($R29)>100),"Descrição >100", IF(AND(Import.TipoArredondamento="TransfereGOV",$L29="F",$C29="S",LEN($R29)>500),"Descrição >500", IF(AND(Import.TipoArredondamento="TransfereGOV",$L29="F",$C29="S",LEFT(TRIM(UPPER($P29)),6)<>"SINAPI",ISNA(VLOOKUP(TRIM(UPPER($S29)),ListaTgov.Unidades,1,FALSE))),"Unid. Não Disp", " "))))))))))))))))} | AD29: =IF(C29<=CRONO.NivelExibicao,MAX($AD$15:OFFSET(AD29,-1,0))+IF($C29<>1,1,MAX(1,COUNTIF(QCI!$A$13:$A$24,OFFSET($E29,-1,0)))),"") -> 5 | AE29: {=IF(AND($C29="S",ORÇAMENTO.CodBarra<>""),IF(ORÇAMENTO.Fonte="",ORÇAMENTO.CodBarra,CONCATENATE(ORÇAMENTO.Fonte," ",ORÇAMENTO.CodBarra)))} -> FALSE | AF29: {=IF(ISERROR(ORÇAMENTO.BancoRef),"(abra o arquivo 'Referência "&Excel_BuiltIn_Database&".xlsm)",IF(OR($C29<>"S",ORÇAMENTO.CodBarra=""),"(Sem Código)",IF(ISERROR(MATCH($AE29,INDIRECT(ORÇAMENTO.BancoRef),0)),"(Código não identificado nas referências)",MATCH($AE29,INDIRECT(ORÇAMENTO.BancoRef),0))))} -> (Sem Código) | AG29: {=ROUND(IF(DESONERACAO="sim",REFERENCIA.Desonerado,REFERENCIA.NaoDesonerado),2)} -> 0 | AH29: =ROUND(IF(ISNUMBER(ORÇAMENTO.OpcaoBDI),ORÇAMENTO.OpcaoBDI,IF(LEFT(ORÇAMENTO.OpcaoBDI,3)="BDI",HLOOKUP(ORÇAMENTO.OpcaoBDI,$F$4:$H$5,2,FALSE),0)),15-11*$AF$9) -> 0.25 | AM29: =$X29 -> 0 | AN29: {=ROUND(ORÇAMENTO.CustoUnitario*(1+$AH29),2)} -> 0
A30: =CHOOSE(1+LOG(1+2*(ORÇAMENTO.Nivel="Meta")+4*(ORÇAMENTO.Nivel="Nível 2")+8*(ORÇAMENTO.Nivel="Nível 3")+16*(ORÇAMENTO.Nivel="Nível 4")+32*(ORÇAMENTO.Nivel="Serviço"),2),0,1,2,3,4,"S") -> S | B30: =IF(OR(C30="s",C30=0),OFFSET(B30,-1,0),C30) -> 2 | C30: =IF(OFFSET(C30,-1,0)="L",1,IF(OFFSET(C30,-1,0)=1,2,IF(OR(A30="s",A30=0),"S",IF(AND(OFFSET(C30,-1,0)=2,A30=4),3,IF(AND(OR(OFFSET(C30,-1,0)="s",OFFSET(C30,-1,0)=0),A30<>"s",A30>OFFSET(B30,-1,0)),OFFSET(B30,-1,0),A30))))) -> S | D30: =IF(OR(C30="S",C30=0),0,IF(ISERROR(K30),J30,SMALL(J30:K30,1))) -> 0 | E30: =IF($C30=1,OFFSET(E30,-1,0)+MAX(1,COUNTIF(QCI!$A$13:$A$24,OFFSET(ORÇAMENTO!E30,-1,0))),OFFSET(E30,-1,0)) -> 1 | F30: =IF($C30=1,0,IF($C30=2,OFFSET(F30,-1,0)+1,OFFSET(F30,-1,0))) -> 4 | G30: =IF(AND($C30<=2,$C30<>0),0,IF($C30=3,OFFSET(G30,-1,0)+1,OFFSET(G30,-1,0))) -> 0 | H30: =IF(AND($C30<=3,$C30<>0),0,IF($C30=4,OFFSET(H30,-1,0)+1,OFFSET(H30,-1,0))) -> 0 | I30: =IF(AND($C30<=4,$C30<>0),0,IF(AND($C30="S",$X30>0),OFFSET(I30,-1,0)+1,OFFSET(I30,-1,0))) -> 0 | J30: =IF(OR($C30="S",$C30=0),0,MATCH(0,OFFSET($D30,1,$C30,ROW($C$39)-ROW($C30)),0)) -> 0 | K30: =IF(OR($C30="S",$C30=0),0,MATCH(OFFSET($D30,0,$C30)+IF($C30<>1,1,COUNTIF(QCI!$A$13:$A$24,ORÇAMENTO!E30)),OFFSET($D30,1,$C30,ROW($C$39)-ROW($C30)),0)) -> 0 | L30: =IF(OR($X30>0,$C30=1,$C30=2,$C30=3,$C30=4),"F","") | M30: Serviço | N30: =CHOOSE(1+LOG(1+2*(C30=1)+4*(C30=2)+8*(C30=3)+16*(C30=4)+32*(C30="S"),2),"","Meta","Nível 2","Nível 3","Nível 4","Serviço") -> Serviço | O30: =IF(OR($C30=0,$L30=""),"-",CONCATENATE(E30&".",IF(AND($A$5>=2,$C30>=2),F30&".",""),IF(AND($A$5>=3,$C30>=3),G30&".",""),IF(AND($A$5>=4,$C30>=4),H30&".",""),IF($C30="S",I30&".",""))) -> - | P30: Composição | Q30: PM BENTO 08 | R30: {=IF($C30="S",REFERENCIA.Descricao,"(digite a descrição aqui)")} -> (Código não identificado nas referências) | S30: {=REFERENCIA.Unidade} -> - | T30: =OFFSET(CÁLCULO!H$15,ROW($T30)-ROW(T$15),0) -> 7.2 | U30: =AG30 -> 0 | V30: BDI 1 | W30: {=IF($C30="S",ROUND(IF(TIPOORCAMENTO="Proposto",ORÇAMENTO.CustoUnitario*(1+$AH30),ORÇAMENTO.PrecoUnitarioLicitado),15-13*$AF$10),0)} -> 0 | X30: {=IF($C30="S",IF(OR(Import.TipoArredondamento<>"TransfereGOV",ACOMPANHAMENTO="BM"),VTOTAL1,SUM(OFFSET(CÁLCULO!$AA$15,ROW($X30)-ROW($X$15),1):OFFSET(CÁLCULO!$AL$15,ROW($X30)-ROW($X$15),-1))),IF($C30=0,0,ROUND(SomaAgrup,15-13*$AF$11)))} -> 0 | Y30: RA | Z30: =IF(AND($C30="S",$X30>0),IF(ISBLANK($Y30),"RA",LEFT($Y30,2)),"") | AA30: {=IF($C30="S",IF($Z30="CP",$X30,IF($Z30="RA",(($X30)*QCI!$AA$3),0)),SomaAgrup)} -> 0 | AB30: {=IF($C30="S",IF($Z30="OU",ROUND($X30,2),0),SomaAgrup)} -> 0 | AC30: {=IF($N30=""," ", IF(AND($C30<>"S",OR($R30="",$R30="(digite a descrição aqui)")),"DESCRIÇÃO", IF(AND($C30="S",OR($Q30<>"",$T30>0,$U30>0),$P30=""),"FONTE", IF(AND($C30="S",$P30<>"",OR($T30>0,$U30>0),$Q30=""),"CÓDIGO", IF(AND($C30="S",$P30<>"",$Q30<>"",$R30="(Código não identificado nas referências)"),"CÓDIGO N/ID", IF(AND($C30="S",OR($R30="",$R30="(digite a descrição aqui)"),OR($Q30<>"",$T30>0,$U30>0)),"DESCRIÇÃO", IF(AND($C30="S",$P30<>"",$Q30<>"",$S30=""),"UNIDADE", IF(AND($C30="S",$P30<>"",$Q30<>"",$U30=0),"SEM CUSTO", IF(AND(TIPOORCAMENTO="Licitado",$AL30=0,$AN30>0),"SEM PREÇO", IF(AND($C30="S",$P30<>"",$Q30<>"",$U30>0,AND($V30<>"BDI 1",$V30<>"BDI 2",$V30<>"BDI 3")),IF(ISNUMBER($V30),"JUSTIFICAR BDI","BDI"), IF(OR(AND(import.recurso="OGU",TIPOORCAMENTO="Proposto",LEFT($O$8,5)<>"(N/D:",$AG30<>"",ORÇAMENTO.CustoUnitario>$AG30),AND(TIPOORCAMENTO="LICITADO",ORÇAMENTO.PrecoUnitarioLicitado>$AN30)),"ACIMA REF.", IF(AND($C30="S",$P30<>"",$Q30<>"",$T30=0,$U30>0),"QUANT.", IF(AND(Import.TipoArredondamento="TransfereGOV",$L30="F",$C30="S",LEN($Q30)>13),"Código >13", IF(AND(Import.TipoArredondamento="TransfereGOV",$L30="F",$C30<>"S",LEN($R30)>100),"Descrição >100", IF(AND(Import.TipoArredondamento="TransfereGOV",$L30="F",$C30="S",LEN($R30)>500),"Descrição >500", IF(AND(Import.TipoArredondamento="TransfereGOV",$L30="F",$C30="S",LEFT(TRIM(UPPER($P30)),6)<>"SINAPI",ISNA(VLOOKUP(TRIM(UPPER($S30)),ListaTgov.Unidades,1,FALSE))),"Unid. Não Disp", " "))))))))))))))))} -> CÓDIGO N/ID | AD30: =IF(C30<=CRONO.NivelExibicao,MAX($AD$15:OFFSET(AD30,-1,0))+IF($C30<>1,1,MAX(1,COUNTIF(QCI!$A$13:$A$24,OFFSET($E30,-1,0)))),"") | AE30: {=IF(AND($C30="S",ORÇAMENTO.CodBarra<>""),IF(ORÇAMENTO.Fonte="",ORÇAMENTO.CodBarra,CONCATENATE(ORÇAMENTO.Fonte," ",ORÇAMENTO.CodBarra)))} -> Composição PM BENTO 08 | AF30: {=IF(ISERROR(ORÇAMENTO.BancoRef),"(abra o arquivo 'Referência "&Excel_BuiltIn_Database&".xlsm)",IF(OR($C30<>"S",ORÇAMENTO.CodBarra=""),"(Sem Código)",IF(ISERROR(MATCH($AE30,INDIRECT(ORÇAMENTO.BancoRef),0)),"(Código não identificado nas referências)",MATCH($AE30,INDIRECT(ORÇAMENTO.BancoRef),0))))} -> (Código não identificado nas referências) | AG30: {=ROUND(IF(DESONERACAO="sim",REFERENCIA.Desonerado,REFERENCIA.NaoDesonerado),2)} -> 0 | AH30: =ROUND(IF(ISNUMBER(ORÇAMENTO.OpcaoBDI),ORÇAMENTO.OpcaoBDI,IF(LEFT(ORÇAMENTO.OpcaoBDI,3)="BDI",HLOOKUP(ORÇAMENTO.OpcaoBDI,$F$4:$H$5,2,FALSE),0)),15-11*$AF$9) -> 0.25 | AM30: =$X30 -> 0 | AN30: {=ROUND(ORÇAMENTO.CustoUnitario*(1+$AH30),2)} -> 0
A31: =CHOOSE(1+LOG(1+2*(ORÇAMENTO.Nivel="Meta")+4*(ORÇAMENTO.Nivel="Nível 2")+8*(ORÇAMENTO.Nivel="Nível 3")+16*(ORÇAMENTO.Nivel="Nível 4")+32*(ORÇAMENTO.Nivel="Serviço"),2),0,1,2,3,4,"S") -> S | B31: =IF(OR(C31="s",C31=0),OFFSET(B31,-1,0),C31) -> 2 | C31: =IF(OFFSET(C31,-1,0)="L",1,IF(OFFSET(C31,-1,0)=1,2,IF(OR(A31="s",A31=0),"S",IF(AND(OFFSET(C31,-1,0)=2,A31=4),3,IF(AND(OR(OFFSET(C31,-1,0)="s",OFFSET(C31,-1,0)=0),A31<>"s",A31>OFFSET(B31,-1,0)),OFFSET(B31,-1,0),A31))))) -> S | D31: =IF(OR(C31="S",C31=0),0,IF(ISERROR(K31),J31,SMALL(J31:K31,1))) -> 0 | E31: =IF($C31=1,OFFSET(E31,-1,0)+MAX(1,COUNTIF(QCI!$A$13:$A$24,OFFSET(ORÇAMENTO!E31,-1,0))),OFFSET(E31,-1,0)) -> 1 | F31: =IF($C31=1,0,IF($C31=2,OFFSET(F31,-1,0)+1,OFFSET(F31,-1,0))) -> 4 | G31: =IF(AND($C31<=2,$C31<>0),0,IF($C31=3,OFFSET(G31,-1,0)+1,OFFSET(G31,-1,0))) -> 0 | H31: =IF(AND($C31<=3,$C31<>0),0,IF($C31=4,OFFSET(H31,-1,0)+1,OFFSET(H31,-1,0))) -> 0 | I31: =IF(AND($C31<=4,$C31<>0),0,IF(AND($C31="S",$X31>0),OFFSET(I31,-1,0)+1,OFFSET(I31,-1,0))) -> 0 | J31: =IF(OR($C31="S",$C31=0),0,MATCH(0,OFFSET($D31,1,$C31,ROW($C$39)-ROW($C31)),0)) -> 0 | K31: =IF(OR($C31="S",$C31=0),0,MATCH(OFFSET($D31,0,$C31)+IF($C31<>1,1,COUNTIF(QCI!$A$13:$A$24,ORÇAMENTO!E31)),OFFSET($D31,1,$C31,ROW($C$39)-ROW($C31)),0)) -> 0 | L31: =IF(OR($X31>0,$C31=1,$C31=2,$C31=3,$C31=4),"F","") | M31: Serviço | N31: =CHOOSE(1+LOG(1+2*(C31=1)+4*(C31=2)+8*(C31=3)+16*(C31=4)+32*(C31="S"),2),"","Meta","Nível 2","Nível 3","Nível 4","Serviço") -> Serviço | O31: =IF(OR($C31=0,$L31=""),"-",CONCATENATE(E31&".",IF(AND($A$5>=2,$C31>=2),F31&".",""),IF(AND($A$5>=3,$C31>=3),G31&".",""),IF(AND($A$5>=4,$C31>=4),H31&".",""),IF($C31="S",I31&".",""))) -> - | P31: SICRO | Q31: 4915654 | R31: {=IF($C31="S",REFERENCIA.Descricao,"(digite a descrição aqui)")} -> (Código não identificado nas referências) | S31: M2 | T31: =OFFSET(CÁLCULO!H$15,ROW($T31)-ROW(T$15),0) -> 480 | U31: =AG31 -> 0 | V31: BDI 1 | W31: {=IF($C31="S",ROUND(IF(TIPOORCAMENTO="Proposto",ORÇAMENTO.CustoUnitario*(1+$AH31),ORÇAMENTO.PrecoUnitarioLicitado),15-13*$AF$10),0)} -> 0 | X31: {=IF($C31="S",IF(OR(Import.TipoArredondamento<>"TransfereGOV",ACOMPANHAMENTO="BM"),VTOTAL1,SUM(OFFSET(CÁLCULO!$AA$15,ROW($X31)-ROW($X$15),1):OFFSET(CÁLCULO!$AL$15,ROW($X31)-ROW($X$15),-1))),IF($C31=0,0,ROUND(SomaAgrup,15-13*$AF$11)))} -> 0 | Y31: RA | Z31: =IF(AND($C31="S",$X31>0),IF(ISBLANK($Y31),"RA",LEFT($Y31,2)),"") | AA31: {=IF($C31="S",IF($Z31="CP",$X31,IF($Z31="RA",(($X31)*QCI!$AA$3),0)),SomaAgrup)} -> 0 | AB31: {=IF($C31="S",IF($Z31="OU",ROUND($X31,2),0),SomaAgrup)} -> 0 | AC31: {=IF($N31=""," ", IF(AND($C31<>"S",OR($R31="",$R31="(digite a descrição aqui)")),"DESCRIÇÃO", IF(AND($C31="S",OR($Q31<>"",$T31>0,$U31>0),$P31=""),"FONTE", IF(AND($C31="S",$P31<>"",OR($T31>0,$U31>0),$Q31=""),"CÓDIGO", IF(AND($C31="S",$P31<>"",$Q31<>"",$R31="(Código não identificado nas referências)"),"CÓDIGO N/ID", IF(AND($C31="S",OR($R31="",$R31="(digite a descrição aqui)"),OR($Q31<>"",$T31>0,$U31>0)),"DESCRIÇÃO", IF(AND($C31="S",$P31<>"",$Q31<>"",$S31=""),"UNIDADE", IF(AND($C31="S",$P31<>"",$Q31<>"",$U31=0),"SEM CUSTO", IF(AND(TIPOORCAMENTO="Licitado",$AL31=0,$AN31>0),"SEM PREÇO", IF(AND($C31="S",$P31<>"",$Q31<>"",$U31>0,AND($V31<>"BDI 1",$V31<>"BDI 2",$V31<>"BDI 3")),IF(ISNUMBER($V31),"JUSTIFICAR BDI","BDI"), IF(OR(AND(import.recurso="OGU",TIPOORCAMENTO="Proposto",LEFT($O$8,5)<>"(N/D:",$AG31<>"",ORÇAMENTO.CustoUnitario>$AG31),AND(TIPOORCAMENTO="LICITADO",ORÇAMENTO.PrecoUnitarioLicitado>$AN31)),"ACIMA REF.", IF(AND($C31="S",$P31<>"",$Q31<>"",$T31=0,$U31>0),"QUANT.", IF(AND(Import.TipoArredondamento="TransfereGOV",$L31="F",$C31="S",LEN($Q31)>13),"Código >13", IF(AND(Import.TipoArredondamento="TransfereGOV",$L31="F",$C31<>"S",LEN($R31)>100),"Descrição >100", IF(AND(Import.TipoArredondamento="TransfereGOV",$L31="F",$C31="S",LEN($R31)>500),"Descrição >500", IF(AND(Import.TipoArredondamento="TransfereGOV",$L31="F",$C31="S",LEFT(TRIM(UPPER($P31)),6)<>"SINAPI",ISNA(VLOOKUP(TRIM(UPPER($S31)),ListaTgov.Unidades,1,FALSE))),"Unid. Não Disp", " "))))))))))))))))} -> CÓDIGO N/ID | AD31: =IF(C31<=CRONO.NivelExibicao,MAX($AD$15:OFFSET(AD31,-1,0))+IF($C31<>1,1,MAX(1,COUNTIF(QCI!$A$13:$A$24,OFFSET($E31,-1,0)))),"") | AE31: {=IF(AND($C31="S",ORÇAMENTO.CodBarra<>""),IF(ORÇAMENTO.Fonte="",ORÇAMENTO.CodBarra,CONCATENATE(ORÇAMENTO.Fonte," ",ORÇAMENTO.CodBarra)))} -> SICRO 4915654 | AF31: {=IF(ISERROR(ORÇAMENTO.BancoRef),"(abra o arquivo 'Referência "&Excel_BuiltIn_Database&".xlsm)",IF(OR($C31<>"S",ORÇAMENTO.CodBarra=""),"(Sem Código)",IF(ISERROR(MATCH($AE31,INDIRECT(ORÇAMENTO.BancoRef),0)),"(Código não identificado nas referências)",MATCH($AE31,INDIRECT(ORÇAMENTO.BancoRef),0))))} -> (Código não identificado nas referências) | AG31: {=ROUND(IF(DESONERACAO="sim",REFERENCIA.Desonerado,REFERENCIA.NaoDesonerado),2)} -> 0 | AH31: =ROUND(IF(ISNUMBER(ORÇAMENTO.OpcaoBDI),ORÇAMENTO.OpcaoBDI,IF(LEFT(ORÇAMENTO.OpcaoBDI,3)="BDI",HLOOKUP(ORÇAMENTO.OpcaoBDI,$F$4:$H$5,2,FALSE),0)),15-11*$AF$9) -> 0.25 | AM31: =$X31 -> 0 | AN31: {=ROUND(ORÇAMENTO.CustoUnitario*(1+$AH31),2)} -> 0
A32: =CHOOSE(1+LOG(1+2*(ORÇAMENTO.Nivel="Meta")+4*(ORÇAMENTO.Nivel="Nível 2")+8*(ORÇAMENTO.Nivel="Nível 3")+16*(ORÇAMENTO.Nivel="Nível 4")+32*(ORÇAMENTO.Nivel="Serviço"),2),0,1,2,3,4,"S") -> S | B32: =IF(OR(C32="s",C32=0),OFFSET(B32,-1,0),C32) -> 2 | C32: =IF(OFFSET(C32,-1,0)="L",1,IF(OFFSET(C32,-1,0)=1,2,IF(OR(A32="s",A32=0),"S",IF(AND(OFFSET(C32,-1,0)=2,A32=4),3,IF(AND(OR(OFFSET(C32,-1,0)="s",OFFSET(C32,-1,0)=0),A32<>"s",A32>OFFSET(B32,-1,0)),OFFSET(B32,-1,0),A32))))) -> S | D32: =IF(OR(C32="S",C32=0),0,IF(ISERROR(K32),J32,SMALL(J32:K32,1))) -> 0 | E32: =IF($C32=1,OFFSET(E32,-1,0)+MAX(1,COUNTIF(QCI!$A$13:$A$24,OFFSET(ORÇAMENTO!E32,-1,0))),OFFSET(E32,-1,0)) -> 1 | F32: =IF($C32=1,0,IF($C32=2,OFFSET(F32,-1,0)+1,OFFSET(F32,-1,0))) -> 4 | G32: =IF(AND($C32<=2,$C32<>0),0,IF($C32=3,OFFSET(G32,-1,0)+1,OFFSET(G32,-1,0))) -> 0 | H32: =IF(AND($C32<=3,$C32<>0),0,IF($C32=4,OFFSET(H32,-1,0)+1,OFFSET(H32,-1,0))) -> 0 | I32: =IF(AND($C32<=4,$C32<>0),0,IF(AND($C32="S",$X32>0),OFFSET(I32,-1,0)+1,OFFSET(I32,-1,0))) -> 0 | J32: =IF(OR($C32="S",$C32=0),0,MATCH(0,OFFSET($D32,1,$C32,ROW($C$39)-ROW($C32)),0)) -> 0 | K32: =IF(OR($C32="S",$C32=0),0,MATCH(OFFSET($D32,0,$C32)+IF($C32<>1,1,COUNTIF(QCI!$A$13:$A$24,ORÇAMENTO!E32)),OFFSET($D32,1,$C32,ROW($C$39)-ROW($C32)),0)) -> 0 | L32: =IF(OR($X32>0,$C32=1,$C32=2,$C32=3,$C32=4),"F","") | M32: Serviço | N32: =CHOOSE(1+LOG(1+2*(C32=1)+4*(C32=2)+8*(C32=3)+16*(C32=4)+32*(C32="S"),2),"","Meta","Nível 2","Nível 3","Nível 4","Serviço") -> Serviço | O32: =IF(OR($C32=0,$L32=""),"-",CONCATENATE(E32&".",IF(AND($A$5>=2,$C32>=2),F32&".",""),IF(AND($A$5>=3,$C32>=3),G32&".",""),IF(AND($A$5>=4,$C32>=4),H32&".",""),IF($C32="S",I32&".",""))) -> - | P32: Composição | Q32: PM BENTO 09 | R32: {=IF($C32="S",REFERENCIA.Descricao,"(digite a descrição aqui)")} -> (Código não identificado nas referências) | S32: {=REFERENCIA.Unidade} -> - | T32: =OFFSET(CÁLCULO!H$15,ROW($T32)-ROW(T$15),0) -> 1450 | U32: =AG32 -> 0 | V32: BDI 1 | W32: {=IF($C32="S",ROUND(IF(TIPOORCAMENTO="Proposto",ORÇAMENTO.CustoUnitario*(1+$AH32),ORÇAMENTO.PrecoUnitarioLicitado),15-13*$AF$10),0)} -> 0 | X32: {=IF($C32="S",IF(OR(Import.TipoArredondamento<>"TransfereGOV",ACOMPANHAMENTO="BM"),VTOTAL1,SUM(OFFSET(CÁLCULO!$AA$15,ROW($X32)-ROW($X$15),1):OFFSET(CÁLCULO!$AL$15,ROW($X32)-ROW($X$15),-1))),IF($C32=0,0,ROUND(SomaAgrup,15-13*$AF$11)))} -> 0 | Y32: RA | Z32: =IF(AND($C32="S",$X32>0),IF(ISBLANK($Y32),"RA",LEFT($Y32,2)),"") | AA32: {=IF($C32="S",IF($Z32="CP",$X32,IF($Z32="RA",(($X32)*QCI!$AA$3),0)),SomaAgrup)} -> 0 | AB32: {=IF($C32="S",IF($Z32="OU",ROUND($X32,2),0),SomaAgrup)} -> 0 | AC32: {=IF($N32=""," ", IF(AND($C32<>"S",OR($R32="",$R32="(digite a descrição aqui)")),"DESCRIÇÃO", IF(AND($C32="S",OR($Q32<>"",$T32>0,$U32>0),$P32=""),"FONTE", IF(AND($C32="S",$P32<>"",OR($T32>0,$U32>0),$Q32=""),"CÓDIGO", IF(AND($C32="S",$P32<>"",$Q32<>"",$R32="(Código não identificado nas referências)"),"CÓDIGO N/ID", IF(AND($C32="S",OR($R32="",$R32="(digite a descrição aqui)"),OR($Q32<>"",$T32>0,$U32>0)),"DESCRIÇÃO", IF(AND($C32="S",$P32<>"",$Q32<>"",$S32=""),"UNIDADE", IF(AND($C32="S",$P32<>"",$Q32<>"",$U32=0),"SEM CUSTO", IF(AND(TIPOORCAMENTO="Licitado",$AL32=0,$AN32>0),"SEM PREÇO", IF(AND($C32="S",$P32<>"",$Q32<>"",$U32>0,AND($V32<>"BDI 1",$V32<>"BDI 2",$V32<>"BDI 3")),IF(ISNUMBER($V32),"JUSTIFICAR BDI","BDI"), IF(OR(AND(import.recurso="OGU",TIPOORCAMENTO="Proposto",LEFT($O$8,5)<>"(N/D:",$AG32<>"",ORÇAMENTO.CustoUnitario>$AG32),AND(TIPOORCAMENTO="LICITADO",ORÇAMENTO.PrecoUnitarioLicitado>$AN32)),"ACIMA REF.", IF(AND($C32="S",$P32<>"",$Q32<>"",$T32=0,$U32>0),"QUANT.", IF(AND(Import.TipoArredondamento="TransfereGOV",$L32="F",$C32="S",LEN($Q32)>13),"Código >13", IF(AND(Import.TipoArredondamento="TransfereGOV",$L32="F",$C32<>"S",LEN($R32)>100),"Descrição >100", IF(AND(Import.TipoArredondamento="TransfereGOV",$L32="F",$C32="S",LEN($R32)>500),"Descrição >500", IF(AND(Import.TipoArredondamento="TransfereGOV",$L32="F",$C32="S",LEFT(TRIM(UPPER($P32)),6)<>"SINAPI",ISNA(VLOOKUP(TRIM(UPPER($S32)),ListaTgov.Unidades,1,FALSE))),"Unid. Não Disp", " "))))))))))))))))} -> CÓDIGO N/ID | AD32: =IF(C32<=CRONO.NivelExibicao,MAX($AD$15:OFFSET(AD32,-1,0))+IF($C32<>1,1,MAX(1,COUNTIF(QCI!$A$13:$A$24,OFFSET($E32,-1,0)))),"") | AE32: {=IF(AND($C32="S",ORÇAMENTO.CodBarra<>""),IF(ORÇAMENTO.Fonte="",ORÇAMENTO.CodBarra,CONCATENATE(ORÇAMENTO.Fonte," ",ORÇAMENTO.CodBarra)))} -> Composição PM BENTO 09 | AF32: {=IF(ISERROR(ORÇAMENTO.BancoRef),"(abra o arquivo 'Referência "&Excel_BuiltIn_Database&".xlsm)",IF(OR($C32<>"S",ORÇAMENTO.CodBarra=""),"(Sem Código)",IF(ISERROR(MATCH($AE32,INDIRECT(ORÇAMENTO.BancoRef),0)),"(Código não identificado nas referências)",MATCH($AE32,INDIRECT(ORÇAMENTO.BancoRef),0))))} -> (Código não identificado nas referências) | AG32: {=ROUND(IF(DESONERACAO="sim",REFERENCIA.Desonerado,REFERENCIA.NaoDesonerado),2)} -> 0 | AH32: =ROUND(IF(ISNUMBER(ORÇAMENTO.OpcaoBDI),ORÇAMENTO.OpcaoBDI,IF(LEFT(ORÇAMENTO.OpcaoBDI,3)="BDI",HLOOKUP(ORÇAMENTO.OpcaoBDI,$F$4:$H$5,2,FALSE),0)),15-11*$AF$9) -> 0.25 | AM32: =$X32 -> 0 | AN32: {=ROUND(ORÇAMENTO.CustoUnitario*(1+$AH32),2)} -> 0
A33: =CHOOSE(1+LOG(1+2*(ORÇAMENTO.Nivel="Meta")+4*(ORÇAMENTO.Nivel="Nível 2")+8*(ORÇAMENTO.Nivel="Nível 3")+16*(ORÇAMENTO.Nivel="Nível 4")+32*(ORÇAMENTO.Nivel="Serviço"),2),0,1,2,3,4,"S") -> S | B33: =IF(OR(C33="s",C33=0),OFFSET(B33,-1,0),C33) -> 2 | C33: =IF(OFFSET(C33,-1,0)="L",1,IF(OFFSET(C33,-1,0)=1,2,IF(OR(A33="s",A33=0),"S",IF(AND(OFFSET(C33,-1,0)=2,A33=4),3,IF(AND(OR(OFFSET(C33,-1,0)="s",OFFSET(C33,-1,0)=0),A33<>"s",A33>OFFSET(B33,-1,0)),OFFSET(B33,-1,0),A33))))) -> S | D33: =IF(OR(C33="S",C33=0),0,IF(ISERROR(K33),J33,SMALL(J33:K33,1))) -> 0 | E33: =IF($C33=1,OFFSET(E33,-1,0)+MAX(1,COUNTIF(QCI!$A$13:$A$24,OFFSET(ORÇAMENTO!E33,-1,0))),OFFSET(E33,-1,0)) -> 1 | F33: =IF($C33=1,0,IF($C33=2,OFFSET(F33,-1,0)+1,OFFSET(F33,-1,0))) -> 4 | G33: =IF(AND($C33<=2,$C33<>0),0,IF($C33=3,OFFSET(G33,-1,0)+1,OFFSET(G33,-1,0))) -> 0 | H33: =IF(AND($C33<=3,$C33<>0),0,IF($C33=4,OFFSET(H33,-1,0)+1,OFFSET(H33,-1,0))) -> 0 | I33: =IF(AND($C33<=4,$C33<>0),0,IF(AND($C33="S",$X33>0),OFFSET(I33,-1,0)+1,OFFSET(I33,-1,0))) -> 0 | J33: =IF(OR($C33="S",$C33=0),0,MATCH(0,OFFSET($D33,1,$C33,ROW($C$39)-ROW($C33)),0)) -> 0 | K33: =IF(OR($C33="S",$C33=0),0,MATCH(OFFSET($D33,0,$C33)+IF($C33<>1,1,COUNTIF(QCI!$A$13:$A$24,ORÇAMENTO!E33)),OFFSET($D33,1,$C33,ROW($C$39)-ROW($C33)),0)) -> 0 | L33: =IF(OR($X33>0,$C33=1,$C33=2,$C33=3,$C33=4),"F","") | M33: Serviço | N33: =CHOOSE(1+LOG(1+2*(C33=1)+4*(C33=2)+8*(C33=3)+16*(C33=4)+32*(C33="S"),2),"","Meta","Nível 2","Nível 3","Nível 4","Serviço") -> Serviço | O33: =IF(OR($C33=0,$L33=""),"-",CONCATENATE(E33&".",IF(AND($A$5>=2,$C33>=2),F33&".",""),IF(AND($A$5>=3,$C33>=3),G33&".",""),IF(AND($A$5>=4,$C33>=4),H33&".",""),IF($C33="S",I33&".",""))) -> - | P33: Composição | Q33: PM BENTO 10 | R33: {=IF($C33="S",REFERENCIA.Descricao,"(digite a descrição aqui)")} -> (Código não identificado nas referências) | S33: {=REFERENCIA.Unidade} -> - | T33: =OFFSET(CÁLCULO!H$15,ROW($T33)-ROW(T$15),0) -> 1450 | U33: =AG33 -> 0 | V33: BDI 1 | W33: {=IF($C33="S",ROUND(IF(TIPOORCAMENTO="Proposto",ORÇAMENTO.CustoUnitario*(1+$AH33),ORÇAMENTO.PrecoUnitarioLicitado),15-13*$AF$10),0)} -> 0 | X33: {=IF($C33="S",IF(OR(Import.TipoArredondamento<>"TransfereGOV",ACOMPANHAMENTO="BM"),VTOTAL1,SUM(OFFSET(CÁLCULO!$AA$15,ROW($X33)-ROW($X$15),1):OFFSET(CÁLCULO!$AL$15,ROW($X33)-ROW($X$15),-1))),IF($C33=0,0,ROUND(SomaAgrup,15-13*$AF$11)))} -> 0 | Y33: RA | Z33: =IF(AND($C33="S",$X33>0),IF(ISBLANK($Y33),"RA",LEFT($Y33,2)),"") | AA33: {=IF($C33="S",IF($Z33="CP",$X33,IF($Z33="RA",(($X33)*QCI!$AA$3),0)),SomaAgrup)} -> 0 | AB33: {=IF($C33="S",IF($Z33="OU",ROUND($X33,2),0),SomaAgrup)} -> 0 | AC33: {=IF($N33=""," ", IF(AND($C33<>"S",OR($R33="",$R33="(digite a descrição aqui)")),"DESCRIÇÃO", IF(AND($C33="S",OR($Q33<>"",$T33>0,$U33>0),$P33=""),"FONTE", IF(AND($C33="S",$P33<>"",OR($T33>0,$U33>0),$Q33=""),"CÓDIGO", IF(AND($C33="S",$P33<>"",$Q33<>"",$R33="(Código não identificado nas referências)"),"CÓDIGO N/ID", IF(AND($C33="S",OR($R33="",$R33="(digite a descrição aqui)"),OR($Q33<>"",$T33>0,$U33>0)),"DESCRIÇÃO", IF(AND($C33="S",$P33<>"",$Q33<>"",$S33=""),"UNIDADE", IF(AND($C33="S",$P33<>"",$Q33<>"",$U33=0),"SEM CUSTO", IF(AND(TIPOORCAMENTO="Licitado",$AL33=0,$AN33>0),"SEM PREÇO", IF(AND($C33="S",$P33<>"",$Q33<>"",$U33>0,AND($V33<>"BDI 1",$V33<>"BDI 2",$V33<>"BDI 3")),IF(ISNUMBER($V33),"JUSTIFICAR BDI","BDI"), IF(OR(AND(import.recurso="OGU",TIPOORCAMENTO="Proposto",LEFT($O$8,5)<>"(N/D:",$AG33<>"",ORÇAMENTO.CustoUnitario>$AG33),AND(TIPOORCAMENTO="LICITADO",ORÇAMENTO.PrecoUnitarioLicitado>$AN33)),"ACIMA REF.", IF(AND($C33="S",$P33<>"",$Q33<>"",$T33=0,$U33>0),"QUANT.", IF(AND(Import.TipoArredondamento="TransfereGOV",$L33="F",$C33="S",LEN($Q33)>13),"Código >13", IF(AND(Import.TipoArredondamento="TransfereGOV",$L33="F",$C33<>"S",LEN($R33)>100),"Descrição >100", IF(AND(Import.TipoArredondamento="TransfereGOV",$L33="F",$C33="S",LEN($R33)>500),"Descrição >500", IF(AND(Import.TipoArredondamento="TransfereGOV",$L33="F",$C33="S",LEFT(TRIM(UPPER($P33)),6)<>"SINAPI",ISNA(VLOOKUP(TRIM(UPPER($S33)),ListaTgov.Unidades,1,FALSE))),"Unid. Não Disp", " "))))))))))))))))} -> CÓDIGO N/ID | AD33: =IF(C33<=CRONO.NivelExibicao,MAX($AD$15:OFFSET(AD33,-1,0))+IF($C33<>1,1,MAX(1,COUNTIF(QCI!$A$13:$A$24,OFFSET($E33,-1,0)))),"") | AE33: {=IF(AND($C33="S",ORÇAMENTO.CodBarra<>""),IF(ORÇAMENTO.Fonte="",ORÇAMENTO.CodBarra,CONCATENATE(ORÇAMENTO.Fonte," ",ORÇAMENTO.CodBarra)))} -> Composição PM BENTO 10 | AF33: {=IF(ISERROR(ORÇAMENTO.BancoRef),"(abra o arquivo 'Referência "&Excel_BuiltIn_Database&".xlsm)",IF(OR($C33<>"S",ORÇAMENTO.CodBarra=""),"(Sem Código)",IF(ISERROR(MATCH($AE33,INDIRECT(ORÇAMENTO.BancoRef),0)),"(Código não identificado nas referências)",MATCH($AE33,INDIRECT(ORÇAMENTO.BancoRef),0))))} -> (Código não identificado nas referências) | AG33: {=ROUND(IF(DESONERACAO="sim",REFERENCIA.Desonerado,REFERENCIA.NaoDesonerado),2)} -> 0 | AH33: =ROUND(IF(ISNUMBER(ORÇAMENTO.OpcaoBDI),ORÇAMENTO.OpcaoBDI,IF(LEFT(ORÇAMENTO.OpcaoBDI,3)="BDI",HLOOKUP(ORÇAMENTO.OpcaoBDI,$F$4:$H$5,2,FALSE),0)),15-11*$AF$9) -> 0.25 | AM33: =$X33 -> 0 | AN33: {=ROUND(ORÇAMENTO.CustoUnitario*(1+$AH33),2)} -> 0
A34: =CHOOSE(1+LOG(1+2*(ORÇAMENTO.Nivel="Meta")+4*(ORÇAMENTO.Nivel="Nível 2")+8*(ORÇAMENTO.Nivel="Nível 3")+16*(ORÇAMENTO.Nivel="Nível 4")+32*(ORÇAMENTO.Nivel="Serviço"),2),0,1,2,3,4,"S") -> 2 | B34: =IF(OR(C34="s",C34=0),OFFSET(B34,-1,0),C34) -> 2 | C34: =IF(OFFSET(C34,-1,0)="L",1,IF(OFFSET(C34,-1,0)=1,2,IF(OR(A34="s",A34=0),"S",IF(AND(OFFSET(C34,-1,0)=2,A34=4),3,IF(AND(OR(OFFSET(C34,-1,0)="s",OFFSET(C34,-1,0)=0),A34<>"s",A34>OFFSET(B34,-1,0)),OFFSET(B34,-1,0),A34))))) -> 2 | D34: =IF(OR(C34="S",C34=0),0,IF(ISERROR(K34),J34,SMALL(J34:K34,1))) -> 5 | E34: =IF($C34=1,OFFSET(E34,-1,0)+MAX(1,COUNTIF(QCI!$A$13:$A$24,OFFSET(ORÇAMENTO!E34,-1,0))),OFFSET(E34,-1,0)) -> 1 | F34: =IF($C34=1,0,IF($C34=2,OFFSET(F34,-1,0)+1,OFFSET(F34,-1,0))) -> 5 | G34: =IF(AND($C34<=2,$C34<>0),0,IF($C34=3,OFFSET(G34,-1,0)+1,OFFSET(G34,-1,0))) -> 0 | H34: =IF(AND($C34<=3,$C34<>0),0,IF($C34=4,OFFSET(H34,-1,0)+1,OFFSET(H34,-1,0))) -> 0 | I34: =IF(AND($C34<=4,$C34<>0),0,IF(AND($C34="S",$X34>0),OFFSET(I34,-1,0)+1,OFFSET(I34,-1,0))) -> 0 | J34: =IF(OR($C34="S",$C34=0),0,MATCH(0,OFFSET($D34,1,$C34,ROW($C$39)-ROW($C34)),0)) -> 5 | K34: =IF(OR($C34="S",$C34=0),0,MATCH(OFFSET($D34,0,$C34)+IF($C34<>1,1,COUNTIF(QCI!$A$13:$A$24,ORÇAMENTO!E34)),OFFSET($D34,1,$C34,ROW($C$39)-ROW($C34)),0)) -> #N/A | L34: =IF(OR($X34>0,$C34=1,$C34=2,$C34=3,$C34=4),"F","") -> F | M34: Nível 2 | N34: =CHOOSE(1+LOG(1+2*(C34=1)+4*(C34=2)+8*(C34=3)+16*(C34=4)+32*(C34="S"),2),"","Meta","Nível 2","Nível 3","Nível 4","Serviço") -> Nível 2 | O34: =IF(OR($C34=0,$L34=""),"-",CONCATENATE(E34&".",IF(AND($A$5>=2,$C34>=2),F34&".",""),IF(AND($A$5>=3,$C34>=3),G34&".",""),IF(AND($A$5>=4,$C34>=4),H34&".",""),IF($C34="S",I34&".",""))) -> 1.5. | P34: SINAPI | R34: SERVIÇOS FINAIS | S34: {=REFERENCIA.Unidade} -> - | T34: =OFFSET(CÁLCULO!H$15,ROW($T34)-ROW(T$15),0) -> 0 | V34: BDI 1 | W34: {=IF($C34="S",ROUND(IF(TIPOORCAMENTO="Proposto",ORÇAMENTO.CustoUnitario*(1+$AH34),ORÇAMENTO.PrecoUnitarioLicitado),15-13*$AF$10),0)} -> 0 | X34: {=IF($C34="S",IF(OR(Import.TipoArredondamento<>"TransfereGOV",ACOMPANHAMENTO="BM"),VTOTAL1,SUM(OFFSET(CÁLCULO!$AA$15,ROW($X34)-ROW($X$15),1):OFFSET(CÁLCULO!$AL$15,ROW($X34)-ROW($X$15),-1))),IF($C34=0,0,ROUND(SomaAgrup,15-13*$AF$11)))} -> 0 | Y34: RA | Z34: =IF(AND($C34="S",$X34>0),IF(ISBLANK($Y34),"RA",LEFT($Y34,2)),"") | AA34: {=IF($C34="S",IF($Z34="CP",$X34,IF($Z34="RA",(($X34)*QCI!$AA$3),0)),SomaAgrup)} -> 0 | AB34: {=IF($C34="S",IF($Z34="OU",ROUND($X34,2),0),SomaAgrup)} -> 0 | AC34: {=IF($N34=""," ", IF(AND($C34<>"S",OR($R34="",$R34="(digite a descrição aqui)")),"DESCRIÇÃO", IF(AND($C34="S",OR($Q34<>"",$T34>0,$U34>0),$P34=""),"FONTE", IF(AND($C34="S",$P34<>"",OR($T34>0,$U34>0),$Q34=""),"CÓDIGO", IF(AND($C34="S",$P34<>"",$Q34<>"",$R34="(Código não identificado nas referências)"),"CÓDIGO N/ID", IF(AND($C34="S",OR($R34="",$R34="(digite a descrição aqui)"),OR($Q34<>"",$T34>0,$U34>0)),"DESCRIÇÃO", IF(AND($C34="S",$P34<>"",$Q34<>"",$S34=""),"UNIDADE", IF(AND($C34="S",$P34<>"",$Q34<>"",$U34=0),"SEM CUSTO", IF(AND(TIPOORCAMENTO="Licitado",$AL34=0,$AN34>0),"SEM PREÇO", IF(AND($C34="S",$P34<>"",$Q34<>"",$U34>0,AND($V34<>"BDI 1",$V34<>"BDI 2",$V34<>"BDI 3")),IF(ISNUMBER($V34),"JUSTIFICAR BDI","BDI"), IF(OR(AND(import.recurso="OGU",TIPOORCAMENTO="Proposto",LEFT($O$8,5)<>"(N/D:",$AG34<>"",ORÇAMENTO.CustoUnitario>$AG34),AND(TIPOORCAMENTO="LICITADO",ORÇAMENTO.PrecoUnitarioLicitado>$AN34)),"ACIMA REF.", IF(AND($C34="S",$P34<>"",$Q34<>"",$T34=0,$U34>0),"QUANT.", IF(AND(Import.TipoArredondamento="TransfereGOV",$L34="F",$C34="S",LEN($Q34)>13),"Código >13", IF(AND(Import.TipoArredondamento="TransfereGOV",$L34="F",$C34<>"S",LEN($R34)>100),"Descrição >100", IF(AND(Import.TipoArredondamento="TransfereGOV",$L34="F",$C34="S",LEN($R34)>500),"Descrição >500", IF(AND(Import.TipoArredondamento="TransfereGOV",$L34="F",$C34="S",LEFT(TRIM(UPPER($P34)),6)<>"SINAPI",ISNA(VLOOKUP(TRIM(UPPER($S34)),ListaTgov.Unidades,1,FALSE))),"Unid. Não Disp", " "))))))))))))))))} | AD34: =IF(C34<=CRONO.NivelExibicao,MAX($AD$15:OFFSET(AD34,-1,0))+IF($C34<>1,1,MAX(1,COUNTIF(QCI!$A$13:$A$24,OFFSET($E34,-1,0)))),"") -> 6 | AE34: {=IF(AND($C34="S",ORÇAMENTO.CodBarra<>""),IF(ORÇAMENTO.Fonte="",ORÇAMENTO.CodBarra,CONCATENATE(ORÇAMENTO.Fonte," ",ORÇAMENTO.CodBarra)))} -> FALSE | AF34: {=IF(ISERROR(ORÇAMENTO.BancoRef),"(abra o arquivo 'Referência "&Excel_BuiltIn_Database&".xlsm)",IF(OR($C34<>"S",ORÇAMENTO.CodBarra=""),"(Sem Código)",IF(ISERROR(MATCH($AE34,INDIRECT(ORÇAMENTO.BancoRef),0)),"(Código não identificado nas referências)",MATCH($AE34,INDIRECT(ORÇAMENTO.BancoRef),0))))} -> (Sem Código) | AG34: {=ROUND(IF(DESONERACAO="sim",REFERENCIA.Desonerado,REFERENCIA.NaoDesonerado),2)} -> 0 | AH34: =ROUND(IF(ISNUMBER(ORÇAMENTO.OpcaoBDI),ORÇAMENTO.OpcaoBDI,IF(LEFT(ORÇAMENTO.OpcaoBDI,3)="BDI",HLOOKUP(ORÇAMENTO.OpcaoBDI,$F$4:$H$5,2,FALSE),0)),15-11*$AF$9) -> 0.25 | AM34: =$X34 -> 0 | AN34: {=ROUND(ORÇAMENTO.CustoUnitario*(1+$AH34),2)} -> 0
A35: =CHOOSE(1+LOG(1+2*(ORÇAMENTO.Nivel="Meta")+4*(ORÇAMENTO.Nivel="Nível 2")+8*(ORÇAMENTO.Nivel="Nível 3")+16*(ORÇAMENTO.Nivel="Nível 4")+32*(ORÇAMENTO.Nivel="Serviço"),2),0,1,2,3,4,"S") -> S | B35: =IF(OR(C35="s",C35=0),OFFSET(B35,-1,0),C35) -> 2 | C35: =IF(OFFSET(C35,-1,0)="L",1,IF(OFFSET(C35,-1,0)=1,2,IF(OR(A35="s",A35=0),"S",IF(AND(OFFSET(C35,-1,0)=2,A35=4),3,IF(AND(OR(OFFSET(C35,-1,0)="s",OFFSET(C35,-1,0)=0),A35<>"s",A35>OFFSET(B35,-1,0)),OFFSET(B35,-1,0),A35))))) -> S | D35: =IF(OR(C35="S",C35=0),0,IF(ISERROR(K35),J35,SMALL(J35:K35,1))) -> 0 | E35: =IF($C35=1,OFFSET(E35,-1,0)+MAX(1,COUNTIF(QCI!$A$13:$A$24,OFFSET(ORÇAMENTO!E35,-1,0))),OFFSET(E35,-1,0)) -> 1 | F35: =IF($C35=1,0,IF($C35=2,OFFSET(F35,-1,0)+1,OFFSET(F35,-1,0))) -> 5 | G35: =IF(AND($C35<=2,$C35<>0),0,IF($C35=3,OFFSET(G35,-1,0)+1,OFFSET(G35,-1,0))) -> 0 | H35: =IF(AND($C35<=3,$C35<>0),0,IF($C35=4,OFFSET(H35,-1,0)+1,OFFSET(H35,-1,0))) -> 0 | I35: =IF(AND($C35<=4,$C35<>0),0,IF(AND($C35="S",$X35>0),OFFSET(I35,-1,0)+1,OFFSET(I35,-1,0))) -> 0 | J35: =IF(OR($C35="S",$C35=0),0,MATCH(0,OFFSET($D35,1,$C35,ROW($C$39)-ROW($C35)),0)) -> 0 | K35: =IF(OR($C35="S",$C35=0),0,MATCH(OFFSET($D35,0,$C35)+IF($C35<>1,1,COUNTIF(QCI!$A$13:$A$24,ORÇAMENTO!E35)),OFFSET($D35,1,$C35,ROW($C$39)-ROW($C35)),0)) -> 0 | L35: =IF(OR($X35>0,$C35=1,$C35=2,$C35=3,$C35=4),"F","") | M35: Serviço | N35: =CHOOSE(1+LOG(1+2*(C35=1)+4*(C35=2)+8*(C35=3)+16*(C35=4)+32*(C35="S"),2),"","Meta","Nível 2","Nível 3","Nível 4","Serviço") -> Serviço | O35: =IF(OR($C35=0,$L35=""),"-",CONCATENATE(E35&".",IF(AND($A$5>=2,$C35>=2),F35&".",""),IF(AND($A$5>=3,$C35>=3),G35&".",""),IF(AND($A$5>=4,$C35>=4),H35&".",""),IF($C35="S",I35&".",""))) -> - | P35: SINAPI | Q35: 104785 | R35: {=IF($C35="S",REFERENCIA.Descricao,"(digite a descrição aqui)")} -> (Código não identificado nas referências) | S35: {=REFERENCIA.Unidade} -> - | T35: =OFFSET(CÁLCULO!H$15,ROW($T35)-ROW(T$15),0) -> 50 | U35: =AG35 -> 0 | V35: BDI 1 | W35: {=IF($C35="S",ROUND(IF(TIPOORCAMENTO="Proposto",ORÇAMENTO.CustoUnitario*(1+$AH35),ORÇAMENTO.PrecoUnitarioLicitado),15-13*$AF$10),0)} -> 0 | X35: {=IF($C35="S",IF(OR(Import.TipoArredondamento<>"TransfereGOV",ACOMPANHAMENTO="BM"),VTOTAL1,SUM(OFFSET(CÁLCULO!$AA$15,ROW($X35)-ROW($X$15),1):OFFSET(CÁLCULO!$AL$15,ROW($X35)-ROW($X$15),-1))),IF($C35=0,0,ROUND(SomaAgrup,15-13*$AF$11)))} -> 0 | Y35: RA | Z35: =IF(AND($C35="S",$X35>0),IF(ISBLANK($Y35),"RA",LEFT($Y35,2)),"") | AA35: {=IF($C35="S",IF($Z35="CP",$X35,IF($Z35="RA",(($X35)*QCI!$AA$3),0)),SomaAgrup)} -> 0 | AB35: {=IF($C35="S",IF($Z35="OU",ROUND($X35,2),0),SomaAgrup)} -> 0 | AC35: {=IF($N35=""," ", IF(AND($C35<>"S",OR($R35="",$R35="(digite a descrição aqui)")),"DESCRIÇÃO", IF(AND($C35="S",OR($Q35<>"",$T35>0,$U35>0),$P35=""),"FONTE", IF(AND($C35="S",$P35<>"",OR($T35>0,$U35>0),$Q35=""),"CÓDIGO", IF(AND($C35="S",$P35<>"",$Q35<>"",$R35="(Código não identificado nas referências)"),"CÓDIGO N/ID", IF(AND($C35="S",OR($R35="",$R35="(digite a descrição aqui)"),OR($Q35<>"",$T35>0,$U35>0)),"DESCRIÇÃO", IF(AND($C35="S",$P35<>"",$Q35<>"",$S35=""),"UNIDADE", IF(AND($C35="S",$P35<>"",$Q35<>"",$U35=0),"SEM CUSTO", IF(AND(TIPOORCAMENTO="Licitado",$AL35=0,$AN35>0),"SEM PREÇO", IF(AND($C35="S",$P35<>"",$Q35<>"",$U35>0,AND($V35<>"BDI 1",$V35<>"BDI 2",$V35<>"BDI 3")),IF(ISNUMBER($V35),"JUSTIFICAR BDI","BDI"), IF(OR(AND(import.recurso="OGU",TIPOORCAMENTO="Proposto",LEFT($O$8,5)<>"(N/D:",$AG35<>"",ORÇAMENTO.CustoUnitario>$AG35),AND(TIPOORCAMENTO="LICITADO",ORÇAMENTO.PrecoUnitarioLicitado>$AN35)),"ACIMA REF.", IF(AND($C35="S",$P35<>"",$Q35<>"",$T35=0,$U35>0),"QUANT.", IF(AND(Import.TipoArredondamento="TransfereGOV",$L35="F",$C35="S",LEN($Q35)>13),"Código >13", IF(AND(Import.TipoArredondamento="TransfereGOV",$L35="F",$C35<>"S",LEN($R35)>100),"Descrição >100", IF(AND(Import.TipoArredondamento="TransfereGOV",$L35="F",$C35="S",LEN($R35)>500),"Descrição >500", IF(AND(Import.TipoArredondamento="TransfereGOV",$L35="F",$C35="S",LEFT(TRIM(UPPER($P35)),6)<>"SINAPI",ISNA(VLOOKUP(TRIM(UPPER($S35)),ListaTgov.Unidades,1,FALSE))),"Unid. Não Disp", " "))))))))))))))))} -> CÓDIGO N/ID | AD35: =IF(C35<=CRONO.NivelExibicao,MAX($AD$15:OFFSET(AD35,-1,0))+IF($C35<>1,1,MAX(1,COUNTIF(QCI!$A$13:$A$24,OFFSET($E35,-1,0)))),"") | AE35: {=IF(AND($C35="S",ORÇAMENTO.CodBarra<>""),IF(ORÇAMENTO.Fonte="",ORÇAMENTO.CodBarra,CONCATENATE(ORÇAMENTO.Fonte," ",ORÇAMENTO.CodBarra)))} -> SINAPI 104785 | AF35: {=IF(ISERROR(ORÇAMENTO.BancoRef),"(abra o arquivo 'Referência "&Excel_BuiltIn_Database&".xlsm)",IF(OR($C35<>"S",ORÇAMENTO.CodBarra=""),"(Sem Código)",IF(ISERROR(MATCH($AE35,INDIRECT(ORÇAMENTO.BancoRef),0)),"(Código não identificado nas referências)",MATCH($AE35,INDIRECT(ORÇAMENTO.BancoRef),0))))} -> (Código não identificado nas referências) | AG35: {=ROUND(IF(DESONERACAO="sim",REFERENCIA.Desonerado,REFERENCIA.NaoDesonerado),2)} -> 0 | AH35: =ROUND(IF(ISNUMBER(ORÇAMENTO.OpcaoBDI),ORÇAMENTO.OpcaoBDI,IF(LEFT(ORÇAMENTO.OpcaoBDI,3)="BDI",HLOOKUP(ORÇAMENTO.OpcaoBDI,$F$4:$H$5,2,FALSE),0)),15-11*$AF$9) -> 0.25 | AM35: =$X35 -> 0 | AN35: {=ROUND(ORÇAMENTO.CustoUnitario*(1+$AH35),2)} -> 0
A36: =CHOOSE(1+LOG(1+2*(ORÇAMENTO.Nivel="Meta")+4*(ORÇAMENTO.Nivel="Nível 2")+8*(ORÇAMENTO.Nivel="Nível 3")+16*(ORÇAMENTO.Nivel="Nível 4")+32*(ORÇAMENTO.Nivel="Serviço"),2),0,1,2,3,4,"S") -> S | B36: =IF(OR(C36="s",C36=0),OFFSET(B36,-1,0),C36) -> 2 | C36: =IF(OFFSET(C36,-1,0)="L",1,IF(OFFSET(C36,-1,0)=1,2,IF(OR(A36="s",A36=0),"S",IF(AND(OFFSET(C36,-1,0)=2,A36=4),3,IF(AND(OR(OFFSET(C36,-1,0)="s",OFFSET(C36,-1,0)=0),A36<>"s",A36>OFFSET(B36,-1,0)),OFFSET(B36,-1,0),A36))))) -> S | D36: =IF(OR(C36="S",C36=0),0,IF(ISERROR(K36),J36,SMALL(J36:K36,1))) -> 0 | E36: =IF($C36=1,OFFSET(E36,-1,0)+MAX(1,COUNTIF(QCI!$A$13:$A$24,OFFSET(ORÇAMENTO!E36,-1,0))),OFFSET(E36,-1,0)) -> 1 | F36: =IF($C36=1,0,IF($C36=2,OFFSET(F36,-1,0)+1,OFFSET(F36,-1,0))) -> 5 | G36: =IF(AND($C36<=2,$C36<>0),0,IF($C36=3,OFFSET(G36,-1,0)+1,OFFSET(G36,-1,0))) -> 0 | H36: =IF(AND($C36<=3,$C36<>0),0,IF($C36=4,OFFSET(H36,-1,0)+1,OFFSET(H36,-1,0))) -> 0 | I36: =IF(AND($C36<=4,$C36<>0),0,IF(AND($C36="S",$X36>0),OFFSET(I36,-1,0)+1,OFFSET(I36,-1,0))) -> 0 | J36: =IF(OR($C36="S",$C36=0),0,MATCH(0,OFFSET($D36,1,$C36,ROW($C$39)-ROW($C36)),0)) -> 0 | K36: =IF(OR($C36="S",$C36=0),0,MATCH(OFFSET($D36,0,$C36)+IF($C36<>1,1,COUNTIF(QCI!$A$13:$A$24,ORÇAMENTO!E36)),OFFSET($D36,1,$C36,ROW($C$39)-ROW($C36)),0)) -> 0 | L36: =IF(OR($X36>0,$C36=1,$C36=2,$C36=3,$C36=4),"F","") | M36: Serviço | N36: =CHOOSE(1+LOG(1+2*(C36=1)+4*(C36=2)+8*(C36=3)+16*(C36=4)+32*(C36="S"),2),"","Meta","Nível 2","Nível 3","Nível 4","Serviço") -> Serviço | O36: =IF(OR($C36=0,$L36=""),"-",CONCATENATE(E36&".",IF(AND($A$5>=2,$C36>=2),F36&".",""),IF(AND($A$5>=3,$C36>=3),G36&".",""),IF(AND($A$5>=4,$C36>=4),H36&".",""),IF($C36="S",I36&".",""))) -> - | P36: SINAPI | Q36: 91926 | R36: {=IF($C36="S",REFERENCIA.Descricao,"(digite a descrição aqui)")} -> (Código não identificado nas referências) | S36: {=REFERENCIA.Unidade} -> - | T36: =OFFSET(CÁLCULO!H$15,ROW($T36)-ROW(T$15),0) -> 200 | U36: =AG36 -> 0 | V36: BDI 1 | W36: {=IF($C36="S",ROUND(IF(TIPOORCAMENTO="Proposto",ORÇAMENTO.CustoUnitario*(1+$AH36),ORÇAMENTO.PrecoUnitarioLicitado),15-13*$AF$10),0)} -> 0 | X36: {=IF($C36="S",IF(OR(Import.TipoArredondamento<>"TransfereGOV",ACOMPANHAMENTO="BM"),VTOTAL1,SUM(OFFSET(CÁLCULO!$AA$15,ROW($X36)-ROW($X$15),1):OFFSET(CÁLCULO!$AL$15,ROW($X36)-ROW($X$15),-1))),IF($C36=0,0,ROUND(SomaAgrup,15-13*$AF$11)))} -> 0 | Y36: RA | Z36: =IF(AND($C36="S",$X36>0),IF(ISBLANK($Y36),"RA",LEFT($Y36,2)),"") | AA36: {=IF($C36="S",IF($Z36="CP",$X36,IF($Z36="RA",(($X36)*QCI!$AA$3),0)),SomaAgrup)} -> 0 | AB36: {=IF($C36="S",IF($Z36="OU",ROUND($X36,2),0),SomaAgrup)} -> 0 | AC36: {=IF($N36=""," ", IF(AND($C36<>"S",OR($R36="",$R36="(digite a descrição aqui)")),"DESCRIÇÃO", IF(AND($C36="S",OR($Q36<>"",$T36>0,$U36>0),$P36=""),"FONTE", IF(AND($C36="S",$P36<>"",OR($T36>0,$U36>0),$Q36=""),"CÓDIGO", IF(AND($C36="S",$P36<>"",$Q36<>"",$R36="(Código não identificado nas referências)"),"CÓDIGO N/ID", IF(AND($C36="S",OR($R36="",$R36="(digite a descrição aqui)"),OR($Q36<>"",$T36>0,$U36>0)),"DESCRIÇÃO", IF(AND($C36="S",$P36<>"",$Q36<>"",$S36=""),"UNIDADE", IF(AND($C36="S",$P36<>"",$Q36<>"",$U36=0),"SEM CUSTO", IF(AND(TIPOORCAMENTO="Licitado",$AL36=0,$AN36>0),"SEM PREÇO", IF(AND($C36="S",$P36<>"",$Q36<>"",$U36>0,AND($V36<>"BDI 1",$V36<>"BDI 2",$V36<>"BDI 3")),IF(ISNUMBER($V36),"JUSTIFICAR BDI","BDI"), IF(OR(AND(import.recurso="OGU",TIPOORCAMENTO="Proposto",LEFT($O$8,5)<>"(N/D:",$AG36<>"",ORÇAMENTO.CustoUnitario>$AG36),AND(TIPOORCAMENTO="LICITADO",ORÇAMENTO.PrecoUnitarioLicitado>$AN36)),"ACIMA REF.", IF(AND($C36="S",$P36<>"",$Q36<>"",$T36=0,$U36>0),"QUANT.", IF(AND(Import.TipoArredondamento="TransfereGOV",$L36="F",$C36="S",LEN($Q36)>13),"Código >13", IF(AND(Import.TipoArredondamento="TransfereGOV",$L36="F",$C36<>"S",LEN($R36)>100),"Descrição >100", IF(AND(Import.TipoArredondamento="TransfereGOV",$L36="F",$C36="S",LEN($R36)>500),"Descrição >500", IF(AND(Import.TipoArredondamento="TransfereGOV",$L36="F",$C36="S",LEFT(TRIM(UPPER($P36)),6)<>"SINAPI",ISNA(VLOOKUP(TRIM(UPPER($S36)),ListaTgov.Unidades,1,FALSE))),"Unid. Não Disp", " "))))))))))))))))} -> CÓDIGO N/ID | AD36: =IF(C36<=CRONO.NivelExibicao,MAX($AD$15:OFFSET(AD36,-1,0))+IF($C36<>1,1,MAX(1,COUNTIF(QCI!$A$13:$A$24,OFFSET($E36,-1,0)))),"") | AE36: {=IF(AND($C36="S",ORÇAMENTO.CodBarra<>""),IF(ORÇAMENTO.Fonte="",ORÇAMENTO.CodBarra,CONCATENATE(ORÇAMENTO.Fonte," ",ORÇAMENTO.CodBarra)))} -> SINAPI 91926 | AF36: {=IF(ISERROR(ORÇAMENTO.BancoRef),"(abra o arquivo 'Referência "&Excel_BuiltIn_Database&".xlsm)",IF(OR($C36<>"S",ORÇAMENTO.CodBarra=""),"(Sem Código)",IF(ISERROR(MATCH($AE36,INDIRECT(ORÇAMENTO.BancoRef),0)),"(Código não identificado nas referências)",MATCH($AE36,INDIRECT(ORÇAMENTO.BancoRef),0))))} -> (Código não identificado nas referências) | AG36: {=ROUND(IF(DESONERACAO="sim",REFERENCIA.Desonerado,REFERENCIA.NaoDesonerado),2)} -> 0 | AH36: =ROUND(IF(ISNUMBER(ORÇAMENTO.OpcaoBDI),ORÇAMENTO.OpcaoBDI,IF(LEFT(ORÇAMENTO.OpcaoBDI,3)="BDI",HLOOKUP(ORÇAMENTO.OpcaoBDI,$F$4:$H$5,2,FALSE),0)),15-11*$AF$9) -> 0.25 | AM36: =$X36 -> 0 | AN36: {=ROUND(ORÇAMENTO.CustoUnitario*(1+$AH36),2)} -> 0
A37: =CHOOSE(1+LOG(1+2*(ORÇAMENTO.Nivel="Meta")+4*(ORÇAMENTO.Nivel="Nível 2")+8*(ORÇAMENTO.Nivel="Nível 3")+16*(ORÇAMENTO.Nivel="Nível 4")+32*(ORÇAMENTO.Nivel="Serviço"),2),0,1,2,3,4,"S") -> S | B37: =IF(OR(C37="s",C37=0),OFFSET(B37,-1,0),C37) -> 2 | C37: =IF(OFFSET(C37,-1,0)="L",1,IF(OFFSET(C37,-1,0)=1,2,IF(OR(A37="s",A37=0),"S",IF(AND(OFFSET(C37,-1,0)=2,A37=4),3,IF(AND(OR(OFFSET(C37,-1,0)="s",OFFSET(C37,-1,0)=0),A37<>"s",A37>OFFSET(B37,-1,0)),OFFSET(B37,-1,0),A37))))) -> S | D37: =IF(OR(C37="S",C37=0),0,IF(ISERROR(K37),J37,SMALL(J37:K37,1))) -> 0 | E37: =IF($C37=1,OFFSET(E37,-1,0)+MAX(1,COUNTIF(QCI!$A$13:$A$24,OFFSET(ORÇAMENTO!E37,-1,0))),OFFSET(E37,-1,0)) -> 1 | F37: =IF($C37=1,0,IF($C37=2,OFFSET(F37,-1,0)+1,OFFSET(F37,-1,0))) -> 5 | G37: =IF(AND($C37<=2,$C37<>0),0,IF($C37=3,OFFSET(G37,-1,0)+1,OFFSET(G37,-1,0))) -> 0 | H37: =IF(AND($C37<=3,$C37<>0),0,IF($C37=4,OFFSET(H37,-1,0)+1,OFFSET(H37,-1,0))) -> 0 | I37: =IF(AND($C37<=4,$C37<>0),0,IF(AND($C37="S",$X37>0),OFFSET(I37,-1,0)+1,OFFSET(I37,-1,0))) -> 0 | J37: =IF(OR($C37="S",$C37=0),0,MATCH(0,OFFSET($D37,1,$C37,ROW($C$39)-ROW($C37)),0)) -> 0 | K37: =IF(OR($C37="S",$C37=0),0,MATCH(OFFSET($D37,0,$C37)+IF($C37<>1,1,COUNTIF(QCI!$A$13:$A$24,ORÇAMENTO!E37)),OFFSET($D37,1,$C37,ROW($C$39)-ROW($C37)),0)) -> 0 | L37: =IF(OR($X37>0,$C37=1,$C37=2,$C37=3,$C37=4),"F","") | M37: Serviço | N37: =CHOOSE(1+LOG(1+2*(C37=1)+4*(C37=2)+8*(C37=3)+16*(C37=4)+32*(C37="S"),2),"","Meta","Nível 2","Nível 3","Nível 4","Serviço") -> Serviço | O37: =IF(OR($C37=0,$L37=""),"-",CONCATENATE(E37&".",IF(AND($A$5>=2,$C37>=2),F37&".",""),IF(AND($A$5>=3,$C37>=3),G37&".",""),IF(AND($A$5>=4,$C37>=4),H37&".",""),IF($C37="S",I37&".",""))) -> - | P37: Composição | Q37: PM BENTO 06 | R37: {=IF($C37="S",REFERENCIA.Descricao,"(digite a descrição aqui)")} -> (Código não identificado nas referências) | S37: {=REFERENCIA.Unidade} -> - | T37: =OFFSET(CÁLCULO!H$15,ROW($T37)-ROW(T$15),0) -> 3 | U37: =AG37 -> 0 | V37: BDI 1 | W37: {=IF($C37="S",ROUND(IF(TIPOORCAMENTO="Proposto",ORÇAMENTO.CustoUnitario*(1+$AH37),ORÇAMENTO.PrecoUnitarioLicitado),15-13*$AF$10),0)} -> 0 | X37: {=IF($C37="S",IF(OR(Import.TipoArredondamento<>"TransfereGOV",ACOMPANHAMENTO="BM"),VTOTAL1,SUM(OFFSET(CÁLCULO!$AA$15,ROW($X37)-ROW($X$15),1):OFFSET(CÁLCULO!$AL$15,ROW($X37)-ROW($X$15),-1))),IF($C37=0,0,ROUND(SomaAgrup,15-13*$AF$11)))} -> 0 | Y37: RA | Z37: =IF(AND($C37="S",$X37>0),IF(ISBLANK($Y37),"RA",LEFT($Y37,2)),"") | AA37: {=IF($C37="S",IF($Z37="CP",$X37,IF($Z37="RA",(($X37)*QCI!$AA$3),0)),SomaAgrup)} -> 0 | AB37: {=IF($C37="S",IF($Z37="OU",ROUND($X37,2),0),SomaAgrup)} -> 0 | AC37: {=IF($N37=""," ", IF(AND($C37<>"S",OR($R37="",$R37="(digite a descrição aqui)")),"DESCRIÇÃO", IF(AND($C37="S",OR($Q37<>"",$T37>0,$U37>0),$P37=""),"FONTE", IF(AND($C37="S",$P37<>"",OR($T37>0,$U37>0),$Q37=""),"CÓDIGO", IF(AND($C37="S",$P37<>"",$Q37<>"",$R37="(Código não identificado nas referências)"),"CÓDIGO N/ID", IF(AND($C37="S",OR($R37="",$R37="(digite a descrição aqui)"),OR($Q37<>"",$T37>0,$U37>0)),"DESCRIÇÃO", IF(AND($C37="S",$P37<>"",$Q37<>"",$S37=""),"UNIDADE", IF(AND($C37="S",$P37<>"",$Q37<>"",$U37=0),"SEM CUSTO", IF(AND(TIPOORCAMENTO="Licitado",$AL37=0,$AN37>0),"SEM PREÇO", IF(AND($C37="S",$P37<>"",$Q37<>"",$U37>0,AND($V37<>"BDI 1",$V37<>"BDI 2",$V37<>"BDI 3")),IF(ISNUMBER($V37),"JUSTIFICAR BDI","BDI"), IF(OR(AND(import.recurso="OGU",TIPOORCAMENTO="Proposto",LEFT($O$8,5)<>"(N/D:",$AG37<>"",ORÇAMENTO.CustoUnitario>$AG37),AND(TIPOORCAMENTO="LICITADO",ORÇAMENTO.PrecoUnitarioLicitado>$AN37)),"ACIMA REF.", IF(AND($C37="S",$P37<>"",$Q37<>"",$T37=0,$U37>0),"QUANT.", IF(AND(Import.TipoArredondamento="TransfereGOV",$L37="F",$C37="S",LEN($Q37)>13),"Código >13", IF(AND(Import.TipoArredondamento="TransfereGOV",$L37="F",$C37<>"S",LEN($R37)>100),"Descrição >100", IF(AND(Import.TipoArredondamento="TransfereGOV",$L37="F",$C37="S",LEN($R37)>500),"Descrição >500", IF(AND(Import.TipoArredondamento="TransfereGOV",$L37="F",$C37="S",LEFT(TRIM(UPPER($P37)),6)<>"SINAPI",ISNA(VLOOKUP(TRIM(UPPER($S37)),ListaTgov.Unidades,1,FALSE))),"Unid. Não Disp", " "))))))))))))))))} -> CÓDIGO N/ID | AD37: =IF(C37<=CRONO.NivelExibicao,MAX($AD$15:OFFSET(AD37,-1,0))+IF($C37<>1,1,MAX(1,COUNTIF(QCI!$A$13:$A$24,OFFSET($E37,-1,0)))),"") | AE37: {=IF(AND($C37="S",ORÇAMENTO.CodBarra<>""),IF(ORÇAMENTO.Fonte="",ORÇAMENTO.CodBarra,CONCATENATE(ORÇAMENTO.Fonte," ",ORÇAMENTO.CodBarra)))} -> Composição PM BENTO 06 | AF37: {=IF(ISERROR(ORÇAMENTO.BancoRef),"(abra o arquivo 'Referência "&Excel_BuiltIn_Database&".xlsm)",IF(OR($C37<>"S",ORÇAMENTO.CodBarra=""),"(Sem Código)",IF(ISERROR(MATCH($AE37,INDIRECT(ORÇAMENTO.BancoRef),0)),"(Código não identificado nas referências)",MATCH($AE37,INDIRECT(ORÇAMENTO.BancoRef),0))))} -> (Código não identificado nas referências) | AG37: {=ROUND(IF(DESONERACAO="sim",REFERENCIA.Desonerado,REFERENCIA.NaoDesonerado),2)} -> 0 | AH37: =ROUND(IF(ISNUMBER(ORÇAMENTO.OpcaoBDI),ORÇAMENTO.OpcaoBDI,IF(LEFT(ORÇAMENTO.OpcaoBDI,3)="BDI",HLOOKUP(ORÇAMENTO.OpcaoBDI,$F$4:$H$5,2,FALSE),0)),15-11*$AF$9) -> 0.25 | AM37: =$X37 -> 0 | AN37: {=ROUND(ORÇAMENTO.CustoUnitario*(1+$AH37),2)} -> 0
A38: =CHOOSE(1+LOG(1+2*(ORÇAMENTO.Nivel="Meta")+4*(ORÇAMENTO.Nivel="Nível 2")+8*(ORÇAMENTO.Nivel="Nível 3")+16*(ORÇAMENTO.Nivel="Nível 4")+32*(ORÇAMENTO.Nivel="Serviço"),2),0,1,2,3,4,"S") -> S | B38: =IF(OR(C38="s",C38=0),OFFSET(B38,-1,0),C38) -> 2 | C38: =IF(OFFSET(C38,-1,0)="L",1,IF(OFFSET(C38,-1,0)=1,2,IF(OR(A38="s",A38=0),"S",IF(AND(OFFSET(C38,-1,0)=2,A38=4),3,IF(AND(OR(OFFSET(C38,-1,0)="s",OFFSET(C38,-1,0)=0),A38<>"s",A38>OFFSET(B38,-1,0)),OFFSET(B38,-1,0),A38))))) -> S | D38: =IF(OR(C38="S",C38=0),0,IF(ISERROR(K38),J38,SMALL(J38:K38,1))) -> 0 | E38: =IF($C38=1,OFFSET(E38,-1,0)+MAX(1,COUNTIF(QCI!$A$13:$A$24,OFFSET(ORÇAMENTO!E38,-1,0))),OFFSET(E38,-1,0)) -> 1 | F38: =IF($C38=1,0,IF($C38=2,OFFSET(F38,-1,0)+1,OFFSET(F38,-1,0))) -> 5 | G38: =IF(AND($C38<=2,$C38<>0),0,IF($C38=3,OFFSET(G38,-1,0)+1,OFFSET(G38,-1,0))) -> 0 | H38: =IF(AND($C38<=3,$C38<>0),0,IF($C38=4,OFFSET(H38,-1,0)+1,OFFSET(H38,-1,0))) -> 0 | I38: =IF(AND($C38<=4,$C38<>0),0,IF(AND($C38="S",$X38>0),OFFSET(I38,-1,0)+1,OFFSET(I38,-1,0))) -> 0 | J38: =IF(OR($C38="S",$C38=0),0,MATCH(0,OFFSET($D38,1,$C38,ROW($C$39)-ROW($C38)),0)) -> 0 | K38: =IF(OR($C38="S",$C38=0),0,MATCH(OFFSET($D38,0,$C38)+IF($C38<>1,1,COUNTIF(QCI!$A$13:$A$24,ORÇAMENTO!E38)),OFFSET($D38,1,$C38,ROW($C$39)-ROW($C38)),0)) -> 0 | L38: =IF(OR($X38>0,$C38=1,$C38=2,$C38=3,$C38=4),"F","") | M38: Serviço | N38: =CHOOSE(1+LOG(1+2*(C38=1)+4*(C38=2)+8*(C38=3)+16*(C38=4)+32*(C38="S"),2),"","Meta","Nível 2","Nível 3","Nível 4","Serviço") -> Serviço | O38: =IF(OR($C38=0,$L38=""),"-",CONCATENATE(E38&".",IF(AND($A$5>=2,$C38>=2),F38&".",""),IF(AND($A$5>=3,$C38>=3),G38&".",""),IF(AND($A$5>=4,$C38>=4),H38&".",""),IF($C38="S",I38&".",""))) -> - | P38: Composição | Q38: PM BENTO 11 | R38: {=IF($C38="S",REFERENCIA.Descricao,"(digite a descrição aqui)")} -> (Código não identificado nas referências) | S38: {=REFERENCIA.Unidade} -> - | T38: =OFFSET(CÁLCULO!H$15,ROW($T38)-ROW(T$15),0) -> 300 | U38: =AG38 -> 0 | V38: BDI 1 | W38: {=IF($C38="S",ROUND(IF(TIPOORCAMENTO="Proposto",ORÇAMENTO.CustoUnitario*(1+$AH38),ORÇAMENTO.PrecoUnitarioLicitado),15-13*$AF$10),0)} -> 0 | X38: {=IF($C38="S",IF(OR(Import.TipoArredondamento<>"TransfereGOV",ACOMPANHAMENTO="BM"),VTOTAL1,SUM(OFFSET(CÁLCULO!$AA$15,ROW($X38)-ROW($X$15),1):OFFSET(CÁLCULO!$AL$15,ROW($X38)-ROW($X$15),-1))),IF($C38=0,0,ROUND(SomaAgrup,15-13*$AF$11)))} -> 0 | Y38: RA | Z38: =IF(AND($C38="S",$X38>0),IF(ISBLANK($Y38),"RA",LEFT($Y38,2)),"") | AA38: {=IF($C38="S",IF($Z38="CP",$X38,IF($Z38="RA",(($X38)*QCI!$AA$3),0)),SomaAgrup)} -> 0 | AB38: {=IF($C38="S",IF($Z38="OU",ROUND($X38,2),0),SomaAgrup)} -> 0 | AC38: {=IF($N38=""," ", IF(AND($C38<>"S",OR($R38="",$R38="(digite a descrição aqui)")),"DESCRIÇÃO", IF(AND($C38="S",OR($Q38<>"",$T38>0,$U38>0),$P38=""),"FONTE", IF(AND($C38="S",$P38<>"",OR($T38>0,$U38>0),$Q38=""),"CÓDIGO", IF(AND($C38="S",$P38<>"",$Q38<>"",$R38="(Código não identificado nas referências)"),"CÓDIGO N/ID", IF(AND($C38="S",OR($R38="",$R38="(digite a descrição aqui)"),OR($Q38<>"",$T38>0,$U38>0)),"DESCRIÇÃO", IF(AND($C38="S",$P38<>"",$Q38<>"",$S38=""),"UNIDADE", IF(AND($C38="S",$P38<>"",$Q38<>"",$U38=0),"SEM CUSTO", IF(AND(TIPOORCAMENTO="Licitado",$AL38=0,$AN38>0),"SEM PREÇO", IF(AND($C38="S",$P38<>"",$Q38<>"",$U38>0,AND($V38<>"BDI 1",$V38<>"BDI 2",$V38<>"BDI 3")),IF(ISNUMBER($V38),"JUSTIFICAR BDI","BDI"), IF(OR(AND(import.recurso="OGU",TIPOORCAMENTO="Proposto",LEFT($O$8,5)<>"(N/D:",$AG38<>"",ORÇAMENTO.CustoUnitario>$AG38),AND(TIPOORCAMENTO="LICITADO",ORÇAMENTO.PrecoUnitarioLicitado>$AN38)),"ACIMA REF.", IF(AND($C38="S",$P38<>"",$Q38<>"",$T38=0,$U38>0),"QUANT.", IF(AND(Import.TipoArredondamento="TransfereGOV",$L38="F",$C38="S",LEN($Q38)>13),"Código >13", IF(AND(Import.TipoArredondamento="TransfereGOV",$L38="F",$C38<>"S",LEN($R38)>100),"Descrição >100", IF(AND(Import.TipoArredondamento="TransfereGOV",$L38="F",$C38="S",LEN($R38)>500),"Descrição >500", IF(AND(Import.TipoArredondamento="TransfereGOV",$L38="F",$C38="S",LEFT(TRIM(UPPER($P38)),6)<>"SINAPI",ISNA(VLOOKUP(TRIM(UPPER($S38)),ListaTgov.Unidades,1,FALSE))),"Unid. Não Disp", " "))))))))))))))))} -> CÓDIGO N/ID | AD38: =IF(C38<=CRONO.NivelExibicao,MAX($AD$15:OFFSET(AD38,-1,0))+IF($C38<>1,1,MAX(1,COUNTIF(QCI!$A$13:$A$24,OFFSET($E38,-1,0)))),"") | AE38: {=IF(AND($C38="S",ORÇAMENTO.CodBarra<>""),IF(ORÇAMENTO.Fonte="",ORÇAMENTO.CodBarra,CONCATENATE(ORÇAMENTO.Fonte," ",ORÇAMENTO.CodBarra)))} -> Composição PM BENTO 11 | AF38: {=IF(ISERROR(ORÇAMENTO.BancoRef),"(abra o arquivo 'Referência "&Excel_BuiltIn_Database&".xlsm)",IF(OR($C38<>"S",ORÇAMENTO.CodBarra=""),"(Sem Código)",IF(ISERROR(MATCH($AE38,INDIRECT(ORÇAMENTO.BancoRef),0)),"(Código não identificado nas referências)",MATCH($AE38,INDIRECT(ORÇAMENTO.BancoRef),0))))} -> (Código não identificado nas referências) | AG38: {=ROUND(IF(DESONERACAO="sim",REFERENCIA.Desonerado,REFERENCIA.NaoDesonerado),2)} -> 0 | AH38: =ROUND(IF(ISNUMBER(ORÇAMENTO.OpcaoBDI),ORÇAMENTO.OpcaoBDI,IF(LEFT(ORÇAMENTO.OpcaoBDI,3)="BDI",HLOOKUP(ORÇAMENTO.OpcaoBDI,$F$4:$H$5,2,FALSE),0)),15-11*$AF$9) -> 0.25 | AM38: =$X38 -> 0 | AN38: {=ROUND(ORÇAMENTO.CustoUnitario*(1+$AH38),2)} -> 0
A39: -1 | C39: -1 | E39: 0 | F39: 0 | G39: 0 | H39: 0 | I39: 0 | L39: F | AC39: {=IF($N39=""," ", IF(AND($C39<>"S",OR($R39="",$R39="(digite a descrição aqui)")),"DESCRIÇÃO", IF(AND($C39="S",OR($Q39<>"",$T39>0,$U39>0),$P39=""),"FONTE", IF(AND($C39="S",$P39<>"",OR($T39>0,$U39>0),$Q39=""),"CÓDIGO", IF(AND($C39="S",$P39<>"",$Q39<>"",$R39="(Código não identificado nas referências)"),"CÓDIGO N/ID", IF(AND($C39="S",OR($R39="",$R39="(digite a descrição aqui)"),OR($Q39<>"",$T39>0,$U39>0)),"DESCRIÇÃO", IF(AND($C39="S",$P39<>"",$Q39<>"",$S39=""),"UNIDADE", IF(AND($C39="S",$P39<>"",$Q39<>"",$U39=0),"SEM CUSTO", IF(AND(TIPOORCAMENTO="Licitado",$AL39=0,$AN39>0),"SEM PREÇO", IF(AND($C39="S",$P39<>"",$Q39<>"",$U39>0,AND($V39<>"BDI 1",$V39<>"BDI 2",$V39<>"BDI 3")),IF(ISNUMBER($V39),"JUSTIFICAR BDI","BDI"), IF(OR(AND(import.recurso="OGU",TIPOORCAMENTO="Proposto",LEFT($O$8,5)<>"(N/D:",$AG39<>"",ORÇAMENTO.CustoUnitario>$AG39),AND(TIPOORCAMENTO="LICITADO",ORÇAMENTO.PrecoUnitarioLicitado>$AN39)),"ACIMA REF.", IF(AND($C39="S",$P39<>"",$Q39<>"",$T39=0,$U39>0),"QUANT.", IF(AND(Import.TipoArredondamento="TransfereGOV",$L39="F",$C39="S",LEN($Q39)>13),"Código >13", IF(AND(Import.TipoArredondamento="TransfereGOV",$L39="F",$C39<>"S",LEN($R39)>100),"Descrição >100", IF(AND(Import.TipoArredondamento="TransfereGOV",$L39="F",$C39="S",LEN($R39)>500),"Descrição >500", IF(AND(Import.TipoArredondamento="TransfereGOV",$L39="F",$C39="S",LEFT(TRIM(UPPER($P39)),6)<>"SINAPI",ISNA(VLOOKUP(TRIM(UPPER($S39)),ListaTgov.Unidades,1,FALSE))),"Unid. Não Disp", " "))))))))))))))))}
O42: Encargos sociais: | Q42: Para elaboração deste orçamento, foram utilizados os encargos sociais do SINAPI para a Unidade da Federação indicada.
O44: Observações:
O49: =IF(AND($AF$7=FALSE,$AF$8=FALSE,$AF$9=FALSE,$AF$10=FALSE,$AF$11=FALSE),"Não foi considerado arredondamento nos valores da planilha.",CONCATENATE("Foi considerado arredondamento de duas casas decimais para ",IF($AF$7=TRUE,"Quantidade; ",""),IF($AF$8=TRUE,"Custo Unitário; ",""),IF($AF$9=TRUE,"BDI; ",""),IF($AF$10=TRUE,"Preço Unitário; ",""),IF($AF$11=TRUE,"Preço Total.",""))) -> Foi considerado arredondamento de duas casas decimais para Quantidade; Custo Unitário; BDI; Preço Unitário; Preço Total.
O50: Siglas da Composição do Investimento: RA - Rateio proporcional entre Repasse e Contrapartida; RP - 100% Repasse; CP - 100% Contrapartida; OU - 100% Outros.
O52: =Import.Município -> BENTO GONÇALVES/RS
O53: Local | S53: Responsável Técnico
S54: Nome: | T54: {=Import.RespOrçamento} -> Nathália Cortes Tosi
O55: =DADOS!$C$25 -> 46073 | S55: CREA/CAU: | T55: RS227774
O56: Data | S56: ART/RRT: | T56: 14233645

Sheet EVENTOS
A1: =IF(D1="","","F") | B1: =IF(OR(C1=" ",D1=""),"",CONCATENATE(C1,". ",D1)) -> #REF! | C1: {=IF(OR(ROW(C1)=ROW(EVENTOS.firstrow)+1,AND(OFFSET(C1,-1,0)<>" ",OFFSET(C1,-1,1)<>"")),OFFSET(C1,-1,0)+1," ")} -> #REF! | E1: {=IF(AUTOEVENTO="Manual",ROUND(SUMPRODUCT((CÁLCULO!$M$15:$M$39=EVENTOS!$C1)*(OFFSET(CÁLCULO!$AA$15:$AA$39,0,E$13))),2),0)} -> 0 | F1: =IF(AUTOEVENTO="Manual",ROUND(SUMPRODUCT((CÁLCULO!$M$15:$M$39=EVENTOS!$C1)*(OFFSET(CÁLCULO!$AA$15,0,1):OFFSET(CÁLCULO!$AL$39,0,-1))),2),0) -> 0 | G1: =IF(AND(D1=0,F1>0),"NOME", IF(AND(D1<>0,$F$14>0,F1=0),"VALOR", IF(AND(Import.TipoArredondamento="TransfereGOV",$A1="F",LEN(D1)>100),"Nome >100",""))) | H1: {=IF(AUTOEVENTO="Manual",ROUND(SUMPRODUCT((CÁLCULO!$M$15:$M$39=EVENTOS!$C1)*(OFFSET(CÁLCULO!$AA$15:$AA$39,0,H$13))),2),0)} -> 0 | I1: {=IF(AUTOEVENTO="Manual",ROUND(SUMPRODUCT((CÁLCULO!$M$15:$M$39=EVENTOS!$C1)*(OFFSET(CÁLCULO!$AA$15:$AA$39,0,I$13))),2),0)} -> 0 | J1: {=IF(AUTOEVENTO="Manual",ROUND(SUMPRODUCT((CÁLCULO!$M$15:$M$39=EVENTOS!$C1)*(OFFSET(CÁLCULO!$AA$15:$AA$39,0,J$13))),2),0)} -> 0 | K1: {=IF(AUTOEVENTO="Manual",ROUND(SUMPRODUCT((CÁLCULO!$M$15:$M$39=EVENTOS!$C1)*(OFFSET(CÁLCULO!$AA$15:$AA$39,0,K$13))),2),0)} -> 0 | L1: {=IF(AUTOEVENTO="Manual",ROUND(SUMPRODUCT((CÁLCULO!$M$15:$M$39=EVENTOS!$C1)*(OFFSET(CÁLCULO!$AA$15:$AA$39,0,L$13))),2),0)} -> 0 | M1: {=IF(AUTOEVENTO="Manual",ROUND(SUMPRODUCT((CÁLCULO!$M$15:$M$39=EVENTOS!$C1)*(OFFSET(CÁLCULO!$AA$15:$AA$39,0,M$13))),2),0)} -> 0 | N1: {=IF(AUTOEVENTO="Manual",ROUND(SUMPRODUCT((CÁLCULO!$M$15:$M$39=EVENTOS!$C1)*(OFFSET(CÁLCULO!$AA$15:$AA$39,0,N$13))),2),0)} -> 0 | O1: {=IF(AUTOEVENTO="Manual",ROUND(SUMPRODUCT((CÁLCULO!$M$15:$M$39=EVENTOS!$C1)*(OFFSET(CÁLCULO!$AA$15:$AA$39,0,O$13))),2),0)} -> 0 | ... Y1: {=IF(AUTOEVENTO="Manual",ROUND(SUMPRODUCT((CÁLCULO!$M$15:$M$39=EVENTOS!$C1)*(OFFSET(CÁLCULO!$AA$15:$AA$39,0,Y$13))),2),0)} -> 0
F2: AGRUPADORES DE EVENTOS | O2: Grau de Sigilo #PUBLICO | Y2: Grau de Sigilo #PUBLICO
C4: PROPONENTE / TOMADOR | F4: APELIDO EMPREENDIMENTO | N4: Nº OPERAÇÃO | O4: Nº TransfereGOV | P4: APELIDO EMPREENDIMENTO | X4: Nº OPERAÇÃO | Y4: Nº TransfereGOV
C5: =Import.Proponente -> MUNICÍPIO DE BENTO GONÇALVES | F5: =Import.Apelido -> REVITALIZAÇÃO DA PIPA PÓRTICO | N5: =Import.CR -> 0 | O5: =Import.SICONV -> 0 | P5: =Import.Apelido -> REVITALIZAÇÃO DA PIPA PÓRTICO | X5: =Import.CR -> 0 | Y5: =Import.SICONV -> 0
B6: Automática, conforme os agrupadores Nível 2 do Orçamento | C6: 1. Selecione abaixo a forma de definição dos agrupadores de eventos: | F6: =IF(AUTOEVENTO="MANUAL", IF(COUNTIF($G$15:$G$21,"NOME")>0,"Falta preencher o nome do Título do Evento nº "&INDEX($C$15:$C$21,MATCH("NOME",$G$15:$G$21,0)), IF(COUNTIF($G$15:$G$21,"VALOR")>0,"Falta atribuir serviços ao Evento nº "&INDEX($C$15:$C$21,MATCH("VALOR",$G$15:$G$21,0))&". Corrigir a atribuição dos eventos na aba CÁLCULO. Ou excluir linhas dos eventos não utilizados.", IF(ROUND($F$14,2)<>ROUND(ORÇAMENTO!$X$15,2),"O valor total dos Eventos é diferente do valor total do Orçamento. Corrigir a atribuição dos eventos na aba CÁLCULO", IF(COUNTIF($G$15:$G$21,"Nome >100")>0,"O tamanho do Título do Evento no TransfereGOV é limitado a 100 caracteres. Resuma o nome do Título do Evento nº "&INDEX($C$15:$C$21,MATCH("Nome >100",$G$15:$G$21,0)),"")))),"")
B7: Automática, conforme os agrupadores Nível 3 do Orçamento
B8: Automática, conforme os agrupadores Nível 4 do Orçamento | C8: Automática, conforme os agrupadores Nível 4 do Orçamento | F8: =IF(ACOMPANHAMENTO="BM","", IF(Import.Eventos.Nível="","◄ Selecione a forma de definição dos agrupadores de eventos", IF(Import.Eventos.Nível="","◄ Selecione a forma de definição dos agrupadores de eventos","")))
B9: Definir Manualmente
C10: =COUNTIF($C$15:$C$21,">0")-1 -> 0 | E10: =OFFSET(CÁLCULO!$P$12,0,EVENTOS!E$13) -> MÊS 1 | H10: =OFFSET(CÁLCULO!$P$12,0,EVENTOS!H$13) -> MÊS 1 | I10: =OFFSET(CÁLCULO!$P$12,0,EVENTOS!I$13) -> MÊS 2 | J10: =OFFSET(CÁLCULO!$P$12,0,EVENTOS!J$13) -> MÊS 3 | K10: =OFFSET(CÁLCULO!$P$12,0,EVENTOS!K$13) -> . | L10: =OFFSET(CÁLCULO!$P$12,0,EVENTOS!L$13) -> . | M10: =OFFSET(CÁLCULO!$P$12,0,EVENTOS!M$13) -> . | N10: =OFFSET(CÁLCULO!$P$12,0,EVENTOS!N$13) -> . | O10: =OFFSET(CÁLCULO!$P$12,0,EVENTOS!O$13) -> . | ... Y10: =OFFSET(CÁLCULO!$P$12,0,EVENTOS!Y$13) -> .
A11: FILTRO | C11: {=IF(ACOMPANHAMENTO="BM","Foi selecionado na aba 'MENU' o acompanhamento por BM. Não há necessidade de definição de Eventos.",IF(AND(Import.Eventos.Nível<>"Definir Manualmente",Import.Eventos.Nível<>""),"Foi selecionada a forma automática de definição dos agrupadores de eventos.",""))} -> Foi selecionada a forma automática de definição dos agrupadores de eventos.
A12: ↓
C13: Nº do Evento | D13: Título do Evento | E13: =IF(NOT(ISNUMBER(OFFSET(E13,0,-1))),1,IF(OR(OFFSET(E13,0,-1)=0,OFFSET(E13,0,-1)+1>CÁLCULO.FrentesPreenchidas),0,OFFSET(E13,0,-1)+1)) -> 1 | F13: Valor Total dos Eventos (R$) | H13: =IF(NOT(ISNUMBER(OFFSET(H13,0,-1))),1,IF(OR(OFFSET(H13,0,-1)=0,OFFSET(H13,0,-1)+1>CÁLCULO.FrentesPreenchidas),0,OFFSET(H13,0,-1)+1)) -> 1 | I13: =IF(NOT(ISNUMBER(OFFSET(I13,0,-1))),1,IF(OR(OFFSET(I13,0,-1)=0,OFFSET(I13,0,-1)+1>CÁLCULO.FrentesPreenchidas),0,OFFSET(I13,0,-1)+1)) -> 2 | J13: =IF(NOT(ISNUMBER(OFFSET(J13,0,-1))),1,IF(OR(OFFSET(J13,0,-1)=0,OFFSET(J13,0,-1)+1>CÁLCULO.FrentesPreenchidas),0,OFFSET(J13,0,-1)+1)) -> 3 | K13: =IF(NOT(ISNUMBER(OFFSET(K13,0,-1))),1,IF(OR(OFFSET(K13,0,-1)=0,OFFSET(K13,0,-1)+1>CÁLCULO.FrentesPreenchidas),0,OFFSET(K13,0,-1)+1)) -> 0 | L13: =IF(NOT(ISNUMBER(OFFSET(L13,0,-1))),1,IF(OR(OFFSET(L13,0,-1)=0,OFFSET(L13,0,-1)+1>CÁLCULO.FrentesPreenchidas),0,OFFSET(L13,0,-1)+1)) -> 0 | M13: =IF(NOT(ISNUMBER(OFFSET(M13,0,-1))),1,IF(OR(OFFSET(M13,0,-1)=0,OFFSET(M13,0,-1)+1>CÁLCULO.FrentesPreenchidas),0,OFFSET(M13,0,-1)+1)) -> 0 | N13: =IF(NOT(ISNUMBER(OFFSET(N13,0,-1))),1,IF(OR(OFFSET(N13,0,-1)=0,OFFSET(N13,0,-1)+1>CÁLCULO.FrentesPreenchidas),0,OFFSET(N13,0,-1)+1)) -> 0 | O13: =IF(NOT(ISNUMBER(OFFSET(O13,0,-1))),1,IF(OR(OFFSET(O13,0,-1)=0,OFFSET(O13,0,-1)+1>CÁLCULO.FrentesPreenchidas),0,OFFSET(O13,0,-1)+1)) -> 0 | ... Y13: =IF(NOT(ISNUMBER(OFFSET(Y13,0,-1))),1,IF(OR(OFFSET(Y13,0,-1)=0,OFFSET(Y13,0,-1)+1>CÁLCULO.FrentesPreenchidas),0,OFFSET(Y13,0,-1)+1)) -> 0
A14: F | D14: Total: | E14: =SUM(E$15:E$21) -> 0 | F14: =SUM(F$15:F$21) -> 0 | H14: =SUM(H$15:H$21) -> 0 | I14: =SUM(I$15:I$21) -> 0 | J14: =SUM(J$15:J$21) -> 0 | K14: =SUM(K$15:K$21) -> 0 | L14: =SUM(L$15:L$21) -> 0 | M14: =SUM(M$15:M$21) -> 0 | N14: =SUM(N$15:N$21) -> 0 | O14: =SUM(O$15:O$21) -> 0 | ... Y14: =SUM(Y$15:Y$21) -> 0
A15: =IF(D15="","","F") | B15: =IF(OR(C15=" ",D15=""),"",CONCATENATE(C15,". ",D15)) | C15: {=IF(AdmLocal="Automática",1,0)} -> 0 | D15: =IF(C15=1,"Administração Local","") | E15: =IF($F$15=0,0,IF(E13=1,$F$15-SUM($I$15:$Z$15),ROUND(SUM(OFFSET(E15,1,0):OFFSET(E$21,-1,0))/SUM(OFFSET($F15,1,0):OFFSET($F$21,-1,0))*$F$15,2))) -> 0 | F15: {=IF($C$15=0,0,ROUND(SUMPRODUCT((CÁLCULO!$M$15:$M$39=EVENTOS!$C15)*(ORÇAMENTO!$X$15:'ORÇAMENTO'!$X$39)),2))} -> 0 | H15: =IF($F$15=0,0,IF(H13=1,$F$15-SUM($I$15:$Z$15),ROUND(SUM(OFFSET(H15,1,0):OFFSET(H$21,-1,0))/SUM(OFFSET($F15,1,0):OFFSET($F$21,-1,0))*$F$15,2))) -> 0 | I15: =IF($F$15=0,0,IF(I13=1,$F$15-SUM($I$15:$Z$15),ROUND(SUM(OFFSET(I15,1,0):OFFSET(I$21,-1,0))/SUM(OFFSET($F15,1,0):OFFSET($F$21,-1,0))*$F$15,2))) -> 0 | J15: =IF($F$15=0,0,IF(J13=1,$F$15-SUM($I$15:$Z$15),ROUND(SUM(OFFSET(J15,1,0):OFFSET(J$21,-1,0))/SUM(OFFSET($F15,1,0):OFFSET($F$21,-1,0))*$F$15,2))) -> 0 | K15: =IF($F$15=0,0,IF(K13=1,$F$15-SUM($I$15:$Z$15),ROUND(SUM(OFFSET(K15,1,0):OFFSET(K$21,-1,0))/SUM(OFFSET($F15,1,0):OFFSET($F$21,-1,0))*$F$15,2))) -> 0 | L15: =IF($F$15=0,0,IF(L13=1,$F$15-SUM($I$15:$Z$15),ROUND(SUM(OFFSET(L15,1,0):OFFSET(L$21,-1,0))/SUM(OFFSET($F15,1,0):OFFSET($F$21,-1,0))*$F$15,2))) -> 0 | M15: =IF($F$15=0,0,IF(M13=1,$F$15-SUM($I$15:$Z$15),ROUND(SUM(OFFSET(M15,1,0):OFFSET(M$21,-1,0))/SUM(OFFSET($F15,1,0):OFFSET($F$21,-1,0))*$F$15,2))) -> 0 | N15: =IF($F$15=0,0,IF(N13=1,$F$15-SUM($I$15:$Z$15),ROUND(SUM(OFFSET(N15,1,0):OFFSET(N$21,-1,0))/SUM(OFFSET($F15,1,0):OFFSET($F$21,-1,0))*$F$15,2))) -> 0 | O15: =IF($F$15=0,0,IF(O13=1,$F$15-SUM($I$15:$Z$15),ROUND(SUM(OFFSET(O15,1,0):OFFSET(O$21,-1,0))/SUM(OFFSET($F15,1,0):OFFSET($F$21,-1,0))*$F$15,2))) -> 0 | ... Y15: =IF($F$15=0,0,IF(Y13=1,$F$15-SUM($I$15:$Z$15),ROUND(SUM(OFFSET(Y15,1,0):OFFSET(Y$21,-1,0))/SUM(OFFSET($F15,1,0):OFFSET($F$21,-1,0))*$F$15,2))) -> 0
A16: =IF(D16="","","F") | B16: =IF(OR(C16=" ",D16=""),"",CONCATENATE(C16,". ",D16)) | C16: {=IF(OR(ROW(C16)=ROW(EVENTOS.firstrow)+1,AND(OFFSET(C16,-1,0)<>" ",OFFSET(C16,-1,1)<>"")),OFFSET(C16,-1,0)+1," ")} -> 1 | E16: {=IF(AUTOEVENTO="Manual",ROUND(SUMPRODUCT((CÁLCULO!$M$15:$M$39=EVENTOS!$C16)*(OFFSET(CÁLCULO!$AA$15:$AA$39,0,E$13))),2),0)} -> 0 | F16: =IF(AUTOEVENTO="Manual",ROUND(SUMPRODUCT((CÁLCULO!$M$15:$M$39=EVENTOS!$C16)*(OFFSET(CÁLCULO!$AA$15,0,1):OFFSET(CÁLCULO!$AL$39,0,-1))),2),0) -> 0 | G16: =IF(AND(D16=0,F16>0),"NOME", IF(AND(D16<>0,$F$14>0,F16=0),"VALOR", IF(AND(Import.TipoArredondamento="TransfereGOV",$A16="F",LEN(D16)>100),"Nome >100",""))) | H16: {=IF(AUTOEVENTO="Manual",ROUND(SUMPRODUCT((CÁLCULO!$M$15:$M$39=EVENTOS!$C16)*(OFFSET(CÁLCULO!$AA$15:$AA$39,0,H$13))),2),0)} -> 0 | I16: {=IF(AUTOEVENTO="Manual",ROUND(SUMPRODUCT((CÁLCULO!$M$15:$M$39=EVENTOS!$C16)*(OFFSET(CÁLCULO!$AA$15:$AA$39,0,I$13))),2),0)} -> 0 | J16: {=IF(AUTOEVENTO="Manual",ROUND(SUMPRODUCT((CÁLCULO!$M$15:$M$39=EVENTOS!$C16)*(OFFSET(CÁLCULO!$AA$15:$AA$39,0,J$13))),2),0)} -> 0 | K16: {=IF(AUTOEVENTO="Manual",ROUND(SUMPRODUCT((CÁLCULO!$M$15:$M$39=EVENTOS!$C16)*(OFFSET(CÁLCULO!$AA$15:$AA$39,0,K$13))),2),0)} -> 0 | L16: {=IF(AUTOEVENTO="Manual",ROUND(SUMPRODUCT((CÁLCULO!$M$15:$M$39=EVENTOS!$C16)*(OFFSET(CÁLCULO!$AA$15:$AA$39,0,L$13))),2),0)} -> 0 | M16: {=IF(AUTOEVENTO="Manual",ROUND(SUMPRODUCT((CÁLCULO!$M$15:$M$39=EVENTOS!$C16)*(OFFSET(CÁLCULO!$AA$15:$AA$39,0,M$13))),2),0)} -> 0 | N16: {=IF(AUTOEVENTO="Manual",ROUND(SUMPRODUCT((CÁLCULO!$M$15:$M$39=EVENTOS!$C16)*(OFFSET(CÁLCULO!$AA$15:$AA$39,0,N$13))),2),0)} -> 0 | O16: {=IF(AUTOEVENTO="Manual",ROUND(SUMPRODUCT((CÁLCULO!$M$15:$M$39=EVENTOS!$C16)*(OFFSET(CÁLCULO!$AA$15:$AA$39,0,O$13))),2),0)} -> 0 | ... Y16: {=IF(AUTOEVENTO="Manual",ROUND(SUMPRODUCT((CÁLCULO!$M$15:$M$39=EVENTOS!$C16)*(OFFSET(CÁLCULO!$AA$15:$AA$39,0,Y$13))),2),0)} -> 0
A17: =IF(D17="","","F") | B17: =IF(OR(C17=" ",D17=""),"",CONCATENATE(C17,". ",D17)) | C17: {=IF(OR(ROW(C17)=ROW(EVENTOS.firstrow)+1,AND(OFFSET(C17,-1,0)<>" ",OFFSET(C17,-1,1)<>"")),OFFSET(C17,-1,0)+1," ")} | E17: {=IF(AUTOEVENTO="Manual",ROUND(SUMPRODUCT((CÁLCULO!$M$15:$M$39=EVENTOS!$C17)*(OFFSET(CÁLCULO!$AA$15:$AA$39,0,E$13))),2),0)} -> 0 | F17: =IF(AUTOEVENTO="Manual",ROUND(SUMPRODUCT((CÁLCULO!$M$15:$M$39=EVENTOS!$C17)*(OFFSET(CÁLCULO!$AA$15,0,1):OFFSET(CÁLCULO!$AL$39,0,-1))),2),0) -> 0 | G17: =IF(AND(D17=0,F17>0),"NOME", IF(AND(D17<>0,$F$14>0,F17=0),"VALOR", IF(AND(Import.TipoArredondamento="TransfereGOV",$A17="F",LEN(D17)>100),"Nome >100",""))) | H17: {=IF(AUTOEVENTO="Manual",ROUND(SUMPRODUCT((CÁLCULO!$M$15:$M$39=EVENTOS!$C17)*(OFFSET(CÁLCULO!$AA$15:$AA$39,0,H$13))),2),0)} -> 0 | I17: {=IF(AUTOEVENTO="Manual",ROUND(SUMPRODUCT((CÁLCULO!$M$15:$M$39=EVENTOS!$C17)*(OFFSET(CÁLCULO!$AA$15:$AA$39,0,I$13))),2),0)} -> 0 | J17: {=IF(AUTOEVENTO="Manual",ROUND(SUMPRODUCT((CÁLCULO!$M$15:$M$39=EVENTOS!$C17)*(OFFSET(CÁLCULO!$AA$15:$AA$39,0,J$13))),2),0)} -> 0 | K17: {=IF(AUTOEVENTO="Manual",ROUND(SUMPRODUCT((CÁLCULO!$M$15:$M$39=EVENTOS!$C17)*(OFFSET(CÁLCULO!$AA$15:$AA$39,0,K$13))),2),0)} -> 0 | L17: {=IF(AUTOEVENTO="Manual",ROUND(SUMPRODUCT((CÁLCULO!$M$15:$M$39=EVENTOS!$C17)*(OFFSET(CÁLCULO!$AA$15:$AA$39,0,L$13))),2),0)} -> 0 | M17: {=IF(AUTOEVENTO="Manual",ROUND(SUMPRODUCT((CÁLCULO!$M$15:$M$39=EVENTOS!$C17)*(OFFSET(CÁLCULO!$AA$15:$AA$39,0,M$13))),2),0)} -> 0 | N17: {=IF(AUTOEVENTO="Manual",ROUND(SUMPRODUCT((CÁLCULO!$M$15:$M$39=EVENTOS!$C17)*(OFFSET(CÁLCULO!$AA$15:$AA$39,0,N$13))),2),0)} -> 0 | O17: {=IF(AUTOEVENTO="Manual",ROUND(SUMPRODUCT((CÁLCULO!$M$15:$M$39=EVENTOS!$C17)*(OFFSET(CÁLCULO!$AA$15:$AA$39,0,O$13))),2),0)} -> 0 | ... Y17: {=IF(AUTOEVENTO="Manual",ROUND(SUMPRODUCT((CÁLCULO!$M$15:$M$39=EVENTOS!$C17)*(OFFSET(CÁLCULO!$AA$15:$AA$39,0,Y$13))),2),0)} -> 0
A18: =IF(D18="","","F") | B18: =IF(OR(C18=" ",D18=""),"",CONCATENATE(C18,". ",D18)) | C18: {=IF(OR(ROW(C18)=ROW(EVENTOS.firstrow)+1,AND(OFFSET(C18,-1,0)<>" ",OFFSET(C18,-1,1)<>"")),OFFSET(C18,-1,0)+1," ")} | E18: {=IF(AUTOEVENTO="Manual",ROUND(SUMPRODUCT((CÁLCULO!$M$15:$M$39=EVENTOS!$C18)*(OFFSET(CÁLCULO!$AA$15:$AA$39,0,E$13))),2),0)} -> 0 | F18: =IF(AUTOEVENTO="Manual",ROUND(SUMPRODUCT((CÁLCULO!$M$15:$M$39=EVENTOS!$C18)*(OFFSET(CÁLCULO!$AA$15,0,1):OFFSET(CÁLCULO!$AL$39,0,-1))),2),0) -> 0 | G18: =IF(AND(D18=0,F18>0),"NOME", IF(AND(D18<>0,$F$14>0,F18=0),"VALOR", IF(AND(Import.TipoArredondamento="TransfereGOV",$A18="F",LEN(D18)>100),"Nome >100",""))) | H18: {=IF(AUTOEVENTO="Manual",ROUND(SUMPRODUCT((CÁLCULO!$M$15:$M$39=EVENTOS!$C18)*(OFFSET(CÁLCULO!$AA$15:$AA$39,0,H$13))),2),0)} -> 0 | I18: {=IF(AUTOEVENTO="Manual",ROUND(SUMPRODUCT((CÁLCULO!$M$15:$M$39=EVENTOS!$C18)*(OFFSET(CÁLCULO!$AA$15:$AA$39,0,I$13))),2),0)} -> 0 | J18: {=IF(AUTOEVENTO="Manual",ROUND(SUMPRODUCT((CÁLCULO!$M$15:$M$39=EVENTOS!$C18)*(OFFSET(CÁLCULO!$AA$15:$AA$39,0,J$13))),2),0)} -> 0 | K18: {=IF(AUTOEVENTO="Manual",ROUND(SUMPRODUCT((CÁLCULO!$M$15:$M$39=EVENTOS!$C18)*(OFFSET(CÁLCULO!$AA$15:$AA$39,0,K$13))),2),0)} -> 0 | L18: {=IF(AUTOEVENTO="Manual",ROUND(SUMPRODUCT((CÁLCULO!$M$15:$M$39=EVENTOS!$C18)*(OFFSET(CÁLCULO!$AA$15:$AA$39,0,L$13))),2),0)} -> 0 | M18: {=IF(AUTOEVENTO="Manual",ROUND(SUMPRODUCT((CÁLCULO!$M$15:$M$39=EVENTOS!$C18)*(OFFSET(CÁLCULO!$AA$15:$AA$39,0,M$13))),2),0)} -> 0 | N18: {=IF(AUTOEVENTO="Manual",ROUND(SUMPRODUCT((CÁLCULO!$M$15:$M$39=EVENTOS!$C18)*(OFFSET(CÁLCULO!$AA$15:$AA$39,0,N$13))),2),0)} -> 0 | O18: {=IF(AUTOEVENTO="Manual",ROUND(SUMPRODUCT((CÁLCULO!$M$15:$M$39=EVENTOS!$C18)*(OFFSET(CÁLCULO!$AA$15:$AA$39,0,O$13))),2),0)} -> 0 | ... Y18: {=IF(AUTOEVENTO="Manual",ROUND(SUMPRODUCT((CÁLCULO!$M$15:$M$39=EVENTOS!$C18)*(OFFSET(CÁLCULO!$AA$15:$AA$39,0,Y$13))),2),0)} -> 0
A19: =IF(D19="","","F") | B19: =IF(OR(C19=" ",D19=""),"",CONCATENATE(C19,". ",D19)) | C19: {=IF(OR(ROW(C19)=ROW(EVENTOS.firstrow)+1,AND(OFFSET(C19,-1,0)<>" ",OFFSET(C19,-1,1)<>"")),OFFSET(C19,-1,0)+1," ")} | E19: {=IF(AUTOEVENTO="Manual",ROUND(SUMPRODUCT((CÁLCULO!$M$15:$M$39=EVENTOS!$C19)*(OFFSET(CÁLCULO!$AA$15:$AA$39,0,E$13))),2),0)} -> 0 | F19: =IF(AUTOEVENTO="Manual",ROUND(SUMPRODUCT((CÁLCULO!$M$15:$M$39=EVENTOS!$C19)*(OFFSET(CÁLCULO!$AA$15,0,1):OFFSET(CÁLCULO!$AL$39,0,-1))),2),0) -> 0 | G19: =IF(AND(D19=0,F19>0),"NOME", IF(AND(D19<>0,$F$14>0,F19=0),"VALOR", IF(AND(Import.TipoArredondamento="TransfereGOV",$A19="F",LEN(D19)>100),"Nome >100",""))) | H19: {=IF(AUTOEVENTO="Manual",ROUND(SUMPRODUCT((CÁLCULO!$M$15:$M$39=EVENTOS!$C19)*(OFFSET(CÁLCULO!$AA$15:$AA$39,0,H$13))),2),0)} -> 0 | I19: {=IF(AUTOEVENTO="Manual",ROUND(SUMPRODUCT((CÁLCULO!$M$15:$M$39=EVENTOS!$C19)*(OFFSET(CÁLCULO!$AA$15:$AA$39,0,I$13))),2),0)} -> 0 | J19: {=IF(AUTOEVENTO="Manual",ROUND(SUMPRODUCT((CÁLCULO!$M$15:$M$39=EVENTOS!$C19)*(OFFSET(CÁLCULO!$AA$15:$AA$39,0,J$13))),2),0)} -> 0 | K19: {=IF(AUTOEVENTO="Manual",ROUND(SUMPRODUCT((CÁLCULO!$M$15:$M$39=EVENTOS!$C19)*(OFFSET(CÁLCULO!$AA$15:$AA$39,0,K$13))),2),0)} -> 0 | L19: {=IF(AUTOEVENTO="Manual",ROUND(SUMPRODUCT((CÁLCULO!$M$15:$M$39=EVENTOS!$C19)*(OFFSET(CÁLCULO!$AA$15:$AA$39,0,L$13))),2),0)} -> 0 | M19: {=IF(AUTOEVENTO="Manual",ROUND(SUMPRODUCT((CÁLCULO!$M$15:$M$39=EVENTOS!$C19)*(OFFSET(CÁLCULO!$AA$15:$AA$39,0,M$13))),2),0)} -> 0 | N19: {=IF(AUTOEVENTO="Manual",ROUND(SUMPRODUCT((CÁLCULO!$M$15:$M$39=EVENTOS!$C19)*(OFFSET(CÁLCULO!$AA$15:$AA$39,0,N$13))),2),0)} -> 0 | O19: {=IF(AUTOEVENTO="Manual",ROUND(SUMPRODUCT((CÁLCULO!$M$15:$M$39=EVENTOS!$C19)*(OFFSET(CÁLCULO!$AA$15:$AA$39,0,O$13))),2),0)} -> 0 | ... Y19: {=IF(AUTOEVENTO="Manual",ROUND(SUMPRODUCT((CÁLCULO!$M$15:$M$39=EVENTOS!$C19)*(OFFSET(CÁLCULO!$AA$15:$AA$39,0,Y$13))),2),0)} -> 0
